Workbook

Sheet chem site information
A1: MAJOR RIVER BASIN | B1: CYCLE II SU | C1: STATION ID | D1: STATION NAME | E1: CYCLE II SITE (145) | F1: CYCLE II SITE (84) | G1: CYCLE I SITE TYPE | H1: CYCLE II SITE TYPE | I1: NS LAND USE TYPE | J1: NEW CYCLE II SITE TYPE | K1: SAMPLED FOR ECOLOGY | L1: PROPOSED COST CENTER TO DO SAMPLING | M1: SAMPLED IN 2007 | N1: SAMPLED IN 2008 | O1: SAMPLED IN 2009 | P1: SAMPLED IN 2010 | Q1: SAMPLED IN 2011 | R1: SAMPLED IN 2012 | S1: NUMBER OF SAMPLES IN 2007 | T1: NUMBER OF SAMPLES IN 2008 | U1: NUMBER OF SAMPLES IN 2009 | V1: NUMBER OF SAMPLES IN 2010 | W1: NUMBER OF SAMPLES IN 2011 | X1: NUMBER OF SAMPLES IN 2012 | Y1: DISTANCE TO SITE (miles) | Z1: TRAVEL TIME TO SITE (hrs) | AA1: SITE SIZE | AB1: LOW FLOW SITE TYPE | AC1: HIGH FLOW SITE TYPE | AD1: FLAGMEN NEEDED AT LOW FLOW | AE1: FLAGMEN NEEDED AT HIGH FLOW | AF1: NUMBER OF VEHICLES NEEDED (EXCLUDING FLAGMEN) | AG1: LOW FLOW LENGTH OF FIELD DAY (hrs) | AH1: HIGH FLOW LENGTH OF FIELD DAY (hrs) | AI1: LOW FLOW SAMPLE TOTAL HOURS | AJ1: HIGH FLOW SAMPLE TOTAL HOURS | AK1: Comments
A2: 1 | B2: CONN | C2: 01170100 | D2: Green River near Colrain, MA | E2: Y | F2: Y | G2: bfs | H2: Ref | I2: Undev | J2: rotate4 | K2: Y | L2: East Hartford, CT | M2: N | N2: N | O2: Y | P2: N | Q2: N | R2: N | S2: 0 | T2: 0 | U2: 6 | V2: 0 | W2: 0 | X2: 0 | Y2: 174 | Z2: 3.2 | AA2: small | AB2: wading | AC2: bridge | AD2: N | AE2: N | AF2: 1 | AG2: 8 | AH2: 8 | AI2: 34.5 | AJ2: 34.5
A3: 1 | B3: CONN | C3: 01184000 | D3: Connecticut River at Thompsonville, CT | E3: Y | F3: Y | G3: bfs | H3: Integ | I3: Urban / Undev | J3: rotate4 | K3: N | L3: East Hartford, CT | M3: N | N3: Y | O3: N | P3: N | Q3: N | R3: Y | S3: 0 | T3: 16 | U3: 0 | V3: 0 | W3: 0 | X3: 16 | Y3: 56 | Z3: 1.2 | AA3: large | AB3: boat3 | AC3: boat3 | AD3: N | AE3: N | AF3: 2 | AG3: 6 | AH3: 6 | AI3: 38.5 | AJ3: 38.5
A4: 1 | B4: CONN | C4: 01209710 | D4: Norwalk River at Winnipauk,CT | E4: Y | F4: Y | G4: ifs | H4: Urban | I4: Urban 2 | J4: rotate4 | K4: Y | L4: East Hartford, CT | M4: N | N4: N | O4: N | P4: Y | Q4: N | R4: N | S4: 0 | T4: 0 | U4: 0 | V4: 21 | W4: 0 | X4: 0 | Y4: 158 | Z4: 3 | AA4: small | AB4: wading | AC4: bridge | AD4: N | AE4: N | AF4: 1 | AG4: 8 | AH4: 8 | AI4: 34.5 | AJ4: 34.5
A5: 1 | B5: DELR | C5: 01463500 | D5: Delaware River at Trenton, NJ | E5: Y | F5: Y | G5: bfs | H5: Integ | I5: Ag / Urb / Undev | J5: rotate4 | K5: N | L5: West Trenton, NJ | M5: N | N5: Y | O5: N | P5: N | Q5: N | R5: Y | S5: 0 | T5: 16 | U5: 0 | V5: 0 | W5: 0 | X5: 16 | Y5: 30 | Z5: 0.8 | AA5: large | AB5: bridge | AC5: bridge | AD5: Y | AE5: Y | AF5: 1 | AG5: 6 | AH5: 6.5 | AI5: 36.5 | AJ5: 37.5
A6: 1 | B6: DELR | C6: 01464907 | D6: Little Neshaminy Creek near Warminster, PA | E6: Y | F6: N | G6: ifs | H6: Urban | I6: Urban 2 | J6: rotate4 | K6: Y | L6: West Trenton, NJ | M6: N | N6: N | O6: N | P6: Y | Q6: N | R6: N | S6: 0 | T6: 0 | U6: 0 | V6: 21 | W6: 0 | X6: 0 | Y6: 52 | Z6: 1.4 | AA6: small | AB6: wading | AC6: bridge | AD6: N | AE6: N | AF6: 1 | AG6: 6 | AH6: 6 | AI6: 30.5 | AJ6: 30.5
A7: 1 | B7: DELR | C7: 01472157 | D7: French Creek near Phoenixville, PA | E7: Y | F7: N | G7: bfs | H7: Ref | I7: Ag / Undev | J7: rotate4 | K7: Y | L7: West Trenton, NJ | M7: N | N7: N | O7: Y | P7: N | Q7: N | R7: N | S7: 0 | T7: 0 | U7: 21 | V7: 0 | W7: 0 | X7: 0 | Y7: 116 | Z7: 2.6 | AA7: small | AB7: wading | AC7: bridge | AD7: N | AE7: N | AF7: 1 | AG7: 7.5 | AH7: 7.5 | AI7: 33.5 | AJ7: 33.5
A8: 1 | B8: HDSN | C8: 01349150 | D8: Canajoharie Creek near Canajoharie, NY | E8: Y | F8: Y | G8: ifs | H8: Ag | I8: Ag | J8: rotate4 | K8: Y | L8: Troy, NY | M8: Y | N8: N | O8: N | P8: N | Q8: Y | R8: N | S8: 21 | T8: 0 | U8: 0 | V8: 0 | W8: 21 | X8: 0 | Y8: 140 | Z8: 2.4 | AA8: small | AB8: wading | AC8: bridge | AD8: N | AE8: N | AF8: 1 | AG8: 7 | AH8: 7.5 | AI8: 32.5 | AJ8: 33.5
A9: 1 | B9: HDSN | C9: 01356190 | D9: Lisha Kill northwest of Niskayuna, NY | E9: Y | F9: Y | G9: ifs | H9: Urban | I9: Urban 1 | J9: rotate2 | K9: Y | L9: Troy, NY | M9: N | N9: Y | O9: N | P9: Y | Q9: N | R9: Y | S9: 0 | T9: 21 | U9: 0 | V9: 21 | W9: 0 | X9: 21 | Y9: 46 | Z9: 1.2 | AA9: small | AB9: wading | AC9: bridge | AD9: N | AE9: Y | AF9: 1 | AG9: 6 | AH9: 6 | AI9: 30.5 | AJ9: 36.5
A10: 1 | B10: HDSN | C10: 01357500 | D10: Mohawk River at Cohoes, NY | E10: Y | F10: Y | G10: ifs | H10: Integ | I10: Ag / Urb / Undev | J10: rotate4 | K10: N | L10: Troy, NY | M10: N | N10: N | O10: Y | P10: N | Q10: N | R10: N | S10: 0 | T10: 0 | U10: 16 | V10: 0 | W10: 0 | X10: 0 | Y10: 30 | Z10: 1 | AA10: large | AB10: bridge | AC10: bridge | AD10: N | AE10: N | AF10: 1 | AG10: 6.5 | AH10: 6.5 | AI10: 31.5 | AJ10: 31.5
A11: 1 | B11: LINJ | C11: 01403300 | D11: Raritan River at Bound Brook, NJ | E11: Y | F11: Y | G11: bfs | H11: Integ | I11: Ag / Urb / Undev | J11: urbcore | K11: N | L11: West Trenton, NJ | M11: Y | N11: Y | O11: Y | P11: Y | Q11: Y | R11: Y | S11: 21 | T11: 21 | U11: 21 | V11: 21 | W11: 21 | X11: 21 | Y11: 88 | Z11: 2.2 | AA11: large | AB11: bridge | AC11: bridge | AD11: Y | AE11: Y | AF11: 1 | AG11: 7.5 | AH11: 8 | AI11: 42.5 | AJ11: 43.5
A12: 1 | B12: LINJ | C12: 01403900 | D12: Bound Brook at Middlesex, NJ | E12: Y | F12: N | G12: ifs | H12: Urban | I12: Urban 1 | J12: rotate4 | K12: Y | L12: West Trenton, NJ | M12: Y | N12: N | O12: N | P12: N | Q12: Y | R12: N | S12: 21 | T12: 0 | U12: 0 | V12: 0 | W12: 21 | X12: 0 | Y12: 94 | Z12: 2.2 | AA12: small | AB12: wading | AC12: bridge | AD12: N | AE12: Y | AF12: 1 | AG12: 7 | AH12: 7 | AI12: 32.5 | AJ12: 40.5
A13: 1 | B13: NECB/CONN | C13: 01104615 | D13: Charles River near Watertown, MA | E13: Y | F13: Y | G13: ifs | H13: Integ | I13: Urban 1 | J13: rotate4 | K13: N | L13: East Hartford, CT | M13: Y | N13: N | O13: N | P13: N | Q13: Y | R13: N | S13: 21 | T13: 0 | U13: 0 | V13: 0 | W13: 21 | X13: 0 | Y13: 220 | Z13: 3.6 | AA13: small | AB13: bridge | AC13: bridge | AD13: N | AE13: N | AF13: 1 | AG13: 8.5 | AH13: 8.5 | AI13: 35.5 | AJ13: 35.5
... A31: 2 | B31: MOBL | C31: 02469762 | D31: Tombigbee River near Coffeeville, AL | E31: Y | F31: Y | G31: bfs | H31: Integ | I31: Ag / Urb / Undev | J31: rotate4 | K31: N | L31: Montgomery, AL | M31: N | N31: Y | O31: N | P31: N | Q31: N | R31: Y | S31: 0 | T31: 18 | U31: 0 | V31: 0 | W31: 0 | X31: 18 | Y31: 380 | Z31: 6.6 | AA31: large | AB31: boat2 | AC31: boat2 | AD31: N | AE31: N | AF31: 1 | AG31: 12.5 | AH31: 12.5 | AI31: 45.5 | AJ31: 45.5
A32: 2 | B32: SANT | C32: 02169570 | D32: Gills Creek at Columbia, SC | E32: Y | F32: Y | G32: ifs | H32: Urban | I32: Urban 1 | J32: rotate4 | K32: Y | L32: Columbia, SC | M32: N | N32: N | O32: N | P32: Y | Q32: N | R32: N | S32: 0 | T32: 0 | U32: 0 | V32: 18 | W32: 0 | X32: 0 | Y32: 28 | Z32: 0.8 | AA32: small | AB32: wading | AC32: bridge | AD32: N | AE32: N | AF32: 1 | AG32: 5.5 | AH32: 5.5 | AI32: 29.5 | AJ32: 29.5 | AK32: sampling year switched w/ Cow Castle Crk
A33: 2 | B33: SANT | C33: 02172300 | D33: McTier Creek near Monetta, SC | E33: Y | F33: Y | G33: bfs | H33: Ref | I33: Undev | J33: rotate4 | K33: Y | L33: Columbia, SC | M33: N | N33: N | O33: Y | P33: N | Q33: N | R33: N | S33: 0 | T33: 0 | U33: 6 | V33: 0 | W33: 0 | X33: 0 | Y33: 108 | Z33: 1.8 | AA33: small | AB33: wading | AC33: wading | AD33: N | AE33: N | AF33: 1 | AG33: 6.5 | AH33: 6.5 | AI33: 31.5 | AJ33: 31.5
A34: 2 | B34: SANT | C34: 02174250 | D34: Cow Castle Creek near Bowman, SC | E34: Y | F34: Y | G34: ifs | H34: Ag | I34: Ag | J34: rotate4 | K34: Y | L34: Columbia, SC | M34: N | N34: Y | O34: N | P34: N | Q34: N | R34: N | S34: 0 | T34: 18 | U34: 0 | V34: 0 | W34: 0 | X34: 18 | Y34: 140 | Z34: 2.4 | AA34: small | AB34: wading | AC34: wading | AD34: N | AE34: N | AF34: 1 | AG34: 7 | AH34: 7.5 | AI34: 32.5 | AJ34: 33.5 | AK34: sampling year switched w/ Gills Crk
A35: 2 | B35: SANT | C35: 02175000 | D35: Edisto River near Givhans, SC | E35: Y | F35: Y | G35: ifs | H35: Integ | I35: Ag / Undev | J35: rotate4 | K35: N | L35: Columbia, SC | M35: Y | N35: N | O35: N | P35: N | Q35: Y | R35: N | S35: 18 | T35: 0 | U35: 0 | V35: 0 | W35: 18 | X35: 0 | Y35: 220 | Z35: 3.6 | AA35: medium | AB35: boat3 | AC35: boat3 | AD35: N | AE35: N | AF35: 2 | AG35: 8.5 | AH35: 8.5 | AI35: 46 | AJ35: 46
A36: 2 | B36: SOFL | C36: 02281200 | D36: Hillsboro Canal near Shawano, FL | E36: Y | F36: Y | G36: ifs | H36: Ag | I36: Ag | J36: rotate4 | K36: N | L36: Tampa, FL | M36: Y | N36: N | O36: N | P36: N | Q36: Y | R36: N | S36: 18 | T36: 0 | U36: 0 | V36: 0 | W36: 18 | X36: 0 | Y36: 500 | Z36: 9 | AA36: medium | AB36: boat2 | AC36: boat2 | AD36: N | AE36: N | AF36: 1 | AG36: 15 | AH36: 15 | AI36: 50.5 | AJ36: 50.5
A37: 2 | B37: TENN | C37: 03466208 | D37: Big Limestone Creek near Limestone, TN | E37: Y | F37: N | G37: ifs | H37: Ag | I37: Ag | J37: rotate4 | K37: N | L37: Nashville, TN | M37: N | N37: Y | O37: N | P37: N | Q37: N | R37: N | S37: 0 | T37: 26 | U37: 0 | V37: 0 | W37: 0 | X37: 26 | Y37: 600 | Z37: 9.6 | AA37: medium | AB37: bridge | AC37: bridge | AD37: N | AE37: N | AF37: 1 | AG37: 14.5 | AH37: 15 | AI37: 47.5 | AJ37: 48.5
A38: 2 | B38: TENN | C38: 03467609 | D38: Nolichucky River near Lowland, TN | E38: Y | F38: N | G38: ifs | H38: Integ | I38: Ag / Undev | J38: rotate4 | K38: N | L38: Nashville, TN | M38: N | N38: N | O38: N | P38: Y | Q38: N | R38: N | S38: 0 | T38: 0 | U38: 0 | V38: 26 | W38: 0 | X38: 0 | Y38: 520 | Z38: 7.8 | AA38: large | AB38: boat3 | AC38: boat3 | AD38: N | AE38: N | AF38: 2 | AG38: 13 | AH38: 13 | AI38: 59.5 | AJ38: 59.5
A39: 2 | B39: TENN | C39: 0357479650 | D39: Hester Creek near Plevna, AL | E39: Y | F39: Y | G39: ifs | H39: Ag | I39: Ag | J39: rotate4 | K39: Y | L39: Nashville, TN | M39: N | N39: N | O39: Y | P39: N | Q39: N | R39: Y | S39: 0 | T39: 0 | U39: 26 | V39: 0 | W39: 0 | X39: 0 | Y39: 260 | Z39: 4.8 | AA39: small | AB39: wading | AC39: bridge | AD39: N | AE39: N | AF39: 1 | AG39: 9.5 | AH39: 9.5 | AI39: 37.5 | AJ39: 37.5
A40: 2 | B40: TENN | C40: 03575100 | D40: Flint River near Brownsboro, AL | E40: Y | F40: Y | G40: ifs | H40: Integ | I40: Ag | J40: rotate4 | K40: N | L40: Nashville, TN | M40: Y | N40: N | O40: N | P40: N | Q40: Y | R40: N | S40: 26 | T40: 0 | U40: 0 | V40: 0 | W40: 26 | X40: 0 | Y40: 320 | Z40: 4.8 | AA40: large | AB40: bridge | AC40: bridge | AD40: Y | AE40: Y | AF40: 1 | AG40: 10 | AH40: 10.5 | AI40: 52.5 | AJ40: 53.5
A41: 3 | B41: EIWA | C41: 05420680 | D41: Wapsipinicon River near Tripoli, IA | E41: Y | F41: N | G41: bfs | H41: Ref | I41: Ag | J41: rotate4 | K41: Y | L41: Iowa City, IA | M41: N | N41: Y | O41: N | P41: N | Q41: N | R41: Y | S41: 0 | T41: 26 | U41: 0 | V41: 0 | W41: 0 | X41: 26 | Y41: 260 | Z41: 4.6 | AA41: small | AB41: wading | AC41: bridge | AD41: N | AE41: N | AF41: 1 | AG41: 9.5 | AH41: 9.5 | AI41: 37.5 | AJ41: 37.5
A42: 3 | B42: EIWA | C42: 05451210 | D42: South Fork Iowa River near New Providence, IA | E42: Y | F42: Y | G42: bfs | H42: Ag | I42: Ag | J42: rotate2 | K42: Y | L42: Iowa City, IA | M42: Y | N42: N | O42: Y | P42: N | Q42: Y | R42: N | S42: 26 | T42: 0 | U42: 26 | V42: 0 | W42: 26 | X42: 0 | Y42: 320 | Z42: 5.6 | AA42: small | AB42: wading | AC42: bridge | AD42: N | AE42: N | AF42: 1 | AG42: 10.5 | AH42: 10.5 | AI42: 39.5 | AJ42: 39.5
A43: 3 | B43: EIWA | C43: 05465500 | D43: Iowa River at Wapello, IA | E43: Y | F43: Y | G43: ifs | H43: Integ | I43: Ag | J43: rotate4->agcore | K43: N | L43: Iowa City, IA | M43: N | N43: N | O43: N | P43: Y | Q43: Y | R43: Y | S43: 0 | T43: 0 | U43: 0 | V43: 16 | W43: 16 | X43: 16 | Y43: 126 | Z43: 2.8 | AA43: large | AB43: boat3 | AC43: boat3 | AD43: N | AE43: N | AF43: 2 | AG43: 8 | AH43: 8 | AI43: 44.5 | AJ43: 44.5
A44: 3 | B44: EIWA | C44: 05490500 | D44: Des Moines River at Keosauqua, IA | E44: N | F44: N | I44: Ag | J44: agcore | K44: N | L44: Iowa City, IA | M44: N | N44: N | O44: N | P44: Y | Q44: Y | R44: Y | S44: 0 | T44: 0 | U44: 0 | V44: 16 | W44: 16 | X44: 16
A45: 3 | B45: LERI | C45: 04161820 | D45: Clinton River at Sterling Heights, MI | E45: Y | F45: Y | G45: ifs | H45: Urban | I45: Urban / Ag | J45: rotate4 | K45: Y | L45: East Lansing, MI | M45: N | N45: N | O45: Y | P45: N | Q45: N | R45: N | S45: 0 | T45: 0 | U45: 26 | V45: 0 | W45: 0 | X45: 0 | Y45: 200 | Z45: 3.4 | AA45: small | AB45: wading | AC45: bridge | AD45: N | AE45: N | AF45: 1 | AG45: 8 | AH45: 8 | AI45: 34.5 | AJ45: 34.5
A46: 3 | B46: LERI | C46: 04175600 | D46: River Raisin near Manchester, MI | E46: Y | F46: N | G46: bfs | H46: Ref | I46: Ag / Undev | J46: rotate4 | K46: Y | L46: East Lansing, MI | M46: N | N46: N | O46: N | P46: Y | Q46: N | R46: N | S46: 0 | T46: 0 | U46: 0 | V46: 26 | W46: 0 | X46: 0 | Y46: 152 | Z46: 2.6 | AA46: small | AB46: wading | AC46: bridge | AD46: N | AE46: N | AF46: 1 | AG46: 7.5 | AH46: 7.5 | AI46: 33.5 | AJ46: 33.5
A47: 3 | B47: LERI | C47: 04186500 | D47: Auglaize River near Fort Jennings, OH | E47: Y | F47: Y | G47: ifs | H47: Ag | I47: Ag | J47: rotate4 | K47: N | L47: Columbus, OH | M47: N | N47: Y | O47: N | P47: N | Q47: N | R47: Y | S47: 0 | T47: 26 | U47: 0 | V47: 0 | W47: 0 | X47: 26 | Y47: 240 | Z47: 5.2 | AA47: medium | AB47: wading | AC47: bridge | AD47: N | AE47: N | AF47: 1 | AG47: 10 | AH47: 10.5 | AI47: 38.5 | AJ47: 39.5
A48: 3 | B48: LERI | C48: 04193500 | D48: Maumee River at Waterville, OH | E48: Y | F48: Y | G48: ifs | H48: Integ | I48: Ag | J48: rotate4 | K48: N | L48: Columbus, OH | M48: Y | N48: N | O48: N | P48: N | Q48: Y | R48: N | S48: 20 | T48: 0 | U48: 0 | V48: 0 | W48: 20 | X48: 0 | Y48: 280 | Z48: 5.4 | AA48: large | AB48: wading | AC48: bridge | AD48: N | AE48: N | AF48: 1 | AG48: 11 | AH48: 11 | AI48: 40.5 | AJ48: 40.5
A49: 3 | B49: LIRB | C49: 05572000 | D49: Sangamon River at Monticello, IL | E49: Y | F49: Y | G49: ifs | H49: Ag | I49: Ag | J49: rotate4 | K49: N | L49: Urbana, IL | M49: N | N49: Y | O49: N | P49: N | Q49: N | R49: Y | S49: 0 | T49: 26 | U49: 0 | V49: 0 | W49: 0 | X49: 26 | Y49: 68 | Z49: 1.4 | AA49: small | AB49: bridge | AC49: bridge | AD49: N | AE49: N | AF49: 1 | AG49: 6 | AH49: 6 | AI49: 30.5 | AJ49: 30.5
A50: 3 | B50: LIRB | C50: 05586100 | D50: Illinois River at Valley City, IL | E50: Y | F50: Y | G50: ifs | H50: Integ | I50: Ag / Urban | J50: rotate4 | K50: N | L50: Urbana, IL | M50: N | N50: N | O50: N | P50: Y | Q50: N | R50: N | S50: 0 | T50: 0 | U50: 0 | V50: 16 | W50: 0 | X50: 0 | Y50: 360 | Z50: 6.2 | AA50: large | AB50: boat2 | AC50: boat3 | AD50: N | AE50: N | AF50: 2 | AG50: 12 | AH50: 11 | AI50: 44.5 | AJ50: 53.5
A51: 3 | B51: UIRB | C51: 05531500 | D51: Salt Creek at Western Springs, IL | E51: Y | F51: Y | G51: ifs | H51: Urban | I51: Urban 1 | J51: rotate4 | K51: Y | L51: Urbana, IL | M51: Y | N51: N | O51: N | P51: N | Q51: Y | R51: N | S51: 26 | T51: 0 | U51: 0 | V51: 0 | W51: 26 | X51: 0 | Y51: 320 | Z51: 5.4 | AA51: small | AB51: wading | AC51: bridge | AD51: N | AE51: N | AF51: 1 | AG51: 10 | AH51: 10 | AI51: 38.5 | AJ51: 38.5
A52: 3 | B52: UIRB | C52: 05532500 | D52: Des Plaines River at Riverside, IL | E52: Y | F52: N | G52: ifs | H52: Integ | I52: Urban / Ag | J52: rotate4 | K52: N | L52: Urbana, IL | M52: N | N52: N | O52: Y | P52: N | Q52: N | R52: N | S52: 0 | T52: 0 | U52: 26 | V52: 0 | W52: 0 | X52: 0 | Y52: 320 | Z52: 5.6 | AA52: medium | AB52: wading | AC52: bridge | AD52: N | AE52: N | AF52: 1 | AG52: 10.5 | AH52: 11 | AI52: 39.5 | AJ52: 40.5
A53: 3 | B53: UMIS | C53: 05288705 | D53: Shingle Creek at Minneapolis, MN | E53: Y | F53: Y | G53: ifs | H53: Urban | I53: Urban 1 | J53: rotate2 | K53: Y | L53: Mounds View, MN | M53: N | N53: Y | O53: N | P53: Y | Q53: N | R53: Y | S53: 0 | T53: 21 | U53: 0 | V53: 21 | W53: 0 | X53: 21 | Y53: 38 | Z53: 0.8 | AA53: small | AB53: wading | AC53: bridge | AD53: N | AE53: N | AF53: 1 | AG53: 5.5 | AH53: 5.5 | AI53: 29.5 | AJ53: 29.5
A54: 3 | B54: UMIS | C54: 05320270 | D54: Little Cobb River near Beauford, MN | E54: Y | F54: Y | G54: ifs | H54: Ag | I54: Ag | J54: rotate4 | K54: N | L54: Mounds View, MN | M54: Y | N54: N | O54: N | P54: N | Q54: Y | R54: N | S54: 21 | T54: 0 | U54: 0 | V54: 0 | W54: 21 | X54: 0 | Y54: 240 | Z54: 4.6 | AA54: small | AB54: wading | AC54: bridge | AD54: N | AE54: Y | AF54: 1 | AG54: 9.5 | AH54: 9.5 | AI54: 37.5 | AJ54: 49.5
A55: 3 | B55: UMIS | C55: 05331580 | D55: Mississippi River at Hastings, MN | E55: Y | F55: N | G55: ifs | H55: Integ | I55: Ag / Urban | J55: rotate4 | K55: N | L55: Mounds View, MN | M55: N | N55: N | O55: Y | P55: N | Q55: N | R55: N | S55: 0 | T55: 0 | U55: 14 | V55: 0 | W55: 0 | X55: 0 | Y55: 94 | Z55: 1.8 | AA55: large | AB55: boat3 | AC55: boat3 | AD55: N | AE55: N | AF55: 2 | AG55: 7 | AH55: 7 | AI55: 41.5 | AJ55: 41.5
A56: 3 | B56: WHMI | C56: 03267900 | D56: Mad River near Eagle City, OH | E56: Y | F56: N | G56: ifs | H56: Ag | I56: Ag | J56: rotate4 | K56: Y | L56: Indianapolis, IN | M56: N | N56: N | O56: Y | P56: N | Q56: N | R56: N | S56: 0 | T56: 0 | U56: 26 | V56: 0 | W56: 0 | X56: 0 | Y56: 152 | Z56: 2.8 | AA56: medium | AB56: wading | AC56: bridge | AD56: N | AE56: N | AF56: 1 | AG56: 8 | AH56: 8 | AI56: 34.5 | AJ56: 34.5
... A124: 8 | B124: SOCA | C124: 11074000 | D124: Santa Ana River below Prado Dam, CA | E124: Y | F124: Y | G124: bfs | H124: Integ | I124: Urban 2 | J124: urbcore | K124: N | L124: San Diego, CA | M124: Y | N124: Y | O124: Y | P124: Y | Q124: Y | R124: Y | S124: 18 | T124: 18 | U124: 18 | V124: 18 | W124: 18 | X124: 18 | Y124: 200 | Z124: 3.2 | AA124: small | AB124: wading | AC124: cableway | AD124: N | AE124: N | AF124: 1 | AG124: 8 | AH124: 8 | AI124: 34.5 | AJ124: 34.5
W125: =SUM(W2:W124) -> 824
A128: NAWQA National Synthesis Land use types:
A129: Ag, agricultural land use is greater than 50 percent and urban land use is less than 5 percent
A130: Ag/Undev, agricultural land use is greater than 25 percent but is less than 50 percent and urban land use is less than 5 percent
A131: Ag/Urb/Undev, agricultural land use is greater than 25 percent but is less than 50 percent and urban land use is greater than 5 percent but is less than 25 percent
A132: Ag/Urban, agricultural land use is greater than 50 percent and urban is greater than 5 percent
A133: Undev, agricultural land use is less than 25 percent and urban land use is greater than 5 percent
A134: Urban 1, agricultural land use is less than 25 percent and urban land use is greater than > 50 percent
A135: Urban 2, agricultural land use is less than 25 percent and urban land use is greater than 25 percent but is less than 50 percent
A136: Urban/Ag, agricultural land use is greater than 25 percent but is less than 50 percent and urban land use is greater than 25 percent
A137: Urban/Undev, agricultural land use is less than 25 percent and urban land use is greater than 5 percent but is less than 25 percent

Sheet FY12 chem site net costs
A1: MAJOR RIVER BASIN | B1: CYCLE II SU | C1: STATION ID | D1: STATION NAME | E1: NEW CYCLE II SITE TYPE | F1: Field labor cost | G1: Field Travel Cost (per diem) | H1: Vehicle costs | I1: Supply costs | J1: Office labor costs | K1: QA/Mgt labor costs | L1: Working capital fund (for replacement of depreciable equipment) | M1: WSC net cost | N1: Distributed direct cost | O1: Overhead cost | Q1: WSC total cost | R1: WSC GAGING COSTS
A2: 1 | B2: CONN | C2: 01170100 | D2: Green River near Colrain, MA | E2: rotate4 | F2: 0 | G2: 0 | H2: 0 | I2: 0 | J2: 0 | K2: 0 | L2: 0 | M2: 0 | N2: 0 | O2: 0 | Q2: 0 | R2: 0
A3: 1 | B3: CONN | C3: 01184000 | D3: Connecticut River at Thompsonville, CT | E3: rotate4 | F3: 18087.68 | G3: 0 | H3: 2719.2 | I3: 1799 | J3: 17588.48 | K3: 4010.24 | L3: 4944 | M3: 49148.6 | N3: 0 | O3: 25817.76 | Q3: 75515 | R3: 0
A4: 1 | B4: CONN | C4: 01209710 | D4: Norwalk River at Winnipauk,CT | E4: rotate4 | F4: 0 | G4: 0 | H4: 0 | I4: 0 | J4: 0 | K4: 0 | L4: 0 | M4: 0 | N4: 0 | O4: 0 | Q4: 0 | R4: 0
A5: 1 | B5: DELR | C5: 01463500 | D5: Delaware River at Trenton, NJ | E5: rotate4 | F5: 16396.64 | G5: 0 | H5: 758.08 | I5: 1799 | J5: 15907.84 | K5: 4093.44 | L5: 4944 | M5: 43899 | N5: 0 | O5: 28556.3 | Q5: 73004 | R5: 0
A6: 1 | B6: DELR | C6: 01464907 | D6: Little Neshaminy Creek near Warminster, PA | E6: rotate4 | F6: 0 | G6: 0 | H6: 0 | I6: 0 | J6: 0 | K6: 0 | L6: 0 | M6: 0 | N6: 0 | O6: 0 | Q6: 0 | R6: 0
A7: 1 | B7: DELR | C7: 01472157 | D7: French Creek near Phoenixville, PA | E7: rotate4 | F7: 0 | G7: 0 | H7: 0 | I7: 0 | J7: 0 | K7: 0 | L7: 0 | M7: 0 | N7: 0 | O7: 0 | Q7: 0 | R7: 0
A8: 1 | B8: HDSN | C8: 01349150 | D8: Canajoharie Creek near Canajoharie, NY | E8: rotate4 | F8: 0 | G8: 0 | H8: 0 | I8: 0 | J8: 0 | K8: 0 | L8: 0 | M8: 0 | N8: 0 | O8: 0 | Q8: 0 | R8: 15496
A9: 1 | B9: HDSN | C9: 01356190 | D9: Lisha Kill northwest of Niskayuna, NY | E9: rotate2 | F9: 15994.16 | G9: 0 | H9: 1009.4 | I9: 2434 | J9: 18738.72 | K9: 4804.8 | L9: 4823.49 | M9: 47804.57 | N9: 5736.5484 | O9: 23558.092 | Q9: 77820 | R9: 14104
A10: 1 | B10: HDSN | C10: 01357500 | D10: Mohawk River at Cohoes, NY | E10: rotate4 | F10: 0 | G10: 0 | H10: 0 | I10: 0 | J10: 0 | K10: 0 | L10: 0 | M10: 0 | N10: 0 | O10: 0 | Q10: 0 | R10: 0
A11: 1 | B11: LINJ | C11: 01403300 | D11: Raritan River at Bound Brook, NJ | E11: urbcore | F11: 28071.68 | G11: 0 | H11: 2920.05 | I11: 2434 | J11: 20879.04 | K11: 5372.64 | L11: 6489 | M11: 66166.41 | N11: 0 | O11: 43041.25 | Q11: 109929 | R11: 0
A12: 1 | B12: LINJ | C12: 01403900 | D12: Bound Brook at Middlesex, NJ | E12: rotate4 | F12: 0 | G12: 0 | H12: 0 | I12: 0 | J12: 0 | K12: 0 | L12: 0 | M12: 0 | N12: 0 | O12: 0 | Q12: 0 | R12: 0
A13: 1 | B13: CONN | C13: 01104615 | D13: Charles River near Watertown, MA | E13: rotate4 | F13: 0 | G13: 0 | H13: 0 | I13: 0 | J13: 0 | K13: 0 | L13: 0 | M13: 0 | N13: 0 | O13: 0 | Q13: 0 | R13: 11999 | S13: 5709
A14: 1 | B14: PODL | C14: 01610400 | D14: Waites Run near Wardensville, WV | E14: rotate4 | F14: 0 | G14: 0 | H14: 0 | I14: 0 | J14: 0 | K14: 0 | L14: 0 | M14: 0 | N14: 0 | O14: 0 | Q14: 0 | R14: 15080
A15: 1 | B15: PODL | C15: 01621050 | D15: Muddy Creek at Mount Clinton, VA | E15: rotate4 | F15: 0 | G15: 0 | H15: 0 | I15: 0 | J15: 0 | K15: 0 | L15: 0 | M15: 0 | N15: 0 | O15: 0 | Q15: 0 | R15: 14612
A16: 1 | B16: PODL | C16: 01646580 | D16: Potomac River at Washington, DC | E16: agcore | F16: 19884.8 | G16: 0 | H16: 1854 | I16: 2307 | J16: 19260.8 | K16: 4950.4 | L16: 3914 | M16: 52171 | N16: 0 | O16: 28694.05 | Q16: 81551 | R16: 0
A17: 1 | B17: PODL | C17: 01654000 | D17: Accotink Creek near Annandale, VA | E17: rotate2 | F17: 26965.12 | G17: 0 | H17: 4132.36 | I17: 3069 | J17: 25039.04 | K17: 6435.52 | L17: 5971.94 | M17: 71612.98 | N17: 0 | O17: 39387.139 | Q17: 111892 | R17: 0
A18: 2 | B18: ACFB | C18: 02335870 | D18: Sope Creek near Marietta, GA | E18: rotate2 | F18: 17247.36 | G18: 0 | H18: 1087.68 | I18: 3049 | J18: 22264.32 | K18: 5715.84 | L18: 4696.8 | M18: 54061 | N18: 0 | O18: 17391.424 | Q18: 72276 | R18: 0
A19: 2 | B19: ACFB | C19: 02338000 | D19: Chattahoochee River near Whitesburg, GA | E19: urbcore | F19: 21072.48 | G19: 0 | H19: 3621.48 | I19: 2287 | J19: 18869.76 | K19: 4286.88 | L19: 4134.42 | M19: 54272.02 | N19: 0 | O19: 17459.309 | Q19: 72349 | R19: 0
A20: 2 | B20: ACFB | C20: 02338523 | D20: Hillibahatchee Creek near Franklin, GA | E20: rotate4 | F20: 0 | G20: 0 | H20: 0 | I20: 0 | J20: 0 | K20: 0 | L20: 0 | M20: 0 | N20: 0 | O20: 0 | Q20: 0 | R20: 14640
A21: 2 | B21: ACFB | C21: 02350080 | D21: Lime Creek near Cobb, GA | E21: rotate4 | F21: 0 | G21: 0 | H21: 0 | I21: 0 | J21: 0 | K21: 0 | L21: 0 | M21: 0 | N21: 0 | O21: 0 | Q21: 0 | R21: 14640
A22: 2 | B22: ALBE | C22: 02084160 | D22: Chicod Cr near Simpson, NC | E22: rotate4 | F22: 0 | G22: 0 | H22: 0 | I22: 0 | J22: 0 | K22: 0 | L22: 0 | M22: 0 | N22: 0 | O22: 0 | Q22: 0 | R22: 0
A23: 2 | B23: ALBE | C23: 02087580 | D23: Swift Creek near Apex, NC | E23: rotate2 | F23: 0 | G23: 0 | H23: 0 | I23: 0 | J23: 0 | K23: 0 | L23: 0 | M23: 0 | N23: 0 | O23: 0 | Q23: 0 | R23: 14627
A24: 2 | B24: ALBE | C24: 02089500 | D24: Neuse River at Kinston, NC | E24: agcore | F24: 19356.48 | G24: 0 | H24: 2836.62 | I24: 2287 | J24: 16061.76 | K24: 4118.4 | L24: 3522.6 | M24: 48182.86 | N24: 0 | O24: 18887.681 | Q24: 67689 | R24: 0
A25: 2 | B25: ALBE | C25: 02091500 | D25: Contentnea Creek at Hookerton, NC | E25: rotate4 | F25: 24585.6 | G25: 0 | H25: 3782.16 | I25: 3049 | J25: 21415.68 | K25: 5491.2 | L25: 4696.8 | M25: 63020.44 | N25: 0 | O25: 24704.012 | Q25: 88548 | R25: 0
... A121: 8 | B121: SOCA | C121: 11074000 | D121: Santa Ana River below Prado Dam, CA | E121: urbcore | F121: 17877.6 | G121: 0 | H121: 2836.62 | I121: 2287 | J121: 17316 | K121: 4455.36 | L121: 3522.6 | M121: 48295.18 | N121: 2187.7717 | O121: 23151.482 | Q121: 74252 | R121: 0
F123: =SUM(F2:F121) -> 825422 | G123: =SUM(G2:G121) -> 30788.76 | H123: =SUM(H2:H121) -> 137776.92 | I123: =SUM(I2:I121) -> 93370 | J123: =SUM(J2:J121) -> 736006.96 | K123: =SUM(K2:K121) -> 184615.6 | L123: =SUM(L2:L121) -> 170480.45 | M123: =SUM(M2:M121) -> 2178460.7 | ... O123: =SUM(O2:O121) -> 1048630.5 | Q123: =SUM(Q2:Q121) -> 3265289.5 | R123: =SUM(R2:R121) -> 521563

Sheet Eco site information
O1: Cycle II sampling prior to implementation of the SWST redesign schedule | T1: Redesign Eco Sampling Schedule for 2007-2012 incl. Variability Study: "-2" = WIP in CY07 orCY08 [FY shown here] (BLUE Shading indicates Years of Intensive Chemical Sampling) | Z1: Y = Included in Variability Study | AA1: "WIP" = Within Index Period (2 samples in Index Period)
A2: MRB | B2: Cycle II Study Unit abbrev | C2: Station number | D2: Station name | E2: PROPOSED COST CENTER TO DO SAMPLING | F2: Cycle II site type | G2: Site group | H2: Eco-region | I2: RTH (Snag or Riffle) | J2: RT Miles to Site | K2: RT Travel Time to Site (hrs) | L2: Fish Rela-tive Rich- ness | M2: Fish Rich- ness factor | N2: Area (sq km) | O2: 2002 | P2: 2003 | Q2: 2004 | R2: 2005 | S2: 2006 | T2: 2007 | U2: 2008 | V2: 2009 | W2: 2010 | X2: 2011 | Y2: 2012 | AA2: "WIP" Sampling in CY07 | AB2: "WIP" Sampling in CY08
A3: 1 | B3: CONN | C3: 1170100 | D3: Green River near Colrain, MA | E3: East Hartford, CT | F3: Reference | G3: rotate4 | H3: 58 | I3: Riffle | J3: 174 | K3: 3.2 | L3: Lo | M3: =IF(L3="Lo",0.8,IF(L3="Med",1,(IF(L3="Hi",1.2,"error")))) -> 0.8 | N3: 107 | O3: IAFH | P3: IAFH | Q3: IAFH | R3: IAFH | S3: IAH | T3: IAFH-2 | U3: IAFH | V3: IAFH | W3: IAH | X3: IAFH | Y3: IAH | Z3: Y | AA3: Yes
A4: 1 | B4: CONN | C4: 1209710 | D4: Norwalk River at Winnipauk,CT | E4: East Hartford, CT | F4: Urb. ind. | G4: rotate4 | H4: 59 | I4: Riffle | J4: 158 | K4: 3 | L4: Med | M4: =IF(L4="Lo",0.8,IF(L4="Med",1,(IF(L4="Hi",1.2,"error")))) -> 1 | N4: 85.1 | O4: IAFH | P4: IAFH | Q4: IAFH | R4: IAFH | S4: IAH | T4: IAFH | U4: IAFH | W4: IAFH | Y4: IAFH
A5: 1 | B5: DELR | C5: 1464907 | D5: Little Neshaminy Creek near Warminster, PA | E5: West Trenton, NJ | F5: Urb. ind. | G5: rotate4 | H5: 64 | I5: Riffle | J5: 52 | K5: 1.4 | L5: Med | M5: =IF(L5="Lo",0.8,IF(L5="Med",1,(IF(L5="Hi",1.2,"error")))) -> 1 | N5: 72.3 | O5: IAFH | P5: IAFH | Q5: IAFH | T5: IAFH | U5: IAFH-2 | W5: IAFH | Y5: IAFH | Z5: Y | AB5: Yes
A6: 1 | B6: DELR | C6: 1472157 | D6: French Creek near Phoenixville, PA | E6: West Trenton, NJ | F6: Reference | G6: rotate4 | H6: 64 | I6: Riffle | J6: 116 | K6: 2.6 | L6: Med | M6: =IF(L6="Lo",0.8,IF(L6="Med",1,(IF(L6="Hi",1.2,"error")))) -> 1 | N6: 152 | O6: IAFH | P6: IAFH | Q6: IAFH | T6: IAFH | U6: IAFH-2 | V6: IAFH | W6: IAH | X6: IAFH | Y6: IAH | Z6: Y | AB6: Yes
A7: 1 | B7: HDSN | C7: 1349150 | D7: Canajoharie Creek near Canajoharie, NY | E7: Troy, NY | F7: Ag. ind. | G7: rotate4 | H7: 83 | I7: Riffle | J7: 140 | K7: 2.4 | L7: Med | M7: =IF(L7="Lo",0.8,IF(L7="Med",1,(IF(L7="Hi",1.2,"error")))) -> 1 | N7: 155 | O7: IAFH | P7: IAFH | Q7: IAFH | R7: IAFH | S7: IAH | T7: IAFH | V7: IAFH | X7: IAFH
A8: 1 | B8: HDSN | C8: 1356190 | D8: Lisha Kill northwest of Niskayuna, NY | E8: Troy, NY | F8: Urb. ind. | G8: rotate2 | H8: 83 | I8: Riffle | J8: 46 | K8: 1.2 | L8: Med | M8: =IF(L8="Lo",0.8,IF(L8="Med",1,(IF(L8="Hi",1.2,"error")))) -> 1 | N8: 40 | O8: IAFH | P8: IAFH | Q8: IAFH | R8: IAFH | S8: IAH | U8: IAFH | W8: IAFH | Y8: IAFH
A9: 1 | B9: LINJ | C9: 1403900 | D9: Bound Brook at Middlesex, NJ | E9: West Trenton, NJ | F9: Urb. ind. | G9: rotate4 | H9: 64 | I9: Riffle | J9: 94 | K9: 2.2 | L9: Hi | M9: =IF(L9="Lo",0.8,IF(L9="Med",1,(IF(L9="Hi",1.2,"error")))) -> 1.2 | N9: 126 | O9: IAFH | P9: IAFH | Q9: IAFH | S9: IAH | T9: IAFH | U9: IAFH-2 | V9: IAFH | X9: IAFH | Z9: Y | AB9: Yes
A10: 1 | B10: PODL | C10: 1610400 | D10: Waites Run near Wardensville, WV | E10: Baltimore, MD | F10: Reference | G10: rotate4 | H10: 67 | I10: Riffle | J10: 320 | K10: 6.4 | L10: Med | M10: =IF(L10="Lo",0.8,IF(L10="Med",1,(IF(L10="Hi",1.2,"error")))) -> 1 | N10: 32.6 | O10: IAFH | P10: IAFH | Q10: IAFH | R10: IAFH | S10: IAH | T10: IAFH | U10: IAFH-2 | V10: IAFH | W10: IAH | X10: IAFH | Y10: IAH | Z10: Y | AB10: Yes
A11: 1 | B11: PODL | C11: 1621050 | D11: Muddy Creek at Mount Clinton, VA | E11: Baltimore, MD | F11: Ag. ind. | G11: rotate4 | H11: 67 | I11: Riffle | J11: 420 | K11: 7.8 | L11: Med | M11: =IF(L11="Lo",0.8,IF(L11="Med",1,(IF(L11="Hi",1.2,"error")))) -> 1 | N11: 37.2 | O11: IAFH | P11: IAFH | Q11: IAFH | R11: IAFH | S11: IAH | T11: IAFH | U11: IAFH-2 | V11: IAFH | X11: IAFH | Z11: Y | AB11: Yes
A12: 1 | B12: PODL | C12: 1654000 | D12: Accotink Creek near Annandale, VA | E12: Baltimore, MD | F12: Urb. ind. | G12: rotate2 | H12: 45 | I12: Riffle | J12: 154 | K12: 2.8 | L12: Med | M12: =IF(L12="Lo",0.8,IF(L12="Med",1,(IF(L12="Hi",1.2,"error")))) -> 1 | N12: 60.7 | O12: IAFH | P12: IAFH | Q12: IAFH | R12: IAFH | S12: IAH | T12: IAFH | U12: IAFH-2 | W12: IAFH | Y12: IAFH | Z12: Y | AB12: Yes
A13: 2 | B13: ACFB | C13: 2335870 | D13: Sope Creek near Marietta, GA | E13: Atlanta, GA | F13: Urb. ind. | G13: rotate2 | H13: 45 | I13: Riffle | J13: 58 | K13: 1.2 | L13: Med | M13: =IF(L13="Lo",0.8,IF(L13="Med",1,(IF(L13="Hi",1.2,"error")))) -> 1 | N13: 79.5 | O13: IAFH | P13: IAFH | Q13: IAFH | R13: IAFH | S13: IAH | T13: IAFH | U13: IAFH-2 | W13: IAFH | Y13: IAFH | Z13: Y | AB13: Yes
A14: 2 | B14: ACFB | C14: 2338523 | D14: Hillibahatchee Creek near Franklin, GA | E14: Atlanta, GA | F14: Reference | G14: rotate4 | H14: 45 | I14: Riffle | J14: 180 | K14: 3.6 | L14: Med | M14: =IF(L14="Lo",0.8,IF(L14="Med",1,(IF(L14="Hi",1.2,"error")))) -> 1 | N14: 43.5 | O14: IAFH | P14: IAFH | Q14: IAFH | R14: IAFH | S14: IAH | T14: IAFH-2 | U14: IAFH | V14: IAFH | W14: IAH | X14: IAFH | Y14: IAH | Z14: Y | AA14: Yes
A15: 2 | B15: ALBE | C15: 2087580 | D15: Swift Creek near Apex, NC | E15: Raleigh, NC | F15: Urb. ind. | G15: rotate2 | H15: 65 | I15: Riffle | J15: 40 | K15: 0.8 | L15: Med | M15: =IF(L15="Lo",0.8,IF(L15="Med",1,(IF(L15="Hi",1.2,"error")))) -> 1 | N15: 53.9 | O15: IAFH | P15: IAFH | Q15: IAFH | R15: IAFH | S15: IAH | T15: IAFH | U15: IAFH-2 | V15: IAFH | X15: IAFH | Z15: Y | AB15: Yes
A16: 2 | B16: ALBE | C16: 2091500 | D16: Contentnea Creek at Hookerton, NC | E16: Raleigh, NC | F16: Ag. ind. | G16: rotate4 | H16: 65 | I16: Snag | J16: 200 | K16: 3.8 | L16: Hi | M16: =IF(L16="Lo",0.8,IF(L16="Med",1,(IF(L16="Hi",1.2,"error")))) -> 1.2 | N16: 1910 | O16: IAFH | P16: IAFH | Q16: IAFH | R16: IAFH | S16: IAH | U16: IAFH | W16: IAFH | Y16: IAFH
A17: 2 | B17: MOBL | C17: 242354750 | D17: Cahaba Valley Creek at Pelham, AL | E17: Montgomery, AL | F17: Urb. ind. | G17: rotate2 | H17: 67 | I17: Riffle | J17: 194 | K17: 3 | L17: Hi | M17: =IF(L17="Lo",0.8,IF(L17="Med",1,(IF(L17="Hi",1.2,"error")))) -> 1.2 | N17: 66.1 | O17: IAFH | P17: IAFH | Q17: IAFH | R17: IAFH | S17: IAH | T17: IAFH | U17: IAFH-2 | V17: IAFH | X17: IAFH | Z17: Y | AB17: Yes
A18: 2 | B18: SANT | C18: 2169570 | D18: Gills Creek at Columbia, SC | E18: Columbia, SC | F18: Urb. ind. | G18: rotate4 | H18: 65 | I18: Snag | J18: 28 | K18: 0.8 | L18: Hi | M18: =IF(L18="Lo",0.8,IF(L18="Med",1,(IF(L18="Hi",1.2,"error")))) -> 1.2 | N18: 154 | O18: IAFH | P18: IAFH | Q18: IAFH | R18: IAFH | S18: IAH | U18: IAFH | W18: IAFH | Y18: IAFH
A19: 2 | B19: SANT | C19: 2172300 | D19: McTier Creek near Monetta, SC | E19: Columbia, SC | F19: Reference | G19: rotate4 | H19: 65 | I19: Snag | J19: 108 | K19: 1.8 | L19: Med | M19: =IF(L19="Lo",0.8,IF(L19="Med",1,(IF(L19="Hi",1.2,"error")))) -> 1 | N19: 40.4 | O19: IAFH | P19: IAFH | Q19: IAFH | R19: IAFH | S19: IAH | T19: IAFH | U19: IAH | V19: IAFH | W19: IAH | X19: IAFH | Y19: IAH
A20: 2 | B20: SANT | C20: 2174250 | D20: Cow Castle Creek near Bowman, SC | E20: Columbia, SC | F20: Ag. ind. | G20: rotate4 | H20: 65 | I20: Snag | J20: 140 | K20: 2.4 | L20: Hi | M20: =IF(L20="Lo",0.8,IF(L20="Med",1,(IF(L20="Hi",1.2,"error")))) -> 1.2 | N20: 61.6 | O20: IAFH | P20: IAFH | Q20: IAFH | R20: IAFH | S20: IAH | U20: IAFH | W20: IAFH | Y20: IAFH
A21: 2 | B21: TENN | C21: 357479650 | D21: Hester Creek near Plevna, AL | E21: Nashville, TN | F21: Ag. ind. | G21: rotate4 | H21: 71 | I21: Riffle | J21: 260 | K21: 4.8 | L21: Hi | M21: =IF(L21="Lo",0.8,IF(L21="Med",1,(IF(L21="Hi",1.2,"error")))) -> 1.2 | N21: 76 | O21: IAFH | P21: IAFH | Q21: IAFH | R21: IAFH | S21: IAH | U21: IAFH | W21: IAFH | X21: IAFH
A22: 3 | B22: EIWA | C22: 5420680 | D22: Wapsipinicon River near Tripoli, IA | E22: Iowa City, IA | F22: Reference | G22: rotate4 | H22: 47 | I22: Snag | J22: 260 | K22: 4.6 | L22: Hi | M22: =IF(L22="Lo",0.8,IF(L22="Med",1,(IF(L22="Hi",1.2,"error")))) -> 1.2 | N22: 897 | O22: IAFH | P22: IAFH | Q22: IAFH | S22: IAH | T22: IAH | U22: IAFH | V22: IAH | W22: IAFH | X22: IAH | Y22: IAFH
A23: 3 | B23: EIWA | C23: 5451210 | D23: South Fork Iowa River near New Providence, IA | E23: Iowa City, IA | F23: Ag. ind. | G23: rotate2 | H23: 47 | I23: Snag | J23: 320 | K23: 5.6 | L23: Hi | M23: =IF(L23="Lo",0.8,IF(L23="Med",1,(IF(L23="Hi",1.2,"error")))) -> 1.2 | N23: 581 | O23: IAFH | P23: IAFH | Q23: IAFH | R23: IAFH | S23: IAH | T23: IAFH | V23: IAFH | X23: IAFH
A24: 3 | B24: LERI | C24: 4161820 | D24: Clinton River at Sterling Heights, MI | E24: Columbus, OH | F24: Urb. ind. | G24: rotate4 | H24: 56 | I24: Riffle | J24: 200 | K24: 3.4 | L24: Hi | M24: =IF(L24="Lo",0.8,IF(L24="Med",1,(IF(L24="Hi",1.2,"error")))) -> 1.2 | N24: 803 | O24: IAFH | P24: IAFH | Q24: IAFH | R24: IAFH | T24: IAFH | U24: IAFH-2 | V24: IAFH | X24: IAFH | Z24: Y | AB24: Yes
A25: 3 | B25: LERI | C25: 4175600 | D25: River Raisin near Manchester, MI | E25: Columbus, OH | F25: Reference | G25: rotate4 | H25: 56 | I25: Riffle | J25: 152 | K25: 2.6 | L25: Med | M25: =IF(L25="Lo",0.8,IF(L25="Med",1,(IF(L25="Hi",1.2,"error")))) -> 1 | N25: 331 | O25: IAFH | P25: IAFH | Q25: IAFH | S25: IAH | T25: IAFH-2 | U25: IAFH | V25: IAH | W25: IAFH | X25: IAH | Y25: IAFH | Z25: Y | AA25: Yes
A26: 3 | B26: UIRB | C26: 5531500 | D26: Salt Creek at Western Springs, IL | E26: Urbana, IL | F26: Urb. ind. | G26: rotate4 | H26: 54 | I26: Snag | J26: 320 | K26: 5.4 | L26: Med | M26: =IF(L26="Lo",0.8,IF(L26="Med",1,(IF(L26="Hi",1.2,"error")))) -> 1 | N26: 291 | O26: IAFH | P26: IAFH | Q26: IAFH | R26: IAFH | S26: IAH | T26: IAFH | V26: IAFH | X26: IAFH
A27: 3 | B27: UMIS | C27: 5288705 | D27: Shingle Creek at Minneapolis, MN | E27: Mounds View, MN | F27: Urb. ind. | G27: rotate2 | H27: 51 | I27: Snag | J27: 38 | K27: 0.8 | L27: Med | M27: =IF(L27="Lo",0.8,IF(L27="Med",1,(IF(L27="Hi",1.2,"error")))) -> 1 | N27: 73 | O27: IAFH | P27: IAFH | Q27: IAFH | R27: IAFH | S27: IAH | U27: IAFH | W27: IAFH | Y27: IAFH
A28: 3 | B28: WHMI | C28: 3267900 | D28: Mad River near Eagle City, OH | E28: Indianapolis, IN | F28: Ag. ind. | G28: rotate4 | H28: 55 | I28: Riffle | J28: 152 | K28: 2.8 | L28: Hi | M28: =IF(L28="Lo",0.8,IF(L28="Med",1,(IF(L28="Hi",1.2,"error")))) -> 1.2 | N28: 802 | O28: IAFH | P28: IAFH | Q28: IAFH | T28: IAFH-2 | U28: IAFH | V28: IAFH | X28: IAFH | Z28: Y | AA28: Yes
A29: 3 | B29: WHMI | C29: 3357330 | D29: Big Walnut Creek near Roachdale, IN | E29: Indianapolis, IN | F29: Reference | G29: rotate4 | H29: 55 | I29: Riffle | J29: 106 | K29: 2.4 | L29: Hi | M29: =IF(L29="Lo",0.8,IF(L29="Med",1,(IF(L29="Hi",1.2,"error")))) -> 1.2 | N29: . | O29: IAFH | P29: IAFH | Q29: IAFH | T29: IAFH-2 | U29: IAFH | V29: IAFH | W29: IAH | X29: IAFH | Y29: IAH | Z29: Y | AA29: Yes
A30: 3 | B30: WHMI | C30: 394340085524601 | D30: Sugar Creek at New Palestine, IN | E30: Indianapolis, IN | F30: Ag. ind. | G30: rotate2 | H30: 55 | I30: Riffle | J30: 80 | K30: 1.8 | L30: Hi | M30: =IF(L30="Lo",0.8,IF(L30="Med",1,(IF(L30="Hi",1.2,"error")))) -> 1.2 | N30: 246 | O30: IAFH | P30: IAFH | Q30: IAFH | R30: IAFH | S30: IAH | T30: IAFH | U30: IAFH-2 | W30: IAFH | Y30: IAFH | Z30: Y | AB30: Yes
A31: 3 | B31: WMIC | C31: 4063700 | D31: Popple River near Fence, WI | E31: Madison, WI | F31: Reference | G31: rotate4 | H31: 50 | I31: Riffle | J31: 580 | K31: 10.6 | L31: Med | M31: =IF(L31="Lo",0.8,IF(L31="Med",1,(IF(L31="Hi",1.2,"error")))) -> 1 | N31: 363 | O31: IAFH | P31: IAFH | Q31: IAFH | R31: IAFH | S31: IAH | T31: IAFH-2 | U31: IAFH | V31: IAH | W31: IAFH | X31: IAH | Y31: IAFH | Z31: Y | AA31: Yes
A32: 3 | B32: WMIC | C32: 4072050 | D32: Duck Creek near Howard, WI | E32: Madison, WI | F32: Ag. ind. | G32: rotate4 | H32: 51 | I32: Riffle | J32: 340 | K32: 6 | L32: Med | M32: =IF(L32="Lo",0.8,IF(L32="Med",1,(IF(L32="Hi",1.2,"error")))) -> 1 | N32: 247 | O32: IAFH | P32: IAFH | Q32: IAFH | U32: IAFH | W32: IAFH | Y32: IAFH
A33: 3 | B33: WMIC | C33: 40869415 | D33: Lincoln Creek at Milwaukee, WI | E33: Madison, WI | F33: Urb. ind. | G33: rotate2 | H33: 53 | I33: Riffle | J33: 220 | K33: 3.6 | L33: Med | M33: =IF(L33="Lo",0.8,IF(L33="Med",1,(IF(L33="Hi",1.2,"error")))) -> 1 | N33: 26 | P33: IAFH | Q33: IAFH | T33: IAFH | V33: IAFH | X33: IAFH
A34: 4 | B34: CNBR | C34: 6775900 | D34: Dismal River near Thedford, NE | E34: Lincoln, NE | F34: Reference | G34: eco_only | H34: 44 | I34: Snag | J34: 660 | K34: 10.2 | L34: Med | M34: =IF(L34="Lo",0.8,IF(L34="Med",1,(IF(L34="Hi",1.2,"error")))) -> 1 | N34: 2500 | O34: IAFH | P34: IAFH | Q34: IAFH | S34: IAFH | T34: IAFH | U34: IAH | V34: IAFH | W34: IAH | X34: IAFH | Y34: IAH
A35: 4 | B35: CNBR | C35: 6800000 | D35: Maple Creek near Nickerson, NE | E35: Lincoln, NE | F35: Ag. ind. | G35: rotate2 | H35: 47 | I35: Snag | J35: 194 | K35: 3.4 | L35: Med | M35: =IF(L35="Lo",0.8,IF(L35="Med",1,(IF(L35="Hi",1.2,"error")))) -> 1 | N35: 955 | O35: IAFH | P35: IAFH | Q35: IAFH | R35: IAH | S35: IAFH | U35: IAFH | W35: IAFH | Y35: IAFH
A36: 4 | B36: SPLT | C36: 6713500 | D36: Cherry Creek at Denver, CO | E36: Lakewood, CO | F36: Urb. ind. | G36: rotate2 | H36: 25 | I36: Riffle | J36: 28 | K36: 0.8 | L36: Lo | M36: =IF(L36="Lo",0.8,IF(L36="Med",1,(IF(L36="Hi",1.2,"error")))) -> 0.8 | N36: 1060 | O36: IAFH | P36: IAFH | Q36: IAFH | R36: IAH | S36: IAFH | T36: IAFH | V36: IAFH | X36: IAFH
A37: 4 | B37: YELL | C37: 6324970 | D37: Little Powder River near Weston, WY | E37: Cheyenne, WY | F37: Reference | G37: rotate4 | H37: 43 | I37: Riffle | J37: 600 | K37: 8.8 | L37: Med | M37: =IF(L37="Lo",0.8,IF(L37="Med",1,(IF(L37="Hi",1.2,"error")))) -> 1 | N37: 3200 | O37: IAFH | P37: IAFH | Q37: IAFH | S37: IAFH | T37: IAFH | U37: IAFH-2 | V37: IAH | W37: IAFH | X37: IAH | Y37: IAFH | Z37: Y | AB37: Yes
A38: 5 | B38: ACAD | C38: 8014500 | D38: Ouiska (Whiskey) Chitto Creek near Oberlin, LA | E38: Baton Rouge, LA | F38: Reference | G38: rotate4 | H38: 35 | I38: Snag | J38: 340 | K38: 5.6 | L38: Med | M38: =IF(L38="Lo",0.8,IF(L38="Med",1,(IF(L38="Hi",1.2,"error")))) -> 1 | N38: 1310 | O38: IAFH | P38: IAFH | Q38: IAFH | R38: IAH | S38: IAFH | T38: IAH | U38: IAFH | V38: IAH | W38: IAFH | X38: IAH | Y38: IAFH
A39: 5 | B39: OZRK | C39: 7053250 | D39: Yocum Creek near Oak Grove, AR | E39: Little Rock, AR | F39: Ag. ind. | G39: rotate4 | H39: 39 | I39: Riffle | J39: 380 | K39: 8.2 | L39: Hi | M39: =IF(L39="Lo",0.8,IF(L39="Med",1,(IF(L39="Hi",1.2,"error")))) -> 1.2 | N39: 134 | O39: IAFH | P39: IAFH | Q39: IAFH | R39: IAH | S39: IAFH | T39: IAFH-2 | U39: IAFH | V39: IAFH | X39: IAFH | Z39: Y | AA39: Yes
A40: 5 | B40: OZRK | C40: 7060710 | D40: North Sylamore Creek near Fifty Six, AR | E40: Little Rock, AR | F40: Reference | G40: rotate4 | H40: 39 | I40: Riffle | J40: 260 | K40: 6.2 | L40: Med | M40: =IF(L40="Lo",0.8,IF(L40="Med",1,(IF(L40="Hi",1.2,"error")))) -> 1 | N40: 150 | O40: IAFH | P40: IAFH | Q40: IAFH | R40: IAH | S40: IAFH | T40: IAFH-2 | U40: IAFH | V40: IAH | W40: IAFH | X40: IAH | Y40: IAFH | Z40: Y | AA40: Yes
A41: 5 | B41: SCTX | C41: 8178800 | D41: Salado Creek at San Antonio, TX | E41: Austin, TX | F41: Urb. ind. | G41: rotate4 | H41: 32 | I41: Riffle | J41: 200 | K41: 3.4 | L41: Med | M41: =IF(L41="Lo",0.8,IF(L41="Med",1,(IF(L41="Hi",1.2,"error")))) -> 1 | N41: 506 | O41: IAFH | P41: IAFH | Q41: IAFH | R41: IAH | S41: IAFH | U41: IAFH | W41: IAFH | Y41: IAFH
A42: 5 | B42: SCTX | C42: 8195000 | D42: Frio River at Concan, TX | E42: Austin, TX | F42: Reference | G42: eco_only | H42: 30 | I42: Riffle | J42: 380 | K42: 7.6 | L42: Med | M42: =IF(L42="Lo",0.8,IF(L42="Med",1,(IF(L42="Hi",1.2,"error")))) -> 1 | N42: 1030 | O42: IAFH | P42: IAFH | Q42: IAFH | S42: IAFH | T42: IAFH | U42: IAFH-2 | V42: IAFH | W42: IAH | X42: IAFH | Y42: IAH | Z42: Y | AB42: Yes**
A43: 5 | B43: TRIN | C43: 8051500 | D43: Clear Creek near Sanger, TX | E43: Austin, TX | F43: Reference | G43: rotate4 | H43: 29(pr w/ 32) | I43: Riffle | J43: 520 | K43: 8.2 | L43: Med | M43: =IF(L43="Lo",0.8,IF(L43="Med",1,(IF(L43="Hi",1.2,"error")))) -> 1 | N43: 763 | O43: IAFH | P43: IAFH | Q43: IAFH | R43: IAH | S43: IAFH | T43: IAH | U43: IAFH-2 | V43: IAH | W43: IAFH | X43: IAH | Y43: IAFH | Z43: Y | AB43: Yes
A44: 5 | B44: TRIN | C44: 8057200 | D44: White Rock Creek at Dallas, TX | E44: Austin, TX | F44: Urb. ind. | G44: rotate2 | H44: 32(pr w /29) | I44: Riffle | J44: 440 | K44: 7 | L44: Hi | M44: =IF(L44="Lo",0.8,IF(L44="Med",1,(IF(L44="Hi",1.2,"error")))) -> 1.2 | N44: 173 | O44: IAFH | P44: IAFH | Q44: IAFH | R44: IAH | S44: IAFH | T44: IAFH-2 | U44: IAFH | V44: IAFH | X44: IAFH | Z44: Y | AA44: Yes
A45: 6 | B45: CAZB | C45: 9505800 | D45: West Clear Creek near Camp Verde, AZ | E45: Tucson, AZ | F45: Reference | G45: rotate4 | H45: 23 | I45: Riffle | J45: 460 | K45: 7 | L45: Lo | M45: =IF(L45="Lo",0.8,IF(L45="Med",1,(IF(L45="Hi",1.2,"error")))) -> 0.8 | N45: 615 | O45: IAFH | P45: IAFH | Q45: IAFH | R45: IAFH | S45: IAH | T45: IAFH | U45: IAFH | V45: IAFH-2 | W45: IAFH | X45: IAH | Y45: IAFH | Z45: Y | AB45: Yes*
A46: 6 | B46: GRSL | C46: 10168000 | D46: Little Cottonwood Creek at Salt Lake City, UT | E46: West Valley City, UT | F46: Urb. ind. | G46: rotate2 | H46: 19 | I46: Depos. | J46: 24 | K46: 0.8 | L46: Lo | M46: =IF(L46="Lo",0.8,IF(L46="Med",1,(IF(L46="Hi",1.2,"error")))) -> 0.8 | N46: 117 | O46: IAFH | P46: IAFH | Q46: IAFH | R46: IAH | S46: IAFH | T46: IAFH | V46: IAFH | X46: IAFH
A47: 6 | B47: GRSL | C47: 10172200 | D47: **Red Butte Creek at Fort Douglas, UT | E47: West Valley City, UT | F47: Reference | G47: rotate4 | H47: 19 | I47: Riffle | J47: 34 | K47: 1.2 | L47: Med | M47: =IF(L47="Lo",0.8,IF(L47="Med",1,(IF(L47="Hi",1.2,"error")))) -> 1 | N47: 18.7 | O47: IAH | P47: IAH | Q47: IAH | R47: IAH | S47: IAFH | T47: IAH-2 | U47: IAH | V47: IAH | W47: IAH | X47: IAH | Y47: IAH | Z47: Y | AA47: Yes
A48: 6 | B48: RIOG | C48: 8227000 | D48: Saguache Creek near Saguache, CO | E48: Albuquerque, NM | F48: Reference | G48: eco_only | H48: 21 | I48: Riffle | J48: 560 | K48: 10.6 | L48: Lo | M48: =IF(L48="Lo",0.8,IF(L48="Med",1,(IF(L48="Hi",1.2,"error")))) -> 0.8 | N48: 1330 | O48: IAFH | P48: IAFH | Q48: IAFH | T48: IAFH | U48: IAFH-2 | V48: IAH | W48: IAFH | X48: IAH | Y48: IAFH | Z48: Y | AB48: Yes
A49: 7 | B49: CCYK | C49: 12464770 | D49: Crab Creek near Ritzville, WA | E49: Tacoma, WA | F49: Reference | G49: rotate4 | H49: 10 | I49: Riffle | J49: 192 | K49: 3.8 | L49: Lo | M49: =IF(L49="Lo",0.8,IF(L49="Med",1,(IF(L49="Hi",1.2,"error")))) -> 0.8 | N49: 1190 | O49: IAFH | P49: IAFH | Q49: IAFH | S49: IAH | T49: IAFH | U49: IAFH-2 | V49: IAFH | W49: IAH | X49: IAFH | Y49: IAH | Z49: Y | AB49: Yes
A50: 7 | B50: CCYK | C50: 12505450 | D50: Granger Drain at Granger, WA | E50: Tacoma, WA | F50: Ag. ind. | G50: rotate4 | H50: 10 | I50: Riffle | J50: 360 | K50: 6 | L50: Lo | M50: =IF(L50="Lo",0.8,IF(L50="Med",1,(IF(L50="Hi",1.2,"error")))) -> 0.8 | N50: 160 | O50: IAFH | P50: IAFH | Q50: IAFH | T50: IAFH | U50: IAFH-2 | W50: IAFH | Y50: IAFH | Z50: Y | AB50: Yes
A51: 7 | B51: PUGT | C51: 12056500 | D51: *North Fork Skokomish River near Hoodsport, WA | E51: Tacoma, WA | F51: Reference | G51: eco_only | H51: 1 | I51: Riffle | J51: 156 | K51: 2.8 | L51: Lo | M51: =IF(L51="Lo",0.8,IF(L51="Med",1,(IF(L51="Hi",1.2,"error")))) -> 0.8 | N51: 147 | O51: IAH | P51: IAH | Q51: IAH | R51: IAH | T51: IAH | U51: IAH-2 | V51: IAH | W51: IAH | X51: IAH | Y51: IAH | Z51: Y | AB51: Yes
A52: 7 | B52: PUGT | C52: 12128000 | D52: Thornton Creek near Seattle, WA | E52: Tacoma, WA | F52: Urb. ind. | G52: rotate4 | H52: 2 | I52: Riffle | J52: 86 | K52: 1.6 | L52: Lo | M52: =IF(L52="Lo",0.8,IF(L52="Med",1,(IF(L52="Hi",1.2,"error")))) -> 0.8 | N52: 29.2 | O52: IAFH | P52: IAFH | Q52: IAFH | R52: IAH | S52: IAFH | T52: IAFH | V52: IAFH | X52: IAFH
A53: 7 | B53: USNK | C53: 13092747 | D53: Rock Creek at Twin Falls, ID | E53: Boise, ID | F53: Ag. ind. | G53: rotate4 | H53: 12 | I53: Riffle | J53: 300 | K53: 4.4 | L53: Lo | M53: =IF(L53="Lo",0.8,IF(L53="Med",1,(IF(L53="Hi",1.2,"error")))) -> 0.8 | N53: 623 | O53: IAFH | P53: IAFH | Q53: IAFH | R53: IAH | S53: IAFH | U53: IAFH-2 | W53: IAFH | Y53: IAFH | Z53: Y | AB53: Yes
A54: 7 | B54: WILL | C54: 14205400 | D54: East Fork Dairy Creek near Meachan Corner, OR | E54: Portland, OR | F54: Reference | G54: rotate4 | H54: 3 | I54: Riffle | J54: 90 | K54: 2.2 | L54: Lo | M54: =IF(L54="Lo",0.8,IF(L54="Med",1,(IF(L54="Hi",1.2,"error")))) -> 0.8 | N54: 32.9 | O54: IAFH | P54: IAFH | Q54: IAFH | R54: IAH | S54: IAFH | T54: IAFH-2 | U54: IAFH | V54: IAH | W54: IAFH | X54: IAH | Y54: IAFH | Z54: Y | AA54: Yes
A55: 7 | B55: WILL | C55: 14206950 | D55: Fanno Creek at Durham, OR | E55: Portland, OR | F55: Urb. ind. | G55: rotate2 | H55: 3 | I55: Riffle | J55: 50 | K55: 1.2 | L55: Lo | M55: =IF(L55="Lo",0.8,IF(L55="Med",1,(IF(L55="Hi",1.2,"error")))) -> 0.8 | N55: 80.7 | O55: IAFH | P55: IAFH | Q55: IAFH | R55: IAH | S55: IAFH | T55: IAFH | U55: IAFH-2 | V55: IAFH | X55: IAFH | Z55: Y | AB55: Yes
A56: 8 | B56: SACR | C56: 11447360 | D56: Arcade Creek near Del Paso Heights, CA | E56: Sacramento, CA | F56: Urb. ind. | G56: rotate4 | H56: 7 | I56: Snag | J56: 24 | K56: 1 | L56: Lo | M56: =IF(L56="Lo",0.8,IF(L56="Med",1,(IF(L56="Hi",1.2,"error")))) -> 0.8 | N56: 81.5 | O56: IAFH | P56: IAFH | Q56: IAFH | R56: IAH | S56: IAFH | U56: IAFH | W56: IAFH | Y56: IAFH
A57: 8 | B57: SANJ | C57: 11273500 | D57: Merced River near Newman, CA | E57: Sacramento, CA | F57: Ag. ind. | G57: rotate4 | H57: 5 | I57: Snag | J57: 240 | K57: 4 | L57: Med | M57: =IF(L57="Lo",0.8,IF(L57="Med",1,(IF(L57="Hi",1.2,"error")))) -> 1 | N57: 3620 | O57: IAFH | P57: IAFH | Q57: IAFH | R57: IAH | S57: IAFH | T57: IAFH | V57: IAFH | X57: IAFH
A58: 8 | B58: SANJ | C58: 11274538 | D58: Orestimba Creek near Crows Landing, CA | E58: Sacramento, CA | F58: Ag. ind. | G58: rotate4 | H58: 5 | I58: Snag | J58: 240 | K58: 3.6 | L58: Lo | M58: =IF(L58="Lo",0.8,IF(L58="Med",1,(IF(L58="Hi",1.2,"error")))) -> 0.8 | N58: 27.9 | O58: IAFH | P58: IAFH | Q58: IAFH | R58: IAH | S58: IAFH | U58: IAFH | W58: IAFH | Y58: IAFH
A59: 8 | B59: SANJ | C59: 11335000 | D59: Cosumnes River at Michigan Bar, CA | E59: Sacramento, CA | F59: Reference | G59: eco_only | H59: 7 | I59: Riffle | J59: 82 | K59: 1.8 | L59: Lo | M59: =IF(L59="Lo",0.8,IF(L59="Med",1,(IF(L59="Hi",1.2,"error")))) -> 0.8 | N59: 1390 | O59: IAFH | P59: IAFH | Q59: IAFH | R59: IAH | S59: IAFH | T59: IAH | U59: IAFH-2 | V59: IAH | W59: IAFH | X59: IAH | Y59: IAFH | Z59: Y | AB59: Yes
A60: 8 | B60: SOCA | C60: 11049400 | D60: Santa Ana River above Seven Oaks Dam, CA | E60: San Diego, CA | F60: Reference | G60: eco_only | H60: 8 | I60: Riffle | J60: 240 | K60: 4 | L60: Med | M60: =IF(L60="Lo",0.8,IF(L60="Med",1,(IF(L60="Hi",1.2,"error")))) -> 1 | N60: 452 | O60: IAFH | P60: IAFH | Q60: IAFH | R60: IAH | S60: IAFH | T60: IAFH | U60: IAFH-2 | V60: IAFH | W60: IAH | X60: IAFH | Y60: IAH | Z60: Y | AB60: Yes
D61: *Fish not collected by USGS due to endangered species issues; annual Fish collections at NF Skokomish by U. Washington (otherwise would be odd FY) | Z61: *WIP for CAZB site will be sampled in Oct/Nov 2008 [=FY2009]
D62: **Fish not collected due to permit issues (otherwise would be even FY) | Z62: **Frio R WIP moved from FY07 to FY08 (flooding in FY07); note that putting asterisks in front keeps budget calculation as if WIP in FY07 ("FY08 Eco Budget" looks for left 3="Yes")

Sheet FY12 Eco site costs
H1: FY12 $ (Net) | Q1: FY12 $ GROSS
A2: MRB | B2: Cycle II Study Unit abbrev-iation | C2: Station number | D2: Station name | E2: PROPOSED COST CENTER TO DO SAMPLING | F2: Cycle II site type | G2: Site group | H2: Eco Field Labor Cost (inc 22.4% lv assess) | I2: Eco Field Travel Cost (per diem) | J2: Eco Vehicle costs | K2: Eco Supply costs | L2: Eco Office Labor Costs (inc 22.4% lv assess) | M2: Eco QA / Mgt Labor Costs (inc 22.4% lv assess) | N2: Eco WSC net cost incl 10% contingency | O2: Dist Direct Cost | P2: Over-head Cost | Q2: Eco WSC Total Cost
A3: 1 | B3: CONN | C3: 1170100 | D3: Green River near Colrain, MA | E3: East Hartford, CT | F3: Reference | G3: rotate4 | H3: 2209.0934 | I3: 0 | J3: 602.8 | K3: 436.81 | L3: 1563.6014 | M3: 524.75988 | N3: 5870.7712 | O3: 0 | P3: 3083.9748 | Q3: 8954.746
A4: 1 | B4: CONN | C4: 1209710 | D4: Norwalk River at Winnipauk,CT | E4: East Hartford, CT | F4: Urb. ind. | G4: rotate4 | H4: 4111.4206 | I4: 0 | J4: 1135.2 | K4: 748.22 | L4: 2886.6488 | M4: 787.13982 | N4: 10635.492 | O4: 0 | P4: 5586.9304 | Q4: 16222.423
A5: 1 | B5: DELR | C5: 1464907 | D5: Little Neshaminy Creek near Warminster, PA | E5: West Trenton, NJ | F5: Urb. ind. | G5: rotate4 | H5: 3533.1909 | I5: 0 | J5: 668.8 | K5: 748.22 | L5: 2946.2406 | M5: 803.961 | N5: 9570.4538 | O5: 0 | P5: 6225.2931 | Q5: 15795.747
A6: 1 | B6: DELR | C6: 1472157 | D6: French Creek near Phoenixville, PA | E6: West Trenton, NJ | F6: Reference | G6: rotate4 | H6: 2154.7902 | I6: 0 | J6: 475.2 | K6: 436.81 | L6: 1595.8803 | M6: 535.974 | N6: 5718.5199 | O6: 0 | P6: 3719.7257 | Q6: 9438.2456
A7: 1 | B7: HDSN | C7: 1349150 | D7: Canajoharie Creek near Canajoharie, NY | E7: Troy, NY | F7: Ag. ind. | G7: rotate4 | H7: 0 | I7: 0 | J7: 0 | K7: 0 | L7: 0 | M7: 0 | N7: 0 | O7: 0 | P7: 0 | Q7: 0
A8: 1 | B8: HDSN | C8: 1356190 | D8: Lisha Kill northwest of Niskayuna, NY | E8: Troy, NY | F8: Urb. ind. | G8: rotate2 | H8: 3096.108 | I8: 0 | J8: 642.4 | K8: 748.22 | L8: 2646.0184 | M8: 719.55738 | N8: 8637.5342 | O8: 1036.5041 | P8: 4256.5769 | Q8: 13930.615
A9: 1 | B9: LINJ | C9: 1403900 | D9: Bound Brook at Middlesex, NJ | E9: West Trenton, NJ | F9: Urb. ind. | G9: rotate4 | H9: 0 | I9: 0 | J9: 0 | K9: 0 | L9: 0 | M9: 0 | N9: 0 | O9: 0 | P9: 0 | Q9: 0
A10: 1 | B10: PODL | C10: 1610400 | D10: Waites Run near Wardensville, WV | E10: Baltimore, MD | F10: Reference | G10: rotate4 | H10: 2927.8068 | I10: 457.71 | J10: 924 | K10: 436.81 | L10: 1545.6233 | M10: 518.607 | N10: 7491.6127 | O10: 0 | P10: 4120.387 | Q10: 11612
A11: 1 | B11: PODL | C11: 1621050 | D11: Muddy Creek at Mount Clinton, VA | E11: Baltimore, MD | F11: Ag. ind. | G11: rotate4 | H11: 0 | I11: 0 | J11: 0 | K11: 0 | L11: 0 | M11: 0 | N11: 0 | O11: 0 | P11: 0 | Q11: 0
A12: 1 | B12: PODL | C12: 1654000 | D12: Accotink Creek near Annandale, VA | E12: Baltimore, MD | F12: Urb. ind. | G12: rotate2 | H12: 3983.6324 | I12: 0 | J12: 1117.6 | K12: 748.22 | L12: 2853.4584 | M12: 777.9105 | N12: 10428.903 | O12: 0 | P12: 5735.8969 | Q12: 16164.8
A13: 2 | B13: ACFB | C13: 2335870 | D13: Sope Creek near Marietta, GA | E13: Atlanta, GA | F13: Urb. ind. | G13: rotate2 | H13: 3220.9936 | I13: 0 | J13: 695.2 | K13: 748.22 | L13: 2752.3785 | M13: 749.32938 | N13: 8982.7337 | O13: 0 | P13: 2889.9251 | Q13: 11872.659
A14: 2 | B14: ACFB | C14: 2338523 | D14: Hillibahatchee Creek near Franklin, GA | E14: Atlanta, GA | F14: Reference | G14: rotate4 | H14: 2298.1101 | I14: 457.71 | J14: 616 | K14: 436.81 | L14: 1490.8717 | M14: 499.55292 | N14: 6378.9602 | O14: 0 | P14: 2052.2391 | Q14: 8431.1992
... A60: 8 | B60: SOCA | C60: 11049400 | D60: Santa Ana River above Seven Oaks Dam, CA | E60: San Diego, CA | F60: Reference | G60: eco_only | H60: 2461.0323 | I60: 457.71 | J60: 748 | K60: 436.81 | L60: 1545.2147 | M60: 518.50776 | N60: 6784.0023 | O60: 307.3153 | P60: 3251.9364 | Q60: 10343.254
D61: *Fish not collected by USGS due to endangered species issues; annual Fish collections at NF Skokomish by U. Washington | P61: Total for FY12 = | Q61: =SUM(Q3:Q60) -> 599348.38

Sheet SW sites
A1: Study unit | B1: Cycle II start | C1: Region | D1: MRB | E1: 40694 | G1: Type | H1: QW Sampling | I1: WSC Gross Stream gaging costs | J1: Ecology Sampling - Gross Costs
E2: Station | F2: Site name | H2: WSC Gross annual costs | J2: WSC Gross costs | K2: comments
A4: ACFB | B4: 2001 | C4: SE | D4: 2 | E4: 02335870 | F4: Sope Creek near Marietta, GA | G4: rotate2 | H4: ='FY12 chem site net costs'!Q18 -> 72276 | I4: ='FY12 chem site net costs'!R18 -> 0 | J4: ='FY12 Eco site costs'!Q13 -> 11872.659
A5: ACFB | B5: 2001 | C5: SE | D5: 2 | E5: 02338000 | F5: Chattahoochee River near Whitesburg, GA | G5: urbcore | H5: ='FY12 chem site net costs'!Q19 -> 72349 | I5: ='FY12 chem site net costs'!R19 -> 0
A6: ACFB | B6: 2001 | C6: SE | D6: 2 | E6: 02338523 | F6: Hillibahatchee Creek near Franklin, GA | G6: rotate4 | H6: ='FY12 chem site net costs'!Q20 -> 0 | I6: ='FY12 chem site net costs'!R20 -> 14640 | J6: ='FY12 Eco site costs'!Q14 -> 8431.1992
A7: ACFB | B7: 2001 | C7: SE | D7: 2 | E7: 02350080 | F7: Lime Creek near Cobb, GA | G7: rotate4 | H7: ='FY12 chem site net costs'!Q21 -> 0 | I7: ='FY12 chem site net costs'!R21 -> 14640
A8: ACFB | B8: 2001 | C8: SE | D8: 2 | E8: 02318500 | F8: Withlacoochee River near Quitman, GA | G8: rotate4 | H8: 0 | I8: ='FY12 chem site net costs'!R28 -> 14640
A9: ALBE | B9: 2001 | C9: SE | D9: 2 | E9: 02084160 | F9: Chicod Cr near Simpson, NC | G9: rotate4 | H9: ='FY12 chem site net costs'!Q22 -> 0 | I9: ='FY12 chem site net costs'!R22 -> 0
A10: ALBE | B10: 2001 | C10: SE | D10: 2 | E10: 02087580 | F10: Swift Creek near Apex, NC | G10: rotate2 | H10: ='FY12 chem site net costs'!Q23 -> 0 | I10: ='FY12 chem site net costs'!R23 -> 14627 | J10: ='FY12 Eco site costs'!Q15 -> 0
A11: ALBE | B11: 2001 | C11: SE | D11: 2 | E11: 02089500 | F11: Neuse River at Kinston, NC | G11: agcore | H11: ='FY12 chem site net costs'!Q24 -> 67689 | I11: ='FY12 chem site net costs'!R24 -> 0
A12: ALBE | B12: 2001 | C12: SE | D12: 2 | E12: 02091500 | F12: Contentnea Creek at Hookerton, NC | G12: rotate4 | H12: ='FY12 chem site net costs'!Q25 -> 88548 | I12: ='FY12 chem site net costs'!R25 -> 0 | J12: ='FY12 Eco site costs'!Q16 -> 15741.365
A13: CCYK | B13: 2001 | C13: West | D13: 7 | E13: 12464770 | F13: Crab Creek near Ritzville, WA | G13: rotate4 | H13: ='FY12 chem site net costs'!Q101 -> 0 | I13: ='FY12 chem site net costs'!R101 -> 15518 | J13: ='FY12 Eco site costs'!Q49 -> 9431.5765
A14: CCYK | B14: 2001 | C14: West | D14: 7 | E14: 12505450 | F14: Granger Drain at Granger, WA | G14: rotate4 | H14: ='FY12 chem site net costs'!Q102 -> 0 | I14: ='FY12 chem site net costs'!R102 -> 15518 | J14: ='FY12 Eco site costs'!Q50 -> 18770.128
A15: CCYK | B15: 2001 | C15: West | D15: 7 | E15: 12510500 | F15: Yakima River at Kiona, WA | G15: rotate4 | H15: ='FY12 chem site net costs'!Q103 -> 72044 | I15: ='FY12 chem site net costs'!R103 -> 0
A16: CNBR | B16: 2001 | C16: Central | D16: 4 | E16: 06775900 | F16: Dismal River near Thedford, NE | G16: eco_only | H16: 0 | I16: 0 | J16: ='FY12 Eco site costs'!Q34 -> 13559.819
A17: CNBR | B17: 2001 | C17: Central | D17: 4 | E17: 06795500 | F17: Shell Creek near Columbus, NE | G17: rotate4 | H17: ='FY12 chem site net costs'!Q64 -> 0 | I17: ='FY12 chem site net costs'!R64 -> 0
A18: CNBR | B18: 2001 | C18: Central | D18: 4 | E18: 06800000 | F18: Maple Creek near Nickerson, NE | G18: rotate2 | H18: ='FY12 chem site net costs'!Q65 -> 102966 | I18: ='FY12 chem site net costs'!R65 -> 0 | J18: ='FY12 Eco site costs'!Q35 -> 16021.714
A19: CNBR | B19: 2001 | C19: Central | D19: 4 | E19: 06800500 | F19: Elkhorn River at Waterloo, NE | G19: rotate4 | H19: ='FY12 chem site net costs'!Q66 -> 0 | I19: ='FY12 chem site net costs'!R66 -> 0
A20: CNBR | B20: 2001 | C20: Central | D20: 4 | E20: 06805500 | F20: Platte River at Louisville, NE | G20: agcore | H20: ='FY12 chem site net costs'!Q67 -> 60957 | I20: ='FY12 chem site net costs'!R67 -> 12151
A21: CONN | B21: 2001 | C21: NE | D21: 1 | E21: 01170100 | F21: Green River near Colrain, MA | G21: rotate4 | H21: ='FY12 chem site net costs'!Q2 -> 0 | I21: ='FY12 chem site net costs'!R2 -> 0 | J21: ='FY12 Eco site costs'!Q3 -> 8954.746
A22: CONN | B22: 2001 | C22: NE | D22: 1 | E22: 01184000 | F22: Connecticut River at Thompsonville, CT | G22: rotate4 | H22: ='FY12 chem site net costs'!Q3 -> 75515 | I22: ='FY12 chem site net costs'!R3 -> 0
A23: CONN | B23: 2001 | C23: NE | D23: 1 | E23: 01209710 | F23: Norwalk River at Winnipauk,CT | G23: rotate4 | H23: ='FY12 chem site net costs'!Q4 -> 0 | I23: ='FY12 chem site net costs'!R4 -> 0 | J23: ='FY12 Eco site costs'!Q4 -> 16222.423
A24: CONN | C24: NE | D24: 1 | E24: 01104615 | F24: Charles River near Watertown, MA | G24: rotate4 | H24: ='FY12 chem site net costs'!Q13 -> 0 | I24: ='FY12 chem site net costs'!R13 -> 11999 | K24: target off for streamgaging - this site has no streamgage. Years of QW sampling - take stream measure during every sampling trip. Years of no QW sampling - stream measure 6-8 times.
A25: GAFL | B25: 2001 | C25: SE | D25: 2 | E25: 02306774 | F25: Rocky Creek near Citrus Park, FL | G25: rotate4 | H25: ='FY12 chem site net costs'!Q26 -> 0 | I25: ='FY12 chem site net costs'!R26 -> 0
A26: GAFL | B26: 2001 | C26: SE | D26: 2 | E26: 02317797 | F26: Little River near Tifton, GA | G26: rotate4 | H26: ='FY12 chem site net costs'!Q27 -> 0 | I26: ='FY12 chem site net costs'!R27 -> 0
A27: GAFL | B27: 2001 | C27: SE | D27: 2 | E27: 02318500 | F27: Withlacoochee River near Quitman, GA | G27: rotate4 | H27: ='FY12 chem site net costs'!Q28 -> 65122 | I27: 0
A28: NVBR | B28: 2001 | C28: West | D28: 6 | E28: 094196783 | F28: Las Vegas Wash near Las Vegas, NV | G28: rotate2 | H28: ='FY12 chem site net costs'!Q95 -> 0 | I28: ='FY12 chem site net costs'!R95 -> 0
A29: NVBR | B29: 2001 | C29: West | D29: 6 | E29: 10311400 | F29: Carson River near Carson City, NV | G29: rotate4 | H29: ='FY12 chem site net costs'!Q96 -> 0 | I29: ='FY12 chem site net costs'!R96 -> 0
A30: NVBR | B30: 2001 | C30: West | D30: 6 | E30: 10350500 | F30: Truckee River at Clark, NV | G30: rotate4 | H30: ='FY12 chem site net costs'!Q97 -> 66456 | I30: ='FY12 chem site net costs'!R97 -> 0
A31: PODL | B31: 2001 | C31: NE | D31: 1 | E31: 01610400 | F31: Waites Run near Wardensville, WV | G31: rotate4 | H31: ='FY12 chem site net costs'!Q14 -> 0 | I31: ='FY12 chem site net costs'!R14 -> 15080 | J31: ='FY12 Eco site costs'!Q10 -> 11612
A32: PODL | B32: 2001 | C32: NE | D32: 1 | E32: 01621050 | F32: Muddy Creek at Mount Clinton, VA | G32: rotate4 | H32: ='FY12 chem site net costs'!Q15 -> 0 | I32: ='FY12 chem site net costs'!R15 -> 14612 | J32: ='FY12 Eco site costs'!Q11 -> 0
A33: PODL | B33: 2001 | C33: NE | D33: 1 | E33: 01646580 | F33: Potomac River at Washington, DC | G33: agcore | H33: ='FY12 chem site net costs'!Q16 -> 81551 | I33: ='FY12 chem site net costs'!R16 -> 0
A34: PODL | B34: 2001 | C34: NE | D34: 1 | E34: 01654000 | F34: Accotink Creek near Annandale, VA | G34: rotate2 | H34: ='FY12 chem site net costs'!Q17 -> 111892 | I34: ='FY12 chem site net costs'!R17 -> 0 | J34: ='FY12 Eco site costs'!Q12 -> 16164.8
A35: SANJ | B35: 2001 | C35: West | D35: 8 | E35: 11273500 | F35: Merced River near Newman, CA | G35: rotate4 | H35: ='FY12 chem site net costs'!Q116 -> 0 | I35: ='FY12 chem site net costs'!R116 -> 6135 | J35: ='FY12 Eco site costs'!Q57 -> 0
A36: SANJ | B36: 2001 | C36: West | D36: 8 | E36: 11274538 | F36: Orestimba Creek near Crows Landing, CA | G36: rotate4 | H36: ='FY12 chem site net costs'!Q117 -> 0 | I36: ='FY12 chem site net costs'!R117 -> 12171 | J36: ='FY12 Eco site costs'!Q58 -> 17435.927
A37: SANJ | B37: 2001 | C37: West | D37: 8 | E37: 11303500 | F37: San Joaquin River near Vernalis, CA | G37: agcore | H37: ='FY12 chem site net costs'!Q118 -> 98065 | I37: ='FY12 chem site net costs'!R118 -> 0
A38: SANJ | B38: 2001 | C38: West | D38: 8 | E38: 11335000 | F38: Cosumnes River at Michigan Bar, CA | G38: eco_only | H38: ='FY12 chem site net costs'!Q119 -> 0 | I38: ='FY12 chem site net costs'!R119 -> 0 | J38: ='FY12 Eco site costs'!Q59 -> 14122.437
A39: SPLT | B39: 2001 | C39: Central | D39: 4 | E39: 06713500 | F39: Cherry Creek at Denver, CO | G39: rotate2 | H39: ='FY12 chem site net costs'!Q68 -> 0 | I39: ='FY12 chem site net costs'!R68 -> 0 | J39: ='FY12 Eco site costs'!Q36 -> 0
A40: SPLT | B40: 2001 | C40: Central | D40: 4 | E40: 06754000 | F40: South Platte River near Kersey, CO | G40: rotate4 | H40: ='FY12 chem site net costs'!Q69 -> 0 | I40: ='FY12 chem site net costs'!R69 -> 0
A41: TRIN | B41: 2001 | C41: Central | D41: 5 | E41: 08051500 | F41: Clear Creek near Sanger, TX | G41: rotate4 | H41: ='FY12 chem site net costs'!Q85 -> 0 | I41: ='FY12 chem site net costs'!R85 -> 0 | J41: ='FY12 Eco site costs'!Q43 -> 23450.197
A42: TRIN | B42: 2001 | C42: Central | D42: 5 | E42: 08057200 | F42: White Rock Creek at Dallas, TX | G42: rotate2 | H42: ='FY12 chem site net costs'!Q86 -> 0 | I42: ='FY12 chem site net costs'!R86 -> 0 | J42: ='FY12 Eco site costs'!Q44 -> 0
A43: TRIN | B43: 2001 | C43: Central | D43: 5 | E43: 08057410 | F43: Trinity River below Dallas, TX | G43: urbcore | H43: ='FY12 chem site net costs'!Q87 -> 99018 | I43: ='FY12 chem site net costs'!R87 -> 0
A44: WHMI | B44: 2001 | C44: NE | D44: 3 | E44: 03267900 | F44: Mad River near Eagle City, OH | G44: rotate4 | H44: ='FY12 chem site net costs'!Q56 -> 0 | I44: ='FY12 chem site net costs'!R56 -> 2303 | J44: ='FY12 Eco site costs'!Q28 -> 0
A45: WHMI | B45: 2001 | C45: NE | D45: 3 | E45: 03357330 | F45: Big Walnut Creek near Roachdale, IN | G45: rotate4 | H45: ='FY12 chem site net costs'!Q57 -> 0 | I45: ='FY12 chem site net costs'!R57 -> 0 | J45: ='FY12 Eco site costs'!Q29 -> 7740.6572
A46: WHMI | B46: 2001 | C46: NE | D46: 3 | E46: 03374100 | F46: White River at Hazleton, IN | G46: agcore | H46: ='FY12 chem site net costs'!Q58 -> 110870 | I46: ='FY12 chem site net costs'!R58 -> 0
A47: WHMI | B47: 2001 | C47: NE | D47: 3 | E47: 394340085524601 | F47: Sugar Creek at New Palestine, IN | G47: rotate2 | H47: ='FY12 chem site net costs'!Q59 -> 88284 | I47: ='FY12 chem site net costs'!R59 -> 10249 | J47: ='FY12 Eco site costs'!Q30 -> 13898.535
A48: WILL | B48: 2001 | C48: West | D48: 7 | E48: 14201300 | F48: Zollner Creek near Mt. Angel, OR | G48: rotate4 | H48: ='FY12 chem site net costs'!Q110 -> 88482 | I48: ='FY12 chem site net costs'!R110 -> 15172
A49: WILL | B49: 2001 | C49: West | D49: 7 | E49: 14205400 | F49: E Fork Dairy Creek near Meachan Corner, OR | G49: rotate4 | H49: ='FY12 chem site net costs'!Q111 -> 0 | I49: ='FY12 chem site net costs'!R111 -> 15172 | J49: ='FY12 Eco site costs'!Q54 -> 14507.091
A50: WILL | B50: 2001 | C50: West | D50: 7 | E50: 14206950 | F50: Fanno Creek at Durham, OR | G50: rotate2 | H50: ='FY12 chem site net costs'!Q112 -> 0 | I50: ='FY12 chem site net costs'!R112 -> 7586 | J50: ='FY12 Eco site costs'!Q55 -> 0
A51: WILL | B51: 2001 | C51: West | D51: 7 | E51: 14211720 | F51: Willamette River at Portland, OR | G51: agcore | H51: ='FY12 chem site net costs'!Q113 -> 87188 | I51: ='FY12 chem site net costs'!R113 -> 0
A52: WMIC | B52: 2001 | C52: NE | D52: 3 | E52: 04063700 | F52: Popple River near Fence, WI | G52: rotate4 | H52: ='FY12 chem site net costs'!Q60 -> 0 | I52: ='FY12 chem site net costs'!R60 -> 0 | J52: ='FY12 Eco site costs'!Q31 -> 21920.396
A53: WMIC | B53: 2001 | C53: NE | D53: 3 | E53: 04072050 | F53: Duck Creek near Howard, WI | G53: rotate4 | H53: ='FY12 chem site net costs'!Q61 -> 81933 | I53: ='FY12 chem site net costs'!R61 -> 0 | J53: ='FY12 Eco site costs'!Q32 -> 17704.811
A54: WMIC | B54: 2001 | C54: NE | D54: 3 | E54: 040869415 | F54: Lincoln Creek at Milwaukee, WI | G54: rotate2 | H54: ='FY12 chem site net costs'!Q62 -> 0 | I54: ='FY12 chem site net costs'!R62 -> 14144 | J54: ='FY12 Eco site costs'!Q33 -> 0
A55: EIWA | B55: 2004 | C55: Central | D55: 3 | E55: 05420680 | F55: Wapsipinicon River near Tripoli, IA | G55: rotate4 | H55: ='FY12 chem site net costs'!Q41 -> 96188 | I55: ='FY12 chem site net costs'!R41 -> 7862 | J55: ='FY12 Eco site costs'!Q22 -> 17084.496
A56: EIWA | B56: 2004 | C56: Central | D56: 3 | E56: 05451210 | F56: South Fork Iowa River near New Providence, IA | G56: rotate2 | H56: ='FY12 chem site net costs'!Q42 -> 0 | I56: ='FY12 chem site net costs'!R42 -> 15725 | J56: ='FY12 Eco site costs'!Q23 -> 0
A57: EIWA | B57: 2004 | C57: Central | D57: 3 | E57: 05465500 | F57: Iowa River at Wapello, IA | G57: agcore | H57: ='FY12 chem site net costs'!Q43 -> 36187 | I57: ='FY12 chem site net costs'!R43 -> 0
A58: EIWA | B58: 2004 | C58: Central | D58: 3 | E58: 05490500 | F58: Des Moines at Keosauqua, IA | G58: agcore | H58: ='FY12 chem site net costs'!Q44 -> 39161.5 | I58: ='FY12 chem site net costs'!R44 -> 0
A59: HDSN | B59: 2004 | C59: NE | D59: 1 | E59: 01349150 | F59: Canajoharie Creek near Canajoharie, NY | G59: rotate4 | H59: ='FY12 chem site net costs'!Q8 -> 0 | I59: ='FY12 chem site net costs'!R8 -> 15496 | J59: ='FY12 Eco site costs'!Q7 -> 0
A60: HDSN | B60: 2004 | C60: NE | D60: 1 | E60: 01356190 | F60: Lisha Kill northwest of Niskayuna, NY | G60: rotate2 | H60: ='FY12 chem site net costs'!Q9 -> 77820 | I60: ='FY12 chem site net costs'!R9 -> 14104 | J60: ='FY12 Eco site costs'!Q8 -> 13930.615
A61: HDSN | B61: 2004 | C61: NE | D61: 1 | E61: 01357500 | F61: Mohawk River at Cohoes, NY | G61: rotate4 | H61: ='FY12 chem site net costs'!Q10 -> 0 | I61: ='FY12 chem site net costs'!R10 -> 0
A62: LERI | B62: 2004 | C62: NE | D62: 3 | E62: 04161820 | F62: Clinton River at Sterling Heights, MI | G62: rotate4 | H62: ='FY12 chem site net costs'!Q45 -> 0 | I62: ='FY12 chem site net costs'!R45 -> 16328 | J62: ='FY12 Eco site costs'!Q24 -> 0
A63: LERI | B63: 2004 | C63: NE | D63: 3 | E63: 04175600 | F63: River Raisin near Manchester, MI | G63: rotate4 | H63: ='FY12 chem site net costs'!Q46 -> 0 | I63: ='FY12 chem site net costs'!R46 -> 0 | J63: ='FY12 Eco site costs'!Q25 -> 20625.253
A64: LERI | B64: 2004 | C64: NE | D64: 3 | E64: 04186500 | F64: Auglaize River near Fort Jennings, OH | G64: rotate4 | H64: ='FY12 chem site net costs'!Q47 -> 117473 | I64: ='FY12 chem site net costs'!R47 -> 0
A65: LERI | B65: 2004 | C65: NE | D65: 3 | E65: 04193500 | F65: Maumee River at Waterville, OH | G65: rotate4 | H65: ='FY12 chem site net costs'!Q48 -> 0 | I65: ='FY12 chem site net costs'!R48 -> 0
A66: LINJ | B66: 2004 | C66: NE | D66: 1 | E66: 01403300 | F66: Raritan River at Bound Brook, NJ | G66: urbcore | H66: ='FY12 chem site net costs'!Q11 -> 109929 | I66: ='FY12 chem site net costs'!R11 -> 0
A67: LINJ | B67: 2004 | C67: NE | D67: 1 | E67: 01403900 | F67: Bound Brook at Middlesex, NJ | G67: rotate4 | H67: ='FY12 chem site net costs'!Q12 -> 0 | I67: ='FY12 chem site net costs'!R12 -> 0 | J67: ='FY12 Eco site costs'!Q9 -> 0
A68: LIRB | B68: 2004 | C68: NE | D68: 3 | E68: 05572000 | F68: Sangamon River at Monticello, IL | G68: rotate4 | H68: ='FY12 chem site net costs'!Q49 -> 82677 | I68: ='FY12 chem site net costs'!R49 -> 0
A69: LIRB | B69: 2004 | C69: NE | D69: 3 | E69: 05586100 | F69: Illinois River at Valley City, IL | G69: rotate4 | H69: ='FY12 chem site net costs'!Q50 -> 0 | I69: ='FY12 chem site net costs'!R50 -> 0
A70: MISE | B70: 2004 | C70: SE | D70: 5 | E70: 07288955 | F70: Yazoo River near Long Lake, MS | G70: agcore | H70: ='FY12 chem site net costs'!Q78 -> 79177 | I70: ='FY12 chem site net costs'!R78 -> 0
A71: OZRK | B71: 2004 | C71: Central | D71: 4 | E71: 07189000 | F71: Elk River near Tiff City, MO | G71: rotate4 | H71: ='FY12 chem site net costs'!Q82 -> 0 | I71: ='FY12 chem site net costs'!R82 -> 0
A72: OZRK | B72: 2004 | C72: Central | D72: 4 | E72: 07053250 | F72: Yocum Creek near Oak Grove, AR | G72: rotate4 | H72: ='FY12 chem site net costs'!Q79 -> 0 | I72: ='FY12 chem site net costs'!R79 -> 14872 | J72: ='FY12 Eco site costs'!Q39 -> 0
A73: OZRK | B73: 2004 | C73: Central | D73: 4 | E73: 07055646 | F73: Buffalo River near Boxley, AR | G73: rotate4 | H73: ='FY12 chem site net costs'!Q80 -> 0 | I73: ='FY12 chem site net costs'!R80 -> 0
A74: OZRK | B74: 2004 | C74: Central | D74: 4 | E74: 07060710 | F74: North Sylamore Creek near Fifty Six, AR | G74: rotate4 | H74: ='FY12 chem site net costs'!Q81 -> 25942 | I74: ='FY12 chem site net costs'!R81 -> 0 | J74: ='FY12 Eco site costs'!Q40 -> 19812.964
A75: PUGT | B75: 2004 | C75: West | D75: 7 | E75: 12056500 | F75: North Fork Skokomish River near Hdsprt, WA | G75: eco_only | H75: ='FY12 chem site net costs'!Q104 -> 0 | I75: ='FY12 chem site net costs'!R104 -> 0 | J75: ='FY12 Eco site costs'!Q51 -> 8105.0268
A76: PUGT | B76: 2004 | C76: West | D76: 7 | E76: 12128000 | F76: Thornton Creek near Seattle, WA | G76: rotate4 | H76: ='FY12 chem site net costs'!Q105 -> 0 | I76: ='FY12 chem site net costs'!R105 -> 14860 | J76: ='FY12 Eco site costs'!Q52 -> 0
A77: RIOG | B77: 2004 | C77: Central | D77: 6 | E77: 08227000 | F77: Saguache Creek near Saguache, CO | G77: eco_only | H77: 0 | I77: ='FY12 chem site net costs'!R98 -> 0 | J77: ='FY12 Eco site costs'!Q48 -> 24911.452
A78: RIOG | B78: 2004 | C78: Central | D78: 6 | E78: 08364000 | F78: Rio Grande at El Paso, TX | G78: agcore | H78: ='FY12 chem site net costs'!Q99 -> 70195 | I78: ='FY12 chem site net costs'!R99 -> 0
A79: SACR | B79: 2004 | C79: West | D79: 8 | E79: 11447360 | F79: Arcade Creek near Del Paso Heights, CA | G79: rotate4 | H79: ='FY12 chem site net costs'!Q114 -> 90774 | I79: ='FY12 chem site net costs'!R114 -> 24693 | J79: ='FY12 Eco site costs'!Q56 -> 13163.395
A80: SACR | B80: 2004 | C80: West | D80: 8 | E80: 11447650 | F80: Sacramento River a Freeport, CA | G80: rotate4 | H80: ='FY12 chem site net costs'!Q115 -> 0 | I80: ='FY12 chem site net costs'!R115 -> 0
A81: SANT | B81: 2004 | C81: SE | D81: 2 | E81: 02169570 | F81: Gills Creek at Columbia, SC | G81: rotate4 | H81: ='FY12 chem site net costs'!Q32 -> 0 | I81: ='FY12 chem site net costs'!R32 -> 17331 | J81: ='FY12 Eco site costs'!Q18 -> 12273.047
A82: SANT | B82: 2004 | C82: SE | D82: 2 | E82: 02172300 | F82: McTier Creek near Monetta, SC | G82: rotate4 | H82: ='FY12 chem site net costs'!Q33 -> 0 | I82: ='FY12 chem site net costs'!R33 -> 17331 | J82: ='FY12 Eco site costs'!Q19 -> 7224.7945
A83: SANT | B83: 2004 | C83: SE | D83: 2 | E83: 02174250 | F83: Cow Castle Creek near Bowman, SC | G83: rotate4 | H83: ='FY12 chem site net costs'!Q34 -> 61515 | I83: ='FY12 chem site net costs'!R34 -> 17331 | J83: ='FY12 Eco site costs'!Q20 -> 15788.595
A84: SANT | B84: 2004 | C84: SE | D84: 2 | E84: 02175000 | F84: Edisto River near Givhans, SC | G84: rotate4 | H84: ='FY12 chem site net costs'!Q35 -> 0 | I84: ='FY12 chem site net costs'!R35 -> 0
A85: SCTX | B85: 2004 | C85: Central | D85: 5 | E85: 08178800 | F85: Salado Creek at San Antonio, TX | G85: rotate4 | H85: ='FY12 chem site net costs'!Q83 -> 78215 | I85: ='FY12 chem site net costs'!R83 -> 0 | J85: ='FY12 Eco site costs'!Q41 -> 15775.474
A86: SCTX | B86: 2004 | C86: Central | D86: 5 | E86: 08195000 | F86: Frio River at Concan, TX | G86: eco_only | H86: 0 | I86: ='FY12 chem site net costs'!R84 -> 0 | J86: ='FY12 Eco site costs'!Q42 -> 11481.129
A87: UMIS | B87: 2004 | C87: Central | D87: 3 | E87: 05288705 | F87: Shingle Creek at Minneapolis, MN | G87: rotate2 | H87: ='FY12 chem site net costs'!Q53 -> 73830 | I87: ='FY12 chem site net costs'!R53 -> 15807 | J87: ='FY12 Eco site costs'!Q27 -> 14001.264
A88: UMIS | B88: 2004 | C88: Central | D88: 3 | E88: 05320270 | F88: Little Cobb River near Beauford, MN | G88: rotate4 | H88: ='FY12 chem site net costs'!Q54 -> 0 | I88: ='FY12 chem site net costs'!R54 -> 16508
A89: UMIS | B89: 2004 | C89: Central | D89: 3 | E89: 05331580 | F89: Mississippi River at Hastings, MN | G89: rotate4 | H89: ='FY12 chem site net costs'!Q55 -> 0 | I89: ='FY12 chem site net costs'!R55 -> 3949
A90: USNK | B90: 2004 | C90: West | D90: 7 | E90: 13055000 | F90: Teton River near St Anthony, ID | G90: rotate4 | H90: ='FY12 chem site net costs'!Q106 -> 0 | I90: ='FY12 chem site net costs'!R106 -> 0
A91: USNK | B91: 2004 | C91: West | D91: 7 | E91: 13056500 | F91: Henrys Fork near Rexburg, ID | G91: rotate4 | H91: ='FY12 chem site net costs'!Q107 -> 0 | I91: ='FY12 chem site net costs'!R107 -> 0
A92: USNK | B92: 2004 | C92: West | D92: 7 | E92: 13092747 | F92: Rock Creek at Twin Falls, ID | G92: rotate4 | H92: ='FY12 chem site net costs'!Q108 -> 68093 | I92: ='FY12 chem site net costs'!R108 -> 16955 | J92: ='FY12 Eco site costs'!Q53 -> 18114.74
A93: USNK | B93: 2004 | C93: West | D93: 7 | E93: 13154500 | F93: Snake River at King Hill, ID | G93: rotate4 | H93: ='FY12 chem site net costs'!Q109 -> 0 | I93: ='FY12 chem site net costs'!R109 -> 16955
A94: ACAD | B94: 2007 | C94: Central | D94: 5 | E94: 07375050 | F94: Tchefuncte River near Covington, LA | G94: rotate4 | H94: ='FY12 chem site net costs'!Q74 -> 0 | I94: ='FY12 chem site net costs'!R74 -> 0
A95: ACAD | B95: 2007 | C95: Central | D95: 5 | E95: 07379960 | F95: Dawson Creek at Baton Rouge, LA | G95: rotate4 | H95: ='FY12 chem site net costs'!Q75 -> 0 | I95: ='FY12 chem site net costs'!R75 -> 0
A96: ACAD | B96: 2007 | C96: Central | D96: 5 | E96: 08012150 | F96: Mermentau River at Mermentau, LA | G96: rotate4 | H96: ='FY12 chem site net costs'!Q76 -> 0 | I96: ='FY12 chem site net costs'!R76 -> 0
A97: ACAD | B97: 2007 | C97: Central | D97: 5 | E97: 08014500 | F97: Whisky Chitto Creek near Oberlin, LA | G97: rotate4 | H97: ='FY12 chem site net costs'!Q77 -> 30475 | I97: ='FY12 chem site net costs'!R77 -> 0 | J97: ='FY12 Eco site costs'!Q38 -> 21078.477
A98: CAZB | B98: 2007 | C98: West | D98: 6 | E98: 09471000 | F98: San Pedro River at Charleston, AZ | G98: rotate4 | H98: ='FY12 chem site net costs'!Q88 -> 21880 | I98: ='FY12 chem site net costs'!R88 -> 0
A99: CAZB | B99: 2007 | C99: West | D99: 6 | E99: 09481740 | F99: Santa Cruz River at Tubac, AZ | G99: rotate4 | H99: ='FY12 chem site net costs'!Q89 -> 0 | I99: ='FY12 chem site net costs'!R89 -> 0
A100: CAZB | B100: 2007 | C100: West | D100: 6 | E100: 09505800 | F100: West Clear Creek near Camp Verde, AZ | G100: rotate4 | H100: ='FY12 chem site net costs'!Q90 -> 0 | I100: ='FY12 chem site net costs'!R90 -> 0 | J100: ='FY12 Eco site costs'!Q45 -> 19113.478
A101: CAZB | B101: 2007 | C101: West | D101: 6 | E101: 09517000 | F101: Hassayampa River near Arlington, AZ | G101: rotate4 | H101: ='FY12 chem site net costs'!Q91 -> 0 | I101: ='FY12 chem site net costs'!R91 -> 0
...

Sheet FY12 sampling by SU
A1: 40694 | D1: Gross Annual SW S&T Costs (at estimated FY12 NWQL prices (5% increase chem - 4.5% increase Eco) | N1: Gross Annual SW S&T Costs (Costs in columns C-J adjusted to fit within target)
D2: Chemistry | G2: Ecology | I2: Total | N2: Chemistry | Q2: Ecology | S2: Total
A3: Study Unit | C3: MRB | D3: Lab Analysis (includes QC) | E3: Sampling & Data Review | F3: Streamflow Gaging | G3: Lab Analysis (includes QC) | H3: Sampling & Data Review | I3: Lab Analysis | J3: SU Costs | K3: TOTAL | M3: Target Adjustment Factor | N3: Lab Analysis (including QC) | O3: Sampling & Data Review | P3: Streamflow Gaging | Q3: Lab Analysis (including QC) | R3: Sampling & Data Review | S3: Lab Analysis | T3: SU Costs | U3: TOTAL
A4: ACFB | B4: 01 | C4: 2 | D4: 43731.74 | E4: =SUM('SW sites'!H4:'SW sites'!H8) -> 144625 | F4: =SUM('SW sites'!I4:'SW sites'!I8) -> 43920 | G4: 8584.86 | H4: =SUM('SW sites'!J4:'SW sites'!J8) -> 20303.858 | I4: =D4+G4 -> 52316.6 | J4: =E4+H4+F4 -> 208848.86 | K4: =I4+J4 -> 261165.46 | M4: 1 | N4: =D4 -> 43731.74 | O4: =E4*$M4 -> 144625 | P4: =F4*$M4 -> 43920 | Q4: =G4 -> 8584.86 | R4: =H4*$M4 -> 20303.858 | S4: =N4+Q4 -> 52316.6 | T4: =O4+R4+P4 -> 208848.86 | U4: =S4+T4 -> 261165.46
A5: ALBE | B5: 01 | C5: 2 | D5: 42334.24 | E5: =SUM('SW sites'!H9:'SW sites'!H12) -> 156237 | F5: =SUM('SW sites'!I9:'SW sites'!I12) -> 14627 | G5: 4292.43 | H5: =SUM('SW sites'!J9:'SW sites'!J12) -> 15741.365 | I5: =D5+G5 -> 46626.67 | J5: =E5+H5+F5 -> 186605.36 | K5: =I5+J5 -> 233232.03 | M5: 1 | N5: =D5 -> 42334.24 | O5: =E5*$M5 -> 156237 | P5: =F5*$M5 -> 14627 | Q5: =G5 -> 4292.43 | R5: =H5*$M5 -> 15741.365 | S5: =N5+Q5 -> 46626.67 | T5: =O5+R5+P5 -> 186605.36 | U5: =S5+T5 -> 233232.03
A6: CCYK | B6: 01 | C6: 7 | D6: 12091.5 | E6: =SUM('SW sites'!H13:'SW sites'!H15) -> 72044 | F6: =SUM('SW sites'!I13:'SW sites'!I15) -> 31036 | G6: 8584.86 | H6: =SUM('SW sites'!J13:'SW sites'!J15) -> 28201.704 | I6: =D6+G6 -> 20676.36 | J6: =E6+H6+F6 -> 131281.7 | K6: =I6+J6 -> 151958.06 | M6: 1 | N6: =D6 -> 12091.5 | O6: =E6*$M6 -> 72044 | P6: =F6*$M6 -> 31036 | Q6: =G6 -> 8584.86 | R6: =H6*$M6 -> 28201.704 | S6: =N6+Q6 -> 20676.36 | T6: =O6+R6+P6 -> 131281.7 | U6: =S6+T6 -> 151958.06
A7: CNBR | B7: 01 | C7: 4 | D7: 40490.63 | E7: =SUM('SW sites'!H16:'SW sites'!H20) -> 163923 | F7: =SUM('SW sites'!I16:'SW sites'!I20) -> 12151 | G7: 8584.86 | H7: =SUM('SW sites'!J16:'SW sites'!J20) -> 29581.533 | I7: =D7+G7 -> 49075.49 | J7: =E7+H7+F7 -> 205655.53 | K7: =I7+J7 -> 254731.02 | M7: 1 | N7: =D7 -> 40490.63 | O7: =E7*$M7 -> 163923 | P7: =F7*$M7 -> 12151 | Q7: =G7 -> 8584.86 | R7: =H7*$M7 -> 29581.533 | S7: =N7+Q7 -> 49075.49 | T7: =O7+R7+P7 -> 205655.53 | U7: =S7+T7 -> 254731.02
A8: CONN | B8: 01 | C8: 1 | D8: 12091.5 | E8: =SUM('SW sites'!H21:'SW sites'!H24) -> 75515 | F8: =SUM('SW sites'!I21:'SW sites'!I24) -> 11999 | G8: 8584.86 | H8: =SUM('SW sites'!J21:'SW sites'!J24) -> 25177.169 | I8: =D8+G8 -> 20676.36 | J8: =E8+H8+F8 -> 112691.17 | K8: =I8+J8 -> 133367.53 | M8: 1 | N8: =D8 -> 12091.5 | O8: =E8*$M8 -> 75515 | P8: =F8*$M8 -> 11999 | Q8: =G8 -> 8584.86 | R8: =H8*$M8 -> 25177.169 | S8: =N8+Q8 -> 20676.36 | T8: =O8+R8+P8 -> 112691.17 | U8: =S8+T8 -> 133367.53
A9: GAFL | B9: 01 | C9: 2 | D9: 15447.02 | E9: =SUM('SW sites'!H25:'SW sites'!H27) -> 65122 | F9: =SUM('SW sites'!I25:'SW sites'!I27) -> 0 | G9: 0 | H9: =SUM('SW sites'!J25:'SW sites'!J27) -> 0 | I9: =D9+G9 -> 15447.02 | J9: =E9+H9+F9 -> 65122 | K9: =I9+J9 -> 80569.02 | M9: 1 | N9: =D9 -> 15447.02 | O9: =E9*$M9 -> 65122 | P9: =F9*$M9 -> 0 | Q9: =G9 -> 0 | R9: =H9*$M9 -> 0 | S9: =N9+Q9 -> 15447.02 | T9: =O9+R9+P9 -> 65122 | U9: =S9+T9 -> 80569.02
A10: NVBR | B10: 01 | C10: 6 | D10: 15447.02 | E10: =SUM('SW sites'!H28:'SW sites'!H30) -> 66456 | F10: =SUM('SW sites'!I28:'SW sites'!I30) -> 0 | G10: 0 | H10: =SUM('SW sites'!J28:'SW sites'!J30) -> 0 | I10: =D10+G10 -> 15447.02 | J10: =E10+H10+F10 -> 66456 | K10: =I10+J10 -> 81903.02 | M10: 1 | N10: =D10 -> 15447.02 | O10: =E10*$M10 -> 66456 | P10: =F10*$M10 -> 0 | Q10: =G10 -> 0 | R10: =H10*$M10 -> 0 | S10: =N10+Q10 -> 15447.02 | T10: =O10+R10+P10 -> 66456 | U10: =S10+T10 -> 81903.02
A11: PODL | B11: 01 | C11: 1 | D11: 49774.74 | E11: =SUM('SW sites'!H31:'SW sites'!H34) -> 193443 | F11: =SUM('SW sites'!I31:'SW sites'!I34) -> 29692 | G11: 8584.86 | H11: =SUM('SW sites'!J31:'SW sites'!J34) -> 27776.8 | I11: =D11+G11 -> 58359.6 | J11: =E11+H11+F11 -> 250911.8 | K11: =I11+J11 -> 309271.4 | M11: 1 | N11: =D11 -> 49774.74 | O11: =E11*$M11 -> 193443 | P11: =F11*$M11 -> 29692 | Q11: =G11 -> 8584.86 | R11: =H11*$M11 -> 27776.8 | S11: =N11+Q11 -> 58359.6 | T11: =O11+R11+P11 -> 250911.8 | U11: =S11+T11 -> 309271.4
A12: SANJ | B12: 01 | C12: 8 | D12: 26769.96 | E12: =SUM('SW sites'!H35:'SW sites'!H38) -> 98065 | F12: =SUM('SW sites'!I35:'SW sites'!I38) -> 18306 | G12: 8584.86 | H12: =SUM('SW sites'!J35:'SW sites'!J38) -> 31558.364 | I12: =D12+G12 -> 35354.82 | J12: =E12+H12+F12 -> 147929.36 | K12: =I12+J12 -> 183284.18 | M12: 1 | N12: =D12 -> 26769.96 | O12: =E12*$M12 -> 98065 | P12: =F12*$M12 -> 18306 | Q12: =G12 -> 8584.86 | R12: =H12*$M12 -> 31558.364 | S12: =N12+Q12 -> 35354.82 | T12: =O12+R12+P12 -> 147929.36 | U12: =S12+T12 -> 183284.18
A13: SPLT | B13: 01 | C13: 4 | D13: 0 | E13: =SUM('SW sites'!H39:'SW sites'!H40) -> 0 | F13: =SUM('SW sites'!I39:'SW sites'!I40) -> 0 | G13: 0 | H13: =SUM('SW sites'!J39:'SW sites'!J40) -> 0 | I13: =D13+G13 -> 0 | J13: =E13+H13+F13 -> 0 | K13: =I13+J13 -> 0 | M13: 1 | N13: =D13 -> 0 | O13: =E13*$M13 -> 0 | P13: =F13*$M13 -> 0 | Q13: =G13 -> 0 | R13: =H13*$M13 -> 0 | S13: =N13+Q13 -> 0 | T13: =O13+R13+P13 -> 0 | U13: =S13+T13 -> 0
A14: TRIN | B14: 01 | C14: 5 | D14: 15447.02 | E14: =SUM('SW sites'!H41:'SW sites'!H43) -> 99018 | F14: =SUM('SW sites'!I41:'SW sites'!I43) -> 0 | G14: 4292.43 | H14: =SUM('SW sites'!J41:'SW sites'!J43) -> 23450.197 | I14: =D14+G14 -> 19739.45 | J14: =E14+H14+F14 -> 122468.2 | K14: =I14+J14 -> 142207.65 | M14: 1 | N14: =D14 -> 15447.02 | O14: =E14*$M14 -> 99018 | P14: =F14*$M14 -> 0 | Q14: =G14 -> 4292.43 | R14: =H14*$M14 -> 23450.197 | S14: =N14+Q14 -> 19739.45 | T14: =O14+R14+P14 -> 122468.2 | U14: =S14+T14 -> 142207.65
A15: WHMI | B15: 01 | C15: 3 | D15: 49774.74 | E15: =SUM('SW sites'!H44:'SW sites'!H47) -> 199154 | F15: =SUM('SW sites'!I44:'SW sites'!I47) -> 12552 | G15: 8584.86 | H15: =SUM('SW sites'!J44:'SW sites'!J47) -> 21639.192 | I15: =D15+G15 -> 58359.6 | J15: =E15+H15+F15 -> 233345.19 | K15: =I15+J15 -> 291704.79 | M15: 1 | N15: =D15 -> 49774.74 | O15: =E15*$M15 -> 199154 | P15: =F15*$M15 -> 12552 | Q15: =G15 -> 8584.86 | R15: =H15*$M15 -> 21639.192 | S15: =N15+Q15 -> 58359.6 | T15: =O15+R15+P15 -> 233345.19 | U15: =S15+T15 -> 291704.79
A16: WILL | B16: 01 | C16: 7 | D16: 41934.36 | E16: =SUM('SW sites'!H48:'SW sites'!H51) -> 175670 | F16: =SUM('SW sites'!I48:'SW sites'!I51) -> 37930 | G16: 4292.43 | H16: =SUM('SW sites'!J48:'SW sites'!J51) -> 14507.091 | I16: =D16+G16 -> 46226.79 | J16: =E16+H16+F16 -> 228107.09 | K16: =I16+J16 -> 274333.88 | M16: 1 | N16: =D16 -> 41934.36 | O16: =E16*$M16 -> 175670 | P16: =F16*$M16 -> 37930 | Q16: =G16 -> 4292.43 | R16: =H16*$M16 -> 14507.091 | S16: =N16+Q16 -> 46226.79 | T16: =O16+R16+P16 -> 228107.09 | U16: =S16+T16 -> 274333.88
A17: WMIC | B17: 01 | C17: 3 | D17: 15965.57 | E17: =SUM('SW sites'!H52:'SW sites'!H54) -> 81933 | F17: =SUM('SW sites'!I52:'SW sites'!I54) -> 14144 | G17: 8584.86 | H17: =SUM('SW sites'!J52:'SW sites'!J54) -> 39625.208 | I17: =D17+G17 -> 24550.43 | J17: =E17+H17+F17 -> 135702.21 | K17: =I17+J17 -> 160252.64 | M17: 1 | N17: =D17 -> 15965.57 | O17: =E17*$M17 -> 81933 | P17: =F17*$M17 -> 14144 | Q17: =G17 -> 8584.86 | R17: =H17*$M17 -> 39625.208 | S17: =N17+Q17 -> 24550.43 | T17: =O17+R17+P17 -> 135702.21 | U17: =S17+T17 -> 160252.64
A18: EIWA | B18: 04 | C18: 3 | D18: 53247.08 | E18: =SUM('SW sites'!H55:'SW sites'!H58) -> 171536.5 | F18: =SUM('SW sites'!I55:'SW sites'!I58) -> 23587 | G18: 4292.43 | H18: =SUM('SW sites'!J55:'SW sites'!J57) -> 17084.496 | I18: =D18+G18 -> 57539.51 | J18: =E18+H18+F18 -> 212208 | K18: =I18+J18 -> 269747.51 | M18: 1 | N18: =D18 -> 53247.08 | O18: =E18*$M18 -> 171536.5 | P18: =F18*$M18 -> 23587 | Q18: =G18 -> 4292.43 | R18: =H18*$M18 -> 17084.496 | S18: =N18+Q18 -> 57539.51 | T18: =O18+R18+P18 -> 212208 | U18: =S18+T18 -> 269747.51
A19: HDSN | B19: 04 | C19: 1 | D19: 15965.57 | E19: =SUM('SW sites'!H59:'SW sites'!H61) -> 77820 | F19: =SUM('SW sites'!I59:'SW sites'!I61) -> 29600 | G19: 4292.43 | H19: =SUM('SW sites'!J59:'SW sites'!J61) -> 13930.615 | I19: =D19+G19 -> 20258 | J19: =E19+H19+F19 -> 121350.62 | K19: =I19+J19 -> 141608.62 | M19: 1 | N19: =D19 -> 15965.57 | O19: =E19*$M19 -> 77820 | P19: =F19*$M19 -> 29600 | Q19: =G19 -> 4292.43 | R19: =H19*$M19 -> 13930.615 | S19: =N19+Q19 -> 20258 | T19: =O19+R19+P19 -> 121350.62 | U19: =S19+T19 -> 141608.62
A20: LERI | B20: 04 | C20: 3 | D20: 19703.72 | E20: =SUM('SW sites'!H62:'SW sites'!H65) -> 117473 | F20: =SUM('SW sites'!I62:'SW sites'!I65) -> 16328 | G20: 4292.43 | H20: =SUM('SW sites'!J62:'SW sites'!J65) -> 20625.253 | I20: =D20+G20 -> 23996.15 | J20: =E20+H20+F20 -> 154426.25 | K20: =I20+J20 -> 178422.4 | M20: 1 | N20: =D20 -> 19703.72 | O20: =E20*$M20 -> 117473 | P20: =F20*$M20 -> 16328 | Q20: =G20 -> 4292.43 | R20: =H20*$M20 -> 20625.253 | S20: =N20+Q20 -> 23996.15 | T20: =O20+R20+P20 -> 154426.25 | U20: =S20+T20 -> 178422.4
A21: LINJ | B21: 04 | C21: 1 | D21: 15965.57 | E21: =SUM('SW sites'!H66:'SW sites'!H67) -> 109929 | F21: =SUM('SW sites'!I66:'SW sites'!I67) -> 0 | G21: 0 | H21: =SUM('SW sites'!J66:'SW sites'!J67) -> 0 | I21: =D21+G21 -> 15965.57 | J21: =E21+H21+F21 -> 109929 | K21: =I21+J21 -> 125894.57 | M21: 1 | N21: =D21 -> 15965.57 | O21: =E21*$M21 -> 109929 | P21: =F21*$M21 -> 0 | Q21: =G21 -> 0 | R21: =H21*$M21 -> 0 | S21: =N21+Q21 -> 15965.57 | T21: =O21+R21+P21 -> 109929 | U21: =S21+T21 -> 125894.57
A22: LIRB | B22: 04 | C22: 3 | D22: 19806.32 | E22: =SUM('SW sites'!H68:'SW sites'!H69) -> 82677 | F22: =SUM('SW sites'!I68:'SW sites'!I69) -> 0 | G22: 0 | H22: =SUM('SW sites'!J68:'SW sites'!J69) -> 0 | I22: =D22+G22 -> 19806.32 | J22: =E22+H22+F22 -> 82677 | K22: =I22+J22 -> 102483.32 | M22: 1 | N22: =D22 -> 19806.32 | O22: =E22*$M22 -> 82677 | P22: =F22*$M22 -> 0 | Q22: =G22 -> 0 | R22: =H22*$M22 -> 0 | S22: =N22+Q22 -> 19806.32 | T22: =O22+R22+P22 -> 82677 | U22: =S22+T22 -> 102483.32
A23: MISE | B23: 04 | C23: 5 | D23: 23841.74 | E23: =SUM('SW sites'!H70) -> 79177 | F23: =SUM('SW sites'!I70) -> 0 | G23: 0 | H23: =SUM('SW sites'!J70) -> 0 | I23: =D23+G23 -> 23841.74 | J23: =E23+H23+F23 -> 79177 | K23: =I23+J23 -> 103018.74 | M23: 1 | N23: =D23 -> 23841.74 | O23: =E23*$M23 -> 79177 | P23: =F23*$M23 -> 0 | Q23: =G23 -> 0 | R23: =H23*$M23 -> 0 | S23: =N23+Q23 -> 23841.74 | T23: =O23+R23+P23 -> 79177 | U23: =S23+T23 -> 103018.74
A24: OZRK | B24: 04 | C24: 5 | D24: 3314.65 | E24: =SUM('SW sites'!H71:'SW sites'!H74) -> 25942 | F24: =SUM('SW sites'!I71:'SW sites'!I74) -> 14872 | G24: 4292.43 | H24: =SUM('SW sites'!J71:'SW sites'!J74) -> 19812.964 | I24: =D24+G24 -> 7607.08 | J24: =E24+H24+F24 -> 60626.964 | K24: =I24+J24 -> 68234.044 | M24: 1 | N24: =D24 -> 3314.65 | O24: =E24*$M24 -> 25942 | P24: =F24*$M24 -> 14872 | Q24: =G24 -> 4292.43 | R24: =H24*$M24 -> 19812.964 | S24: =N24+Q24 -> 7607.08 | T24: =O24+R24+P24 -> 60626.964 | U24: =S24+T24 -> 68234.044
A25: PUGT | B25: 04 | C25: 7 | D25: 0 | E25: =SUM('SW sites'!H75:'SW sites'!H76) -> 0 | F25: =SUM('SW sites'!I75:'SW sites'!I76) -> 14860 | G25: 4292.43 | H25: =SUM('SW sites'!J75:'SW sites'!J76) -> 8105.0268 | I25: =D25+G25 -> 4292.43 | J25: =E25+H25+F25 -> 22965.027 | K25: =I25+J25 -> 27257.457 | M25: 1 | N25: =D25 -> 0 | O25: =E25*$M25 -> 0 | P25: =F25*$M25 -> 14860 | Q25: =G25 -> 4292.43 | R25: =H25*$M25 -> 8105.0268 | S25: =N25+Q25 -> 4292.43 | T25: =O25+R25+P25 -> 22965.027 | U25: =S25+T25 -> 27257.457
A26: RIOG | B26: 04 | C26: 6 | D26: 12304.19 | E26: =SUM('SW sites'!H77:'SW sites'!H78) -> 70195 | F26: =SUM('SW sites'!I77:'SW sites'!I78) -> 0 | G26: 4292.43 | H26: =SUM('SW sites'!J77:'SW sites'!J78) -> 24911.452 | I26: =D26+G26 -> 16596.62 | J26: =E26+H26+F26 -> 95106.452 | K26: =I26+J26 -> 111703.07 | M26: 1 | N26: =D26 -> 12304.19 | O26: =E26*$M26 -> 70195 | P26: =F26*$M26 -> 0 | Q26: =G26 -> 4292.43 | R26: =H26*$M26 -> 24911.452 | S26: =N26+Q26 -> 16596.62 | T26: =O26+R26+P26 -> 95106.452 | U26: =S26+T26 -> 111703.07
A27: SACR | B27: 04 | C27: 8 | D27: 17206.04 | E27: =SUM('SW sites'!H79:'SW sites'!H80) -> 90774 | F27: =SUM('SW sites'!I79:'SW sites'!I80) -> 24693 | G27: 4292.43 | H27: =SUM('SW sites'!J79:'SW sites'!J80) -> 13163.395 | I27: =D27+G27 -> 21498.47 | J27: =E27+H27+F27 -> 128630.4 | K27: =I27+J27 -> 150128.87 | M27: 1 | N27: =D27 -> 17206.04 | O27: =E27*$M27 -> 90774 | P27: =F27*$M27 -> 24693 | Q27: =G27 -> 4292.43 | R27: =H27*$M27 -> 13163.395 | S27: =N27+Q27 -> 21498.47 | T27: =O27+R27+P27 -> 128630.4 | U27: =S27+T27 -> 150128.87
A28: SANT | B28: 04 | C28: 2 | D28: 15447.02 | E28: =SUM('SW sites'!H81:'SW sites'!H84) -> 61515 | F28: =SUM('SW sites'!I81:'SW sites'!I84) -> 51993 | G28: 12877.29 | H28: =SUM('SW sites'!J81:'SW sites'!J84) -> 35286.436 | I28: =D28+G28 -> 28324.31 | J28: =E28+H28+F28 -> 148794.44 | K28: =I28+J28 -> 177118.75 | M28: 1 | N28: =D28 -> 15447.02 | O28: =E28*$M28 -> 61515 | P28: =F28*$M28 -> 51993 | Q28: =G28 -> 12877.29 | R28: =H28*$M28 -> 35286.436 | S28: =N28+Q28 -> 28324.31 | T28: =O28+R28+P28 -> 148794.44 | U28: =S28+T28 -> 177118.75
A29: SCTX | B29: 04 | C29: 5 | D29: 16929.28 | E29: =SUM('SW sites'!H85:'SW sites'!H86) -> 78215 | F29: =SUM('SW sites'!I85:'SW sites'!I86) -> 0 | G29: 8584.86 | H29: =SUM('SW sites'!J85:'SW sites'!J86) -> 27256.603 | I29: =D29+G29 -> 25514.14 | J29: =E29+H29+F29 -> 105471.6 | K29: =I29+J29 -> 130985.74 | M29: 1 | N29: =D29 -> 16929.28 | O29: =E29*$M29 -> 78215 | P29: =F29*$M29 -> 0 | Q29: =G29 -> 8584.86 | R29: =H29*$M29 -> 27256.603 | S29: =N29+Q29 -> 25514.14 | T29: =O29+R29+P29 -> 105471.6 | U29: =S29+T29 -> 130985.74
A30: UMIS | B30: 04 | C30: 3 | D30: 15965.57 | E30: =SUM('SW sites'!H87:'SW sites'!H89) -> 73830 | F30: =SUM('SW sites'!I87:'SW sites'!I89) -> 36264 | G30: 4292.43 | H30: =SUM('SW sites'!J87:'SW sites'!J89) -> 14001.264 | I30: =D30+G30 -> 20258 | J30: =E30+H30+F30 -> 124095.26 | K30: =I30+J30 -> 144353.26 | M30: 1 | N30: =D30 -> 15965.57 | O30: =E30*$M30 -> 73830 | P30: =F30*$M30 -> 36264 | Q30: =G30 -> 4292.43 | R30: =H30*$M30 -> 14001.264 | S30: =N30+Q30 -> 20258 | T30: =O30+R30+P30 -> 124095.26 | U30: =S30+T30 -> 144353.26
A31: USNK | B31: 04 | C31: 7 | D31: 12091.5 | E31: =SUM('SW sites'!H90:'SW sites'!H93) -> 68093 | F31: =SUM('SW sites'!I90:'SW sites'!I93) -> 33910 | G31: 4292.43 | H31: =SUM('SW sites'!J90:'SW sites'!J93) -> 18114.74 | I31: =D31+G31 -> 16383.93 | J31: =E31+H31+F31 -> 120117.74 | K31: =I31+J31 -> 136501.67 | M31: 1 | N31: =D31 -> 12091.5 | O31: =E31*$M31 -> 68093 | P31: =F31*$M31 -> 33910 | Q31: =G31 -> 4292.43 | R31: =H31*$M31 -> 18114.74 | S31: =N31+Q31 -> 16383.93 | T31: =O31+R31+P31 -> 120117.74 | U31: =S31+T31 -> 136501.67
A32: ACAD | B32: 07 | C32: 5 | D32: 3314.65 | E32: =SUM('SW sites'!H94:'SW sites'!H97) -> 30475 | F32: =SUM('SW sites'!I94:'SW sites'!I97) -> 0 | G32: 4292.43 | H32: =SUM('SW sites'!J94:'SW sites'!J97) -> 21078.477 | I32: =D32+G32 -> 7607.08 | J32: =E32+H32+F32 -> 51553.477 | K32: =I32+J32 -> 59160.557 | M32: 1 | N32: =D32 -> 3314.65 | O32: =E32*$M32 -> 30475 | P32: =F32*$M32 -> 0 | Q32: =G32 -> 4292.43 | R32: =H32*$M32 -> 21078.477 | S32: =N32+Q32 -> 7607.08 | T32: =O32+R32+P32 -> 51553.477 | U32: =S32+T32 -> 59160.557
A33: CAZB | B33: 07 | C33: 6 | D33: 3314.65 | E33: =SUM('SW sites'!H98:'SW sites'!H101) -> 21880 | F33: =SUM('SW sites'!I98:'SW sites'!I101) -> 0 | G33: 4292.43 | H33: =SUM('SW sites'!J98:'SW sites'!J101) -> 19113.478 | I33: =D33+G33 -> 7607.08 | J33: =E33+H33+F33 -> 40993.478 | K33: =I33+J33 -> 48600.558 | M33: 1 | N33: =D33 -> 3314.65 | O33: =E33*$M33 -> 21880 | P33: =F33*$M33 -> 0 | Q33: =G33 -> 4292.43 | R33: =H33*$M33 -> 19113.478 | S33: =N33+Q33 -> 7607.08 | T33: =O33+R33+P33 -> 40993.478 | U33: =S33+T33 -> 48600.558
A34: DELR | B34: 07 | C34: 1 | D34: 12091.5 | E34: =SUM('SW sites'!H102:'SW sites'!H104) -> 73004 | F34: =SUM('SW sites'!I102:'SW sites'!I104) -> 0 | G34: 8584.86 | H34: =SUM('SW sites'!J102:'SW sites'!J104) -> 25233.993 | I34: =D34+G34 -> 20676.36 | J34: =E34+H34+F34 -> 98237.993 | K34: =I34+J34 -> 118914.35 | M34: 1 | N34: =D34 -> 12091.5 | O34: =E34*$M34 -> 73004 | P34: =F34*$M34 -> 0 | Q34: =G34 -> 8584.86 | R34: =H34*$M34 -> 25233.993 | S34: =N34+Q34 -> 20676.36 | T34: =O34+R34+P34 -> 98237.993 | U34: =S34+T34 -> 118914.35
A35: GRSL | B35: 07 | C35: 6 | D35: 3314.65 | E35: =SUM('SW sites'!H105:'SW sites'!H107) -> 19784 | F35: =SUM('SW sites'!I105:'SW sites'!I107) -> 15931 | G35: 4292.43 | H35: =SUM('SW sites'!J105:'SW sites'!J107) -> 7383.6232 | I35: =D35+G35 -> 7607.08 | J35: =E35+H35+F35 -> 43098.623 | K35: =I35+J35 -> 50705.703 | M35: 1 | N35: =D35 -> 3314.65 | O35: =E35*$M35 -> 19784 | P35: =F35*$M35 -> 15931 | Q35: =G35 -> 4292.43 | R35: =H35*$M35 -> 7383.6232 | S35: =N35+Q35 -> 7607.08 | T35: =O35+R35+P35 -> 43098.623 | U35: =S35+T35 -> 50705.703
A36: MOBL | B36: 07 | C36: 2 | D36: 15447.02 | E36: =SUM('SW sites'!H108:'SW sites'!H110) -> 86053 | F36: =SUM('SW sites'!I108:'SW sites'!I110) -> 16536 | G36: 0 | H36: =SUM('SW sites'!J108:'SW sites'!J110) -> 0 | I36: =D36+G36 -> 15447.02 | J36: =E36+H36+F36 -> 102589 | K36: =I36+J36 -> 118036.02 | M36: 1 | N36: =D36 -> 15447.02 | O36: =E36*$M36 -> 86053 | P36: =F36*$M36 -> 16536 | Q36: =G36 -> 0 | R36: =H36*$M36 -> 0 | S36: =N36+Q36 -> 15447.02 | T36: =O36+R36+P36 -> 102589 | U36: =S36+T36 -> 118036.02
A37: NECB | B37: 07 | C37: 1 | D37: 0 | E37: 0 | F37: ='SW sites'!I111 -> see MARI | G37: 0 | H37: 0 | I37: =D37+G37 -> 0 | J37: 0 | K37: =I37+J37 -> 0 | M37: 1 | N37: =D37 -> 0 | O37: =E37*$M37 -> 0 | P37: 0 | Q37: =G37 -> 0 | R37: =H37*$M37 -> 0 | S37: =N37+Q37 -> 0 | T37: =O37+R37+P37 -> 0 | U37: =S37+T37 -> 0
A38: SOCA | B38: 07 | C38: 8 | D38: 15515.42 | E38: =SUM('SW sites'!H112:'SW sites'!H113) -> 74252 | F38: =SUM('SW sites'!I112:'SW sites'!I113) -> 0 | G38: 4292.43 | H38: =SUM('SW sites'!J112:'SW sites'!J113) -> 10343.254 | I38: =D38+G38 -> 19807.85 | J38: =E38+H38+F38 -> 84595.254 | K38: =I38+J38 -> 104403.1 | M38: 1 | N38: =D38 -> 15515.42 | O38: =E38*$M38 -> 74252 | P38: =F38*$M38 -> 0 | Q38: =G38 -> 4292.43 | R38: =H38*$M38 -> 10343.254 | S38: =N38+Q38 -> 19807.85 | T38: =O38+R38+P38 -> 84595.254 | U38: =S38+T38 -> 104403.1
A39: SOFL | B39: 07 | C39: 2 | D39: 0 | E39: ='SW sites'!H114 -> 0 | F39: ='SW sites'!I114 -> 0 | G39: 0 | H39: ='SW sites'!J114 -> 0 | I39: =D39+G39 -> 0 | J39: =E39+H39+F39 -> 0 | K39: =I39+J39 -> 0 | M39: 1 | N39: =D39 -> 0 | O39: =E39*$M39 -> 0 | P39: =F39*$M39 -> 0 | Q39: =G39 -> 0 | R39: =H39*$M39 -> 0 | S39: =N39+Q39 -> 0 | T39: =O39+R39+P39 -> 0 | U39: =S39+T39 -> 0
A40: TENN | B40: 07 | C40: 2 | D40: 19703.72 | E40: =SUM('SW sites'!H115:'SW sites'!H118) -> 149558 | F40: =SUM('SW sites'!I115:'SW sites'!I118) -> 16632 | G40: 0 | H40: =SUM('SW sites'!J115:'SW sites'!J118) -> 0 | I40: =D40+G40 -> 19703.72 | J40: =E40+H40+F40 -> 166190 | K40: =I40+J40 -> 185893.72 | M40: 1 | N40: =D40 -> 19703.72 | O40: =E40*$M40 -> 149558 | P40: =F40*$M40 -> 16632 | Q40: =G40 -> 0 | R40: =H40*$M40 -> 0 | S40: =N40+Q40 -> 19703.72 | T40: =O40+R40+P40 -> 166190 | U40: =S40+T40 -> 185893.72
A41: UCOL | B41: 07 | C41: 6 | D41: 8502.56 | E41: ='SW sites'!H119 -> 57034 | F41: ='SW sites'!I119 -> 0 | G41: 0 | H41: ='SW sites'!J119 -> 0 | I41: =D41+G41 -> 8502.56 | J41: =E41+H41+F41 -> 57034 | K41: =I41+J41 -> 65536.56 | M41: 1 | N41: =D41 -> 8502.56 | O41: =E41*$M41 -> 57034 | P41: =F41*$M41 -> 0 | Q41: =G41 -> 0 | R41: =H41*$M41 -> 0 | S41: =N41+Q41 -> 8502.56 | T41: =O41+R41+P41 -> 57034 | U41: =S41+T41 -> 65536.56
A42: UIRB | B42: 07 | C42: 3 | D42: 0 | E42: =SUM('SW sites'!H120:'SW sites'!H121) -> 0 | F42: =SUM('SW sites'!I120:'SW sites'!I121) -> 0 | G42: 0 | H42: =SUM('SW sites'!J120:'SW sites'!J121) -> 0 | I42: =D42+G42 -> 0 | J42: =E42+H42+F42 -> 0 | K42: =I42+J42 -> 0 | M42: 1 | N42: =D42 -> 0 | O42: =E42*$M42 -> 0 | P42: =F42*$M42 -> 0 | Q42: =G42 -> 0 | R42: =H42*$M42 -> 0 | S42: =N42+Q42 -> 0 | T42: =O42+R42+P42 -> 0 | U42: =S42+T42 -> 0
A43: YELL | B43: 07 | C43: 4 | D43: 8502.56 | E43: =SUM('SW sites'!H122:'SW sites'!H125) -> 54868 | F43: =SUM('SW sites'!I122:'SW sites'!I125) -> 0 | G43: 4292.43 | H43: =SUM('SW sites'!J122:'SW sites'!J125) -> 26340.827 | I43: =D43+G43 -> 12794.99 | J43: =E43+H43+F43 -> 81208.827 | K43: =I43+J43 -> 94003.817 | M43: 1 | N43: =D43 -> 8502.56 | O43: =E43*$M43 -> 54868 | P43: =F43*$M43 -> 0 | Q43: =G43 -> 4292.43 | R43: =H43*$M43 -> 26340.827 | S43: =N43+Q43 -> 12794.99 | T43: =O43+R43+P43 -> 81208.827 | U43: =S43+T43 -> 94003.817
M44: 1
D45: =SUM(D4:D43) -> 712795.02 | E45: =SUM(E4:E43) -> 3265289.5 | F45: =SUM(F4:F43) -> 521563 | G45: =SUM(G4:G43) -> 171697.2 | H45: =SUM(H4:H43) -> 599348.38 | I45: =SUM(I4:I43) -> 884492.22 | J45: =SUM(J4:J43) -> 4386200.9 | K45: =SUM(K4:K43) -> 5270693.1 | N45: =SUM(N4:N43) -> 712795.02 | O45: =SUM(O4:O43) -> 3265289.5 | P45: =SUM(P4:P43) -> 521563 | Q45: =SUM(Q4:Q43) -> 171697.2 | R45: =SUM(R4:R43) -> 599348.38 | S45: =SUM(S4:S43) -> 884492.22 | T45: =SUM(T4:T43) -> 4386200.9 | U45: =SUM(U4:U43) -> 5270693.1
M47: The target adjustment
M48: factor is the percentage
M49: adjustment needed for
M50: budgets to meet the SW S&T
M51: allocation.

Sheet MRB reports
A1: 40287 | F1: FY07 | G1: FY07 | H1: FY07 | I1: FY07 | J1: FY07 | K1: FY07 | L1: FY07 | N1: FY08 | O1: FY08 | P1: FY08 | Q1: FY08 | R1: FY08 | S1: FY08 | T1: FY08 | U1: FY08 | W1: FY09 | X1: FY09 | Y1: FY09 | Z1: FY09 | AA1: FY09 | AB1: FY09 | AC1: FY09 | AE1: FY10 | AF1: FY10 | AG1: FY10 | AH1: FY10 | AI1: FY10 | AJ1: FY10 | AK1: FY10 | AM1: FY11 | AN1: FY11 | AO1: FY11 | AP1: FY11 | AQ1: FY11 | AR1: FY11 | AS1: FY11 | AU1: FY12 | AV1: FY12 | AW1: FY12 | AX1: FY12 | AY1: FY12 | AZ1: FY12 | BA1: FY12
A2: Report Number | B2: Person's Name | C2: Study Unit | D2: District Account Number | E2: Comments | F2: Salary+Benefits | G2: Travel (air fare, lodging, per diem) | H2: Percent FTE | I2: Publication costs | J2: Other costs | K2: Brief description of other costs | L2: Total Gross Costs | N2: Salary+Benefits | O2: Travel (air fare, lodging, per diem) | P2: Percent FTE | Q2: Publication costs | R2: Other costs | S2: Brief description of other costs | T2: Adjustment Factor | U2: Total Gross Costs | W2: Salary+Benefits | X2: Travel (air fare, lodging, per diem) | Y2: Percent FTE | Z2: Publication costs | AA2: Other costs | AB2: Brief description of other costs | AC2: Total Gross Costs | AE2: Salary+Benefits | AF2: Travel (air fare, lodging, per diem) | AG2: Percent FTE | AH2: Publication costs | AI2: Other costs | AJ2: Brief description of other costs | AK2: Total Gross Costs | AM2: Salary+Benefits | AN2: Travel (air fare, lodging, per diem) | AO2: Percent FTE | AP2: Publication costs | AQ2: Other costs | AR2: Brief description of other costs | AS2: Total Gross Costs | AU2: Salary+Benefits | AV2: Travel (air fare, lodging, per diem) | AW2: Percent FTE | AX2: Publication costs | AY2: Other costs | AZ2: Brief description of other costs | BA2: Total Gross Costs
F3: (Gross) | G3: Total | I3: Total | J3: Total | N3: (Gross) | O3: Total | Q3: Total | R3: Total | U3: Gross | W3: (Gross) | X3: Total | Z3: Total | AA3: Total | AC3: Gross | AE3: (Gross) | AF3: Total | AH3: Total | AI3: Total | AK3: Gross | AM3: (Gross) | AN3: Total | AP3: Total | AQ3: Total | AS3: Gross | AU3: (Gross) | AV3: Total | AX3: Total | AY3: Total | BA3: Gross
A4: MRB1 SPARROW model | B4: Elaine Trench | C4: CONN | E4: Author | F4: 38400 | G4: 1000 | H4: 0.2 | I4: 0 | J4: 0 | L4: =F4+G4+I4+J4 -> 39400 | N4: 0 | O4: 0 | P4: 0 | Q4: 0 | R4: 0 | T4: 1 | U4: =N4+O4+Q4+R4 -> 0 | W4: 0 | X4: 0 | Y4: 0 | Z4: 0 | AA4: 0 | AC4: =W4+X4+Z4+AA4 -> 0 | AE4: 0 | AF4: 0 | AG4: 0 | AH4: 0 | AI4: 0 | AK4: =AE4+AF4+AH4+AI4 -> 0 | AM4: 0 | AN4: 0 | AO4: 0 | AP4: 0 | AQ4: 0 | AS4: =AM4+AN4+AP4+AQ4 -> 0 | AU4: 0 | AV4: 0 | AW4: 0 | AX4: 0 | AY4: 0 | BA4: =AU4+AV4+AX4+AY4 -> 0
A5: MRB1 SPARROW model | B5: Craig Johnston | C5: NECB | E5: Author | F5: 47300 | G5: 1500 | H5: 0.36 | I5: 0 | J5: 0 | L5: =F5+G5+I5+J5 -> 48800 | N5: 46500 | O5: 1100 | P5: 0.35 | Q5: 0 | R5: 0 | T5: 1 | U5: =N5+O5+Q5+R5 -> 47600 | W5: 57200 | X5: 2600 | Y5: 0.42 | Z5: 0 | AA5: 0 | AC5: =W5+X5+Z5+AA5 -> 59800 | AE5: 0 | AF5: 0 | AG5: 0 | AH5: 0 | AI5: 0 | AK5: =AE5+AF5+AH5+AI5 -> 0 | AM5: 0 | AN5: 0 | AO5: 0 | AP5: 0 | AQ5: 0 | AS5: =AM5+AN5+AP5+AQ5 -> 0 | AU5: 0 | AV5: 0 | AW5: 0 | AX5: 0 | AY5: 0 | BA5: =AU5+AV5+AX5+AY5 -> 0
A6: MRB1 SPARROW model | B6: Rich Moore | C6: NECB | E6: Lead author | F6: 88300 | G6: 1500 | H6: 0.44 | I6: 0 | J6: 0 | L6: =F6+G6+I6+J6 -> 89800 | N6: 128400 | O6: 4000 | P6: 0.63 | Q6: 0 | R6: 0 | T6: 1 | U6: =N6+O6+Q6+R6 -> 132400 | W6: 100600 | X6: 2600 | Y6: 0.49 | Z6: 7000 | AA6: 0 | AC6: =W6+X6+Z6+AA6 -> 110200 | AE6: 18400 | AF6: 0 | AG6: 0.77 | AH6: 0 | AI6: 0 | AK6: =AE6+AF6+AH6+AI6 -> 18400 | AM6: 0 | AN6: 0 | AO6: 0 | AP6: 0 | AQ6: 0 | AS6: =AM6+AN6+AP6+AQ6 -> 0 | AU6: 0 | AV6: 0 | AW6: 0 | AX6: 0 | AY6: 0 | BA6: =AU6+AV6+AX6+AY6 -> 0
L7: =F7+G7+I7+J7 -> 0 | T7: 1 | U7: =N7+O7+Q7+R7 -> 0 | AC7: =W7+X7+Z7+AA7 -> 0
A8: MRB1 SPARROW model | B8: FY TOTALS | F8: =SUM(F4:F7) -> 174000 | G8: =SUM(G4:G7) -> 4000 | H8: =SUM(H4:H7) -> 1 | I8: =SUM(I4:I7) -> 0 | J8: =SUM(J4:J7) -> 0 | L8: =SUM(L4:L7) -> 178000 | N8: =SUM(N4:N7) -> 174900 | O8: =SUM(O4:O7) -> 5100 | P8: =SUM(P4:P7) -> 0.98 | Q8: =SUM(Q4:Q7) -> 0 | R8: =SUM(R4:R7) -> 0 | U8: =SUM(U4:U7) -> 180000 | W8: =SUM(W4:W7) -> 157800 | X8: =SUM(X4:X7) -> 5200 | Y8: =SUM(Y4:Y7) -> 0.91 | Z8: =SUM(Z4:Z7) -> 7000 | AA8: =SUM(AA4:AA7) -> 0 | AC8: =SUM(AC4:AC7) -> 170000 | AE8: =SUM(AE4:AE7) -> 18400 | AF8: =SUM(AF4:AF7) -> 0 | AG8: =SUM(AG4:AG7) -> 0.77 | AH8: =SUM(AH4:AH7) -> 0 | AI8: =SUM(AI4:AI7) -> 0 | AK8: =SUM(AK4:AK7) -> 18400 | AM8: =SUM(AM4:AM7) -> 0 | AN8: =SUM(AN4:AN7) -> 0 | AO8: =SUM(AO4:AO7) -> 0 | AP8: =SUM(AP4:AP7) -> 0 | AQ8: =SUM(AQ4:AQ7) -> 0 | AS8: =SUM(AS4:AS7) -> 0 | AU8: =SUM(AU4:AU7) -> 0 | AV8: =SUM(AV4:AV7) -> 0 | AW8: =SUM(AW4:AW7) -> 0 | AX8: =SUM(AX4:AX7) -> 0 | AY8: =SUM(AY4:AY7) -> 0 | BA8: =SUM(BA4:BA7) -> 0
A10: MRB1 Eastern Eco model | B10: Kim Jones | C10: GRSL | E10: Author | F10: 0 | G10: 0 | H10: 0 | I10: 0 | J10: 0 | U10: =O10+P10+R10+S10 -> 0 | AC10: =W10+X10+Z10+AA10 -> 0 | AE10: 28000 | AF10: 1500 | AG10: 0.25 | AK10: =AE10+AF10+AH10+AI10 -> 29500 | AM10: 23000 | AO10: 0.25 | AQ10: 0 | AS10: =AM10+AN10+AP10+AQ10 -> 23000 | AY10: 0 | BA10: =AU10+AV10+AX10+AY10 -> 0
A11: MRB1 Eastern Eco model | B11: Ian Waite | C11: WILL | E11: Author | F11: 0 | G11: 0 | H11: 0 | I11: 0 | J11: 0 | U11: =O11+P11+R11+S11 -> 0 | AC11: =W11+X11+Z11+AA11 -> 0 | AE11: 31000 | AF11: 3000 | AG11: 0.15 | AK11: =AE11+AF11+AH11+AI11 -> 34000 | AM11: 98380 | AN11: 3000 | AO11: 0.15 | AQ11: 0 | AS11: =AM11+AN11+AP11+AQ11 -> 101380 | AU11: 45000 | AV11: 3000 | AW11: 0.2 | AY11: 0 | BA11: =AU11+AV11+AX11+AY11 -> 48000
A12: MRB1 Eastern Eco model | B12: Larry Brown | C12: SANJ | E12: Author | F12: 0 | G12: 0 | H12: 0 | I12: 0 | J12: 0 | U12: =O12+P12+R12+S12 -> 0 | AC12: =W12+X12+Z12+AA12 -> 0 | AE12: 27000 | AF12: 4500 | AG12: 0.1 | AK12: =AE12+AF12+AH12+AI12 -> 31500 | AM12: 29500 | AN12: 4500 | AO12: 0.1 | AQ12: 0 | AS12: =AM12+AN12+AP12+AQ12 -> 34000 | AY12: 0 | BA12: =AU12+AV12+AX12+AY12 -> 0
A13: MRB1 Eastern Eco model | B13: Jason May | C13: SANJ | E13: Author | F13: 0 | G13: 0 | H13: 0 | I13: 0 | J13: 0 | U13: =O13+P13+R13+S13 -> 0 | AC13: =W13+X13+Z13+AA13 -> 0 | AE13: 48400 | AG13: 0.3 | AK13: =AE13+AF13+AH13+AI13 -> 48400 | AM13: 45000 | AN13: 0 | AO13: 0.3 | AQ13: 0 | AS13: =AM13+AN13+AP13+AQ13 -> 45000 | AU13: 25000 | AV13: 1500 | AW13: 0.15 | AY13: 0 | BA13: =AU13+AV13+AX13+AY13 -> 26500
A14: MRB1 Eastern Eco model | B14: Jim Orlando | C14: SANJ | E14: Author | F14: 0 | G14: 0 | H14: 0 | I14: 0 | J14: 0 | U14: =O14+P14+R14+S14 -> 0 | AC14: =W14+X14+Z14+AA14 -> 0 | AE14: 53400 | AG14: 0.35 | AK14: =AE14+AF14+AH14+AI14 -> 53400 | AM14: 36000 | AN14: 0 | AO14: 0.35 | AQ14: 0 | AS14: =AM14+AN14+AP14+AQ14 -> 36000 | AU14: 25000 | AW14: 0.2 | AY14: 0 | BA14: =AU14+AV14+AX14+AY14 -> 25000
A15: MRB1 Eastern Eco model | B15: Jonathan Kennen | C15: LINJ | E15: Author | F15: 0 | G15: 0 | H15: 0 | I15: 0 | J15: 0 | U15: =O15+P15+R15+S15 -> 0 | AC15: =W15+X15+Z15+AA15 -> 0 | AE15: 72570 | AF15: 3000 | AG15: 0.3 | AK15: =AE15+AF15+AH15+AI15 -> 75570 | AM15: 65000 | AN15: 3000 | AO15: 0.3 | AQ15: 0 | AS15: =AM15+AN15+AP15+AQ15 -> 68000 | AU15: 24000 | AV15: 3000 | AW15: 0.1 | AY15: 0 | BA15: =AU15+AV15+AX15+AY15 -> 27000
A16: MRB1 Eastern Eco model | B16: Tom Cuffney | C16: ALBE | E16: Author | F16: 0 | G16: 0 | H16: 0 | I16: 0 | J16: 0 | U16: =O16+P16+R16+S16 -> 0 | AC16: =W16+X16+Z16+AA16 -> 0 | AE16: 25000 | AF16: 1500 | AG16: 0.1 | AK16: =AE16+AF16+AH16+AI16 -> 26500 | AM16: 25000 | AN16: 1500 | AO16: 0.1 | AQ16: 0 | AS16: =AM16+AN16+AP16+AQ16 -> 26500 | AY16: 0 | BA16: =AU16+AV16+AX16+AY16 -> 0
A18: MRB1 Eastern Eco model | B18: FY TOTALS | F18: =SUM(F11:F17) -> 0 | G18: =SUM(G11:G17) -> 0 | H18: =SUM(H11:H17) -> 0 | I18: =SUM(I11:I17) -> 0 | J18: =SUM(J11:J17) -> 0 | L18: =SUM(L11:L17) -> 0 | N18: =SUM(N11:N17) -> 0 | O18: =SUM(O11:O17) -> 0 | P18: =SUM(P11:P17) -> 0 | Q18: =SUM(Q11:Q17) -> 0 | R18: =SUM(R11:R17) -> 0 | U18: =SUM(U10:U17) -> 0 | W18: =SUM(W11:W17) -> 0 | X18: =SUM(X11:X17) -> 0 | Y18: =SUM(Y11:Y17) -> 0 | Z18: =SUM(Z10:Z17) -> 0 | AA18: =SUM(AA10:AA17) -> 0 | AC18: =SUM(AC10:AC17) -> 0 | AE18: =SUM(AE10:AE17) -> 285370 | AF18: =SUM(AF10:AF17) -> 13500 | AG18: =SUM(AG10:AG17) -> 1.55 | AH18: =SUM(AH11:AH17) -> 0 | AI18: =SUM(AI11:AI17) -> 0 | AK18: =SUM(AK10:AK17) -> 298870 | AM18: =SUM(AM10:AM17) -> 321880 | AN18: =SUM(AN10:AN17) -> 12000 | AO18: =SUM(AO10:AO17) -> 1.55 | AP18: =SUM(AP11:AP17) -> 0 | AQ18: =SUM(AQ11:AQ17) -> 0 | AS18: =SUM(AS10:AS17) -> 333880 | AU18: =SUM(AU10:AU17) -> 119000 | AV18: =SUM(AV10:AV17) -> 7500 | AW18: =SUM(AW10:AW17) -> 0.65 | AX18: =SUM(AX11:AX17) -> 0 | AY18: =SUM(AY11:AY17) -> 0 | BA18: =SUM(BA10:BA17) -> 126500
T19: 1
A20: MRB13 Mercury Trends | B20: Ann Chalmers | C20: NECB | E20: Lead author | F20: 66560 | G20: 1250 | H20: 0.4 | I20: 0 | J20: 0 | L20: =F20+G20+I20+J20 -> 67810 | N20: 70555 | O20: 1250 | P20: 0.4 | Q20: 0 | R20: 0 | T20: 1 | U20: =N20+O20+Q20+R20 -> 71805 | W20: 46740 | X20: 2000 | Y20: 0.25 | Z20: 0 | AA20: 0 | AC20: =W20+X20+Z20+AA20 -> 48740 | AE20: 35036 | AF20: 0 | AG20: 0.19 | AH20: 0 | AI20: 0 | AK20: =AE20+AF20+AH20+AI20 -> 35036 | AM20: 0 | AN20: 0 | AO20: 0 | AP20: 0 | AQ20: 0 | AS20: =AM20+AN20+AP20+AQ20 -> 0 | AU20: 0 | AV20: 0 | AW20: 0 | AX20: 0 | AY20: 0 | BA20: =AU20+AV20+AX20+AY20 -> 0
A21: MRB13 Mercury Trends | B21: Dave Lorenz | C21: UMIS | E21: Author | F21: 10000 | G21: 0 | H21: 0.05 | I21: 0 | J21: 0 | L21: =F21+G21+I21+J21 -> 10000 | N21: 10500 | O21: 0 | P21: 0.05 | Q21: 0 | R21: 0 | T21: 1 | U21: =N21+O21+Q21+R21 -> 10500 | W21: 0 | X21: 2000 | Y21: 0 | Z21: 0 | AA21: 0 | AC21: =W21+X21+Z21+AA21 -> 2000 | AE21: 0 | AF21: 0 | AG21: 0 | AH21: 0 | AI21: 0 | AK21: =AE21+AF21+AH21+AI21 -> 0 | AM21: 0 | AN21: 0 | AO21: 0 | AP21: 0 | AQ21: 0 | AS21: =AM21+AN21+AP21+AQ21 -> 0 | AU21: 0 | AV21: 0 | AW21: 0 | AX21: 0 | AY21: 0 | BA21: =AU21+AV21+AX21+AY21 -> 0
L22: =F22+G22+I22+J22 -> 0 | T22: 1 | U22: =N22+O22+Q22+R22 -> 0 | AC22: =W22+X22+Z22+AA22 -> 0
A23: MRB13 Mercury Trends | B23: FY TOTALS | F23: =SUM(F20:F22) -> 76560 | G23: =SUM(G20:G22) -> 1250 | H23: =SUM(H20:H22) -> 0.45 | I23: =SUM(I20:I22) -> 0 | J23: =SUM(J20:J22) -> 0 | L23: =SUM(L20:L22) -> 77810 | N23: =SUM(N20:N22) -> 81055 | O23: =SUM(O20:O22) -> 1250 | P23: =SUM(P20:P22) -> 0.45 | Q23: =SUM(Q20:Q22) -> 0 | R23: =SUM(R20:R22) -> 0 | U23: =SUM(U20:U22) -> 82305 | W23: =SUM(W20:W22) -> 46740 | X23: =SUM(X20:X22) -> 4000 | Y23: =SUM(Y20:Y22) -> 0.25 | Z23: =SUM(Z20:Z22) -> 0 | AA23: =SUM(AA20:AA22) -> 0 | AC23: =SUM(AC20:AC22) -> 50740 | AE23: =SUM(AE20:AE22) -> 35036 | AF23: =SUM(AF20:AF22) -> 0 | AG23: =SUM(AG20:AG22) -> 0.19 | AH23: =SUM(AH20:AH22) -> 0 | AI23: =SUM(AI20:AI22) -> 0 | AK23: =SUM(AK20:AK22) -> 35036 | AM23: =SUM(AM20:AM22) -> 0 | AN23: =SUM(AN20:AN22) -> 0 | AO23: =SUM(AO20:AO22) -> 0 | AP23: =SUM(AP20:AP22) -> 0 | AQ23: =SUM(AQ20:AQ22) -> 0 | AS23: =SUM(AS20:AS22) -> 0 | AU23: =SUM(AU20:AU22) -> 0 | AV23: =SUM(AV20:AV22) -> 0 | AW23: =SUM(AW20:AW22) -> 0 | AX23: =SUM(AX20:AX22) -> 0 | AY23: =SUM(AY20:AY22) -> 0 | BA23: =SUM(BA20:BA22) -> 0
A25: MRB13 Eco Trends | B25: Jonathan Kennen | C25: LINJ | E25: Lead author | F25: 0 | G25: 0 | H25: 0 | I25: 0 | J25: 0 | N25: 55053 | O25: 2200 | P25: 0.25 | T25: 1 | U25: =N25+O25+Q25+R25 -> 57253 | W25: 57438 | X25: 2200 | Y25: 0.25 | AC25: =W25+X25+Z25+AA25 -> 59638 | AE25: 23108 | AF25: 1100 | AG25: 0.1 | AH25: 0 | AI25: 0 | AK25: =AE25+AF25+AH25+AI25 -> 24208 | AM25: 0 | AN25: 0 | AO25: 0 | AP25: 0 | AQ25: 0 | AS25: =AM25+AN25+AP25+AQ25 -> 0 | AU25: 0 | AV25: 0 | AW25: 0 | AX25: 0 | AY25: 0 | BA25: =AU25+AV25+AX25+AY25 -> 0
A26: MRB13 Eco Trends | B26: Dan Sullivan | C26: WMIC | E26: Lead author | F26: 0 | G26: 0 | H26: 0 | I26: 0 | J26: 0 | N26: 44000 | O26: 2200 | P26: 0.25 | T26: 1 | U26: =N26+O26+Q26+R26 -> 46200 | W26: 46200 | Y26: 0.25 | AC26: =W26+X26+Z26+AA26 -> 46200 | AE26: 22032 | AF26: 1100 | AG26: 0.1 | AH26: 0 | AI26: 0 | AK26: =AE26+AF26+AH26+AI26 -> 23132 | AM26: 0 | AN26: 0 | AO26: 0 | AP26: 0 | AQ26: 0 | AS26: =AM26+AN26+AP26+AQ26 -> 0 | AU26: 0 | AV26: 0 | AW26: 0 | AX26: 0 | AY26: 0 | BA26: =AU26+AV26+AX26+AY26 -> 0
A27: MRB13 Eco Trends | B27: Don Rice | C27: LINJ | E27: Author | F27: 0 | G27: 0 | H27: 0 | I27: 0 | J27: 0 | N27: 46059 | P27: 0.25 | T27: 1 | U27: =N27+O27+Q27+R27 -> 46059 | W27: 41267 | Y27: 0.2 | AC27: =W27+X27+Z27+AA27 -> 41267 | AE27: 21575 | AF27: 0 | AG27: 0 | AH27: 0 | AI27: 0 | AK27: =AE27+AF27+AH27+AI27 -> 21575 | AM27: 0 | AN27: 0 | AO27: 0 | AP27: 0 | AQ27: 0 | AS27: =AM27+AN27+AP27+AQ27 -> 0 | AU27: 0 | AV27: 0 | AW27: 0 | AX27: 0 | AY27: 0 | BA27: =AU27+AV27+AX27+AY27 -> 0
A28: MRB13 Eco Trends | B28: Karen Beaulieu | C28: CONN | E28: Author | F28: 0 | G28: 0 | H28: 0 | I28: 0 | J28: 0 | N28: 31900 | P28: 0.2 | T28: 1 | U28: =N28+O28+Q28+R28 -> 31900 | W28: 11450 | Y28: 0.1 | AC28: =W28+X28+Z28+AA28 -> 11450 | AE28: 0 | AF28: 0 | AG28: 0 | AH28: 0 | AI28: 0 | AK28: =AE28+AF28+AH28+AI28 -> 0 | AM28: 0 | AN28: 0 | AO28: 0 | AP28: 0 | AQ28: 0 | AS28: =AM28+AN28+AP28+AQ28 -> 0 | AU28: 0 | AV28: 0 | AW28: 0 | AX28: 0 | AY28: 0 | BA28: =AU28+AV28+AX28+AY28 -> 0
A29: MRB13 Eco Trends | B29: Jason May | C29: SACR | E29: Author | F29: 0 | G29: 0 | H29: 0 | I29: 0 | J29: 0 | N29: 7475 | P29: 0.05 | T29: 1 | U29: =N29+O29+Q29+R29 -> 7475 | W29: 52800 | Y29: 0.4 | AC29: =W29+X29+Z29+AA29 -> 52800 | AE29: 27720 | AF29: 0 | AG29: 0.2 | AH29: 0 | AI29: 0 | AK29: =AE29+AF29+AH29+AI29 -> 27720 | AM29: 0 | AN29: 0 | AO29: 0 | AP29: 0 | AQ29: 0 | AS29: =AM29+AN29+AP29+AQ29 -> 0 | AU29: 0 | AV29: 0 | AW29: 0 | AX29: 0 | AY29: 0 | BA29: =AU29+AV29+AX29+AY29 -> 0
A31: MRB13 Eco | B31: FY TOTALS | F31: =SUM(F25:F30) -> 0 | G31: =SUM(G25:G30) -> 0 | H31: =SUM(H25:H30) -> 0 | I31: =SUM(I25:I30) -> 0 | J31: =SUM(J25:J30) -> 0 | L31: =SUM(L25:L30) -> 0 | N31: =SUM(N25:N30) -> 184487 | O31: =SUM(O25:O30) -> 4400 | P31: =SUM(P25:P30) -> 1 | Q31: =SUM(Q25:Q30) -> 0 | R31: =SUM(R25:R30) -> 0 | U31: =SUM(U25:U30) -> 188887 | W31: =SUM(W25:W30) -> 209155 | X31: =SUM(X25:X30) -> 2200 | Y31: =SUM(Y25:Y30) -> 1.2 | Z31: =SUM(Z25:Z30) -> 0 | AA31: =SUM(AA25:AA30) -> 0 | AC31: =SUM(AC25:AC30) -> 211355 | AE31: =SUM(AE25:AE30) -> 94435 | AF31: =SUM(AF25:AF30) -> 2200 | AG31: =SUM(AG25:AG30) -> 0.4 | AH31: =SUM(AH25:AH30) -> 0 | AI31: =SUM(AI25:AI30) -> 0 | AK31: =SUM(AK25:AK30) -> 96635 | AM31: =SUM(AM25:AM30) -> 0 | AN31: =SUM(AN25:AN30) -> 0 | AO31: =SUM(AO25:AO30) -> 0 | AP31: =SUM(AP25:AP30) -> 0 | AQ31: =SUM(AQ25:AQ30) -> 0 | AS31: =SUM(AS25:AS30) -> 0 | AU31: =SUM(AU25:AU30) -> 0 | AV31: =SUM(AV25:AV30) -> 0 | AW31: =SUM(AW25:AW30) -> 0 | AX31: =SUM(AX25:AX30) -> 0 | AY31: =SUM(AY25:AY30) -> 0 | BA31: =SUM(BA25:BA30) -> 0
A33: MRB2 SPARROW model | B33: Kirsten Cassingham | C33: ALBE | E33: Author | F33: 23212 | G33: 600 | H33: 0.25 | I33: 0 | J33: 0 | L33: =F33+G33+I33+J33 -> 23812 | N33: 19127 | O33: 2060 | P33: 0.25 | Q33: 0 | R33: 0 | T33: 1 | U33: =N33+O33+Q33+R33 -> 21187 | W33: 0 | X33: 0 | Y33: 0 | Z33: 0 | AA33: 0 | AC33: =W33+X33+Z33+AA33 -> 0 | AE33: 0 | AF33: 0 | AG33: 0 | AH33: 0 | AI33: 0 | AK33: =AE33+AF33+AH33+AI33 -> 0 | AM33: 0 | AN33: 0 | AO33: 0 | AP33: 0 | AQ33: 0 | AS33: =AM33+AN33+AP33+AQ33 -> 0 | AU33: 0 | AV33: 0 | AW33: 0 | AX33: 0 | AY33: 0 | BA33: =AU33+AV33+AX33+AY33 -> 0
A34: MRB2 SPARROW model | B34: Silvia Terziotti | C34: ALBE | E34: Author | F34: 85603 | G34: 600 | H34: 0.5 | I34: 0 | J34: 0 | L34: =F34+G34+I34+J34 -> 86203 | N34: 44086 | O34: 0 | P34: 0.5 | Q34: 0 | R34: 0 | T34: 1 | U34: =N34+O34+Q34+R34 -> 44086 | W34: 36327 | X34: 0 | Y34: 0.2 | Z34: 0 | AA34: 0 | AC34: =W34+X34+Z34+AA34 -> 36327 | AE34: 20958 | AF34: 0 | AG34: 0.12 | AH34: 0 | AI34: 0 | AK34: =AE34+AF34+AH34+AI34 -> 20958 | AM34: 0 | AN34: 0 | AO34: 0 | AP34: 0 | AQ34: 0 | AS34: =AM34+AN34+AP34+AQ34 -> 0 | AU34: 0 | AV34: 0 | AW34: 0 | AX34: 0 | AY34: 0 | BA34: =AU34+AV34+AX34+AY34 -> 0
A35: MRB2 SPARROW model | B35: Doug Harned | C35: ALBE | E35: Author | F35: 46343 | G35: 600 | H35: 0.25 | I35: 0 | J35: 0 | L35: =F35+G35+I35+J35 -> 46943 | N35: 0 | O35: 0 | P35: 0 | Q35: 0 | R35: 0 | T35: 1 | U35: =N35+O35+Q35+R35 -> 0 | W35: 0 | X35: 0 | Y35: 0 | Z35: 0 | AA35: 0 | AC35: =W35+X35+Z35+AA35 -> 0 | AE35: 0 | AF35: 0 | AG35: 0 | AH35: 0 | AI35: 0 | AK35: =AE35+AF35+AH35+AI35 -> 0 | AM35: 0 | AN35: 0 | AO35: 0 | AP35: 0 | AQ35: 0 | AS35: =AM35+AN35+AP35+AQ35 -> 0 | AU35: 0 | AV35: 0 | AW35: 0 | AX35: 0 | AY35: 0 | BA35: =AU35+AV35+AX35+AY35 -> 0
A36: MRB2 SPARROW model | B36: Anne Hoos | C36: TENN | E36: Lead author | F36: 49748 | G36: 5200 | H36: 0.3 | I36: 0 | J36: 0 | L36: =F36+G36+I36+J36 -> 54948 | N36: 107969 | O36: 3090 | P36: 0.6 | Q36: 10712 | R36: 5220 | S36: other pub charges | T36: 1 | U36: =N36+O36+Q36+R36 -> 126991 | W36: 111207 | X36: 3183 | Y36: 0.6 | Z36: 11033 | AA36: 5380 | AB36: other pub charges | AC36: =W36+X36+Z36+AA36 -> 130803 | AE36: 47412 | AF36: 3130 | AG36: 0.25 | AH36: 2538 | AI36: 0 | AK36: =AE36+AF36+AH36+AI36 -> 53080 | AM36: 0 | AN36: 0 | AO36: 0 | AP36: 0 | AQ36: 0 | AS36: =AM36+AN36+AP36+AQ36 -> 0 | AU36: 0 | AV36: 0 | AW36: 0 | AX36: 0 | AY36: 0 | BA36: =AU36+AV36+AX36+AY36 -> 0
A37: MRB2 SPARROW model | B37: Jerry McMahon | C37: ALBE | E37: Author | F37: 0 | G37: 0 | H37: 0 | I37: 0 | J37: 0 | L37: =F37+G37+I37+J37 -> 0 | N37: 25600 | P37: 0.1 | T37: 1 | U37: =N37+O37+Q37+R37 -> 25600 | W37: 79100 | AC37: =W37+X37+Z37+AA37 -> 79100 | AE37: 0 | AF37: 0 | AG37: 0 | AH37: 0 | AI37: 0 | AK37: =AE37+AF37+AH37+AI37 -> 0 | AM37: 0 | AN37: 0 | AO37: 0 | AP37: 0 | AQ37: 0 | AS37: =AM37+AN37+AP37+AQ37 -> 0 | AU37: 0 | AV37: 0 | AW37: 0 | AX37: 0 | AY37: 0 | BA37: =AU37+AV37+AX37+AY37 -> 0
A38: MRB2 SPARROW model | B38: Ana Garcia | C38: ALBE | E38: Author | F38: 0 | G38: 0 | H38: 0 | I38: 0 | J38: 0 | AE38: 36000 | AF38: 0 | AG38: 0.23 | AH38: 0 | AI38: 0 | AK38: =AE38+AF38+AH38+AI38 -> 36000 | AM38: 0 | AN38: 0 | AO38: 0 | AP38: 0 | AQ38: 0 | AS38: =AM38+AN38+AP38+AQ38 -> 0 | AU38: 0 | AV38: 0 | AW38: 0 | AX38: 0 | AY38: 0 | BA38: =AU38+AV38+AX38+AY38 -> 0
U39: =N39+O39+Q39+R39 -> 0
A40: MRB2 SPARROW model | B40: FY TOTALS | F40: =SUM(F33:F39) -> 204906 | G40: =SUM(G33:G39) -> 7000 | H40: =SUM(H33:H39) -> 1.3 | I40: =SUM(I33:I39) -> 0 | J40: =SUM(J33:J39) -> 0 | L40: =SUM(L33:L39) -> 211906 | N40: =SUM(N33:N39) -> 196782 | O40: =SUM(O33:O39) -> 5150 | P40: =SUM(P33:P39) -> 1.45 | Q40: =SUM(Q33:Q39) -> 10712 | R40: =SUM(R33:R39) -> 5220 | U40: =SUM(U33:U39) -> 217864 | W40: =SUM(W33:W39) -> 226634 | X40: =SUM(X33:X39) -> 3183 | Y40: =SUM(Y33:Y39) -> 0.8 | Z40: =SUM(Z33:Z39) -> 11033 | AA40: =SUM(AA33:AA39) -> 5380 | AC40: =SUM(AC33:AC39) -> 246230 | AE40: =SUM(AE33:AE39) -> 104370 | AF40: =SUM(AF33:AF39) -> 3130 | AG40: =SUM(AG33:AG39) -> 0.6 | AH40: =SUM(AH33:AH39) -> 2538 | AI40: =SUM(AI33:AI39) -> 0 | AK40: =SUM(AK33:AK39) -> 110038 | AM40: =SUM(AM33:AM39) -> 0 | AN40: =SUM(AN33:AN39) -> 0 | AO40: =SUM(AO33:AO39) -> 0 | AP40: =SUM(AP33:AP39) -> 0 | AQ40: =SUM(AQ33:AQ39) -> 0 | AS40: =SUM(AS33:AS39) -> 0 | AU40: =SUM(AU33:AU39) -> 0 | AV40: =SUM(AV33:AV39) -> 0 | AW40: =SUM(AW33:AW39) -> 0 | AX40: =SUM(AX33:AX39) -> 0 | AY40: =SUM(AY33:AY39) -> 0 | BA40: =SUM(BA33:BA39) -> 0
A42: MRB1-2 SPARROW Circular | B42: Anne Hoos | C42: TENN | E42: Author | F42: 0 | G42: 0 | H42: 0 | I42: 0 | J42: 0 | AE42: 75858.828 | AF42: 2422.088 | AG42: 0.4 | AK42: =AE42+AF42+AH42+AI42 -> 78280.916 | AM42: 117201.89 | AN42: 2494.7507 | AO42: 0.6 | AQ42: 780 | AR42: confererence registration | AS42: =AM42+AN42+AP42+AQ42 -> 120476.64 | BA42: =AU42+AV42+AX42+AY42 -> 0
A43: MRB1-2 SPARROW Circular | B43: Richard Moore | C43: NECB | E43: Author | F43: 0 | G43: 0 | H43: 0 | I43: 0 | J43: 0 | AE43: 85188.131 | AF43: 2636.8 | AG43: 0.4 | AK43: =AE43+AF43+AH43+AI43 -> 87824.931 | AM43: 87743.775 | AN43: 2715.904 | AO43: 0.4 | AQ43: 849 | AR43: confererence registration | AS43: =AM43+AN43+AP43+AQ43 -> 91308.679 | BA43: =AU43+AV43+AX43+AY43 -> 0
A44: MRB1-2 SPARROW Circular | B44: Ana Garcia | C44: ALBE | E44: Author | F44: 0 | G44: 0 | H44: 0 | I44: 0 | J44: 0 | AE44: 56608.327 | AF44: 2372.9552 | AG44: 0.4 | AI44: 742 | AJ44: confererence registration | AK44: =AE44+AF44+AH44+AI44 -> 59723.282 | AM44: 72883.221 | AN44: 2444.1439 | AO44: 0.5 | AS44: =AM44+AN44+AP44+AQ44 -> 75327.365 | BA44: =AU44+AV44+AX44+AY44 -> 0
A45: MRB1-2 SPARROW Circular | B45: Craig Johnston | C45: NECB | E45: GIS | F45: 0 | G45: 0 | H45: 0 | I45: 0 | J45: 0 | AE45: 50212.5 | AG45: 0.3 | AK45: =AE45+AF45+AH45+AI45 -> 50212.5 | AM45: 51718.875 | AN45: 0 | AO45: 0.3 | AS45: =AM45+AN45+AP45+AQ45 -> 51718.875 | BA45: =AU45+AV45+AX45+AY45 -> 0
A46: MRB1-2 SPARROW Circular | B46: Scott Ator | C46: PODL | E46: Author | F46: 0 | G46: 0 | H46: 0 | I46: 0 | J46: 0 | AE46: 44521.75 | AG46: 0.2 | AK46: =AE46+AF46+AH46+AI46 -> 44521.75 | AM46: 91714.805 | AN46: 0 | AO46: 0.4 | AS46: =AM46+AN46+AP46+AQ46 -> 91714.805 | BA46: =AU46+AV46+AX46+AY46 -> 0
A47: MRB1-2 SPARROW Circular | B47: Editor | C47: TENN | E47: EPN | F47: 0 | G47: 0 | H47: 0 | I47: 0 | J47: 0 | AE47: 0 | AG47: 0 | AK47: =AE47+AF47+AH47+AI47 -> 0 | AM47: 9213.1557 | AN47: 0 | AO47: 0.06 | AS47: =AM47+AN47+AP47+AQ47 -> 9213.1557 | BA47: =AU47+AV47+AX47+AY47 -> 0
A48: MRB1-2 SPARROW Circular | B48: Graphic designer | C48: TENN | E48: EPN | F48: 0 | G48: 0 | H48: 0 | I48: 0 | J48: 0 | AE48: 12237.389 | AG48: 0.1 | AK48: =AE48+AF48+AH48+AI48 -> 12237.389 | AM48: 25209.021 | AN48: 0 | AO48: 0.2 | AS48: =AM48+AN48+AP48+AQ48 -> 25209.021 | BA48: =AU48+AV48+AX48+AY48 -> 0
A50: MRB1-2 SPARROW Circular | B50: FY TOTALS | F50: =SUM(F42:F49) -> 0 | G50: =SUM(G42:G49) -> 0 | H50: =SUM(H42:H49) -> 0 | I50: =SUM(I42:I49) -> 0 | J50: =SUM(J42:J49) -> 0 | L50: =SUM(L42:L49) -> 0 | N50: =SUM(N42:N49) -> 0 | O50: =SUM(O42:O49) -> 0 | P50: =SUM(P42:P49) -> 0 | Q50: =SUM(Q42:Q49) -> 0 | R50: =SUM(R42:R49) -> 0 | U50: =SUM(U42:U49) -> 0 | W50: =SUM(W42:W49) -> 0 | X50: =SUM(X42:X49) -> 0 | Y50: =SUM(Y42:Y49) -> 0 | Z50: =SUM(Z42:Z49) -> 0 | AA50: =SUM(AA42:AA49) -> 0 | AC50: =SUM(AC42:AC49) -> 0 | AE50: =SUM(AE42:AE49) -> 324626.92 | AF50: =SUM(AF42:AF49) -> 7431.8432 | AG50: =SUM(AG42:AG49) -> 1.8 | AH50: =SUM(AH42:AH49) -> 0 | AI50: =SUM(AI42:AI49) -> 742 | AK50: =SUM(AK42:AK49) -> 332800.77 | AM50: =SUM(AM42:AM49) -> 455684.74 | AN50: =SUM(AN42:AN49) -> 7654.7985 | AO50: =SUM(AO42:AO49) -> 2.46 | AP50: =SUM(AP42:AP49) -> 0 | AQ50: =SUM(AQ42:AQ49) -> 1629 | AS50: =SUM(AS42:AS49) -> 464968.54 | AU50: =SUM(AU42:AU49) -> 0 | AV50: =SUM(AV42:AV49) -> 0 | AW50: =SUM(AW42:AW49) -> 0 | AX50: =SUM(AX42:AX49) -> 0 | AY50: =SUM(AY42:AY49) -> 0 | BA50: =SUM(BA42:BA49) -> 0
A52: MRB2 Fish Community Change | B52: Tom Abrahamsen | C52: SANT | E52: Author | F52: 0 | G52: 0 | H52: 0 | I52: 0 | J52: 0 | N52: 19841 | O52: 0 | P52: 0.15 | Q52: 0 | R52: 0 | U52: =N52+O52+Q52+R52 -> 19841 | W52: 0 | X52: 0 | Y52: 0.2 | Z52: 0 | AA52: 0 | AC52: =W52+X52+Z52+AA52 -> 0 | AE52: 0 | AF52: 0 | AG52: 0 | AH52: 0 | AI52: 0 | AK52: =AE52+AF52+AH52+AI52 -> 0 | AM52: 0 | AN52: 0 | AO52: 0 | AP52: 0 | AQ52: 0 | AS52: =AM52+AN52+AP52+AQ52 -> 0 | AU52: 0 | AV52: 0 | AW52: 0 | AX52: 0 | AY52: 0 | BA52: =AU52+AV52+AX52+AY52 -> 0
A53: MRB2 Fish Community Change | B53: Brian Gregory | C53: ACFB | E53: Author | F53: 0 | G53: 0 | H53: 0 | I53: 0 | J53: 0 | N53: 71950 | O53: 0 | P53: 0.57 | Q53: 0 | R53: 0 | U53: =N53+O53+Q53+R53 -> 71950 | W53: 55000 | X53: 5000 | Y53: 0.3 | Z53: 5210 | AA53: 0 | AC53: =W53+X53+Z53+AA53 -> 65210 | AE53: 21420 | AF53: 2822 | AG53: 0.15 | AH53: 2900 | AI53: 0 | AK53: =AE53+AF53+AH53+AI53 -> 27142 | AM53: 0 | AN53: 0 | AO53: 0 | AP53: 0 | AQ53: 0 | AS53: =AM53+AN53+AP53+AQ53 -> 0 | AU53: 0 | AV53: 0 | AW53: 0 | AX53: 0 | AY53: 0 | BA53: =AU53+AV53+AX53+AY53 -> 0
A54: MRB2 Fish Community Change | B54: Dan Calhoun | C54: ACFB | E54: Author | F54: 0 | G54: 0 | H54: 0 | I54: 0 | J54: 0 | N54: 64285 | O54: 0 | P54: 0.5 | Q54: 0 | R54: 0 | U54: =N54+O54+Q54+R54 -> 64285 | W54: 50000 | X54: 0 | Y54: 0.24 | Z54: 0 | AA54: 0 | AC54: =W54+X54+Z54+AA54 -> 50000 | AE54: 14251 | AF54: 0 | AG54: 0.1 | AH54: 0 | AI54: 0 | AK54: =AE54+AF54+AH54+AI54 -> 14251 | AM54: 0 | AN54: 0 | AO54: 0 | AP54: 0 | AQ54: 0 | AS54: =AM54+AN54+AP54+AQ54 -> 0 | AU54: 0 | AV54: 0 | AW54: 0 | AX54: 0 | AY54: 0 | BA54: =AU54+AV54+AX54+AY54 -> 0
A55: MRB2 Fish Community Change | B55: Greg Buell | C55: ACFB | E55: Author | F55: 0 | G55: 0 | H55: 0 | I55: 0 | J55: 0 | N55: 29096 | O55: 0 | P55: 0.2 | Q55: 0 | R55: 0 | U55: =N55+O55+Q55+R55 -> 29096 | W55: 40000 | X55: 0 | Y55: 0.2 | Z55: 0 | AA55: 0 | AC55: =W55+X55+Z55+AA55 -> 40000 | AE55: 14496 | AF55: 0 | AG55: 0.1 | AH55: 0 | AI55: 0 | AK55: =AE55+AF55+AH55+AI55 -> 14496 | AM55: 0 | AN55: 0 | AO55: 0 | AP55: 0 | AQ55: 0 | AS55: =AM55+AN55+AP55+AQ55 -> 0 | AU55: 0 | AV55: 0 | AW55: 0 | AX55: 0 | AY55: 0 | BA55: =AU55+AV55+AX55+AY55 -> 0
A57: MRB2 Fish Community Change | B57: FY TOTALS | L57: =SUM(L52:L56) -> 0 | N57: =SUM(N41:N56) -> 185172 | O57: =SUM(O41:O56) -> 0 | P57: =SUM(P41:P56) -> 1.42 | Q57: =SUM(Q41:Q56) -> 0 | R57: =SUM(R41:R56) -> 0 | U57: =SUM(U52:U56) -> 185172 | W57: =SUM(W41:W56) -> 145000 | X57: =SUM(X41:X56) -> 5000 | Y57: =SUM(Y41:Y56) -> 0.94 | Z57: =SUM(Z41:Z56) -> 5210 | AA57: =SUM(AA41:AA56) -> 0 | AC57: =SUM(AC52:AC56) -> 155210 | AE57: =SUM(AE41:AE56) -> 699420.85 | AF57: =SUM(AF41:AF56) -> 17685.686 | AG57: =SUM(AG41:AG56) -> 3.95 | AH57: =SUM(AH41:AH56) -> 2900 | AI57: =SUM(AI41:AI56) -> 1484 | AK57: =SUM(AK52:AK56) -> 55889 | AM57: =SUM(AM51:AM56) -> 0 | AN57: =SUM(AN51:AN56) -> 0 | AO57: =SUM(AO51:AO56) -> 0 | AP57: =SUM(AP41:AP56) -> 0 | AQ57: =SUM(AQ51:AQ56) -> 0 | AS57: =SUM(AS51:AS56) -> 0 | AU57: =SUM(AU51:AU56) -> 0 | AV57: =SUM(AV51:AV56) -> 0 | AW57: =SUM(AW51:AW56) -> 0 | AX57: =SUM(AX41:AX56) -> 0 | AY57: =SUM(AY51:AY56) -> 0 | BA57: =SUM(BA51:BA56) -> 0
A59: MRB3 Algal indices | B59: Julie Berkman | C59: LERI | E59: Lead author | F59: 66900 | G59: 1425 | H59: 0.45 | I59: 0 | J59: 0 | L59: =F59+G59+I59+J59 -> 68325 | N59: 47000 | O59: 1425 | P59: 0.3 | Q59: 4000 | R59: 0 | T59: 1 | U59: =N59+O59+Q59+R59 -> 52425 | W59: 0 | X59: 0 | Y59: 0 | Z59: 0 | AA59: 0 | AC59: =W59+X59+Z59+AA59 -> 0 | AE59: 0 | AF59: 0 | AG59: 0 | AH59: 0 | AI59: 0 | AK59: =AE59+AF59+AH59+AI59 -> 0 | AM59: 0 | AN59: 0 | AO59: 0 | AP59: 0 | AQ59: 0 | AS59: =AM59+AN59+AP59+AQ59 -> 0 | AU59: 0 | AV59: 0 | AW59: 0 | AX59: 0 | AY59: 0 | BA59: =AU59+AV59+AX59+AY59 -> 0
A60: MRB3 Algal indices | B60: Jeff Frey | C60: WHMI | E60: Lead author | F60: 102230 | G60: 1425 | H60: 0.55 | I60: 0 | J60: 0 | L60: =F60+G60+I60+J60 -> 103655 | N60: 76580 | O60: 1425 | P60: 0.4 | Q60: 0 | R60: 0 | T60: 1 | U60: =N60+O60+Q60+R60 -> 78005 | W60: 0 | X60: 0 | Y60: 0 | Z60: 0 | AA60: 0 | AC60: =W60+X60+Z60+AA60 -> 0 | AE60: 0 | AF60: 0 | AG60: 0 | AH60: 0 | AI60: 0 | AK60: =AE60+AF60+AH60+AI60 -> 0 | AM60: 0 | AN60: 0 | AO60: 0 | AP60: 0 | AQ60: 0 | AS60: =AM60+AN60+AP60+AQ60 -> 0 | AU60: 0 | AV60: 0 | AW60: 0 | AX60: 0 | AY60: 0 | BA60: =AU60+AV60+AX60+AY60 -> 0
A61: MRB3 Algal indices | B61: Moon Kim | C61: WHMI | E61: Author | F61: 17500 | G61: 0 | H61: 0.17 | I61: 0 | J61: 0 | L61: =F61+G61+I61+J61 -> 17500 | N61: 11200 | O61: 0 | P61: 0.11 | Q61: 0 | R61: 0 | T61: 1 | U61: =N61+O61+Q61+R61 -> 11200 | W61: 0 | X61: 0 | Y61: 0 | Z61: 0 | AA61: 0 | AC61: =W61+X61+Z61+AA61 -> 0 | AE61: 0 | AF61: 0 | AG61: 0 | AH61: 0 | AI61: 0 | AK61: =AE61+AF61+AH61+AI61 -> 0 | AM61: 0 | AN61: 0 | AO61: 0 | AP61: 0 | AQ61: 0 | AS61: =AM61+AN61+AP61+AQ61 -> 0 | AU61: 0 | AV61: 0 | AW61: 0 | AX61: 0 | AY61: 0 | BA61: =AU61+AV61+AX61+AY61 -> 0
A62: MRB3 Algal indices | B62: Amanda Bell | C62: WMIC | E62: Author | F62: 13400 | G62: 0 | H62: 0.17 | I62: 0 | J62: 0 | L62: =F62+G62+I62+J62 -> 13400 | N62: 0 | O62: 0 | P62: 0 | Q62: 0 | R62: 0 | T62: 1 | U62: =N62+O62+Q62+R62 -> 0 | W62: 0 | X62: 0 | Y62: 0 | Z62: 0 | AA62: 0 | AC62: =W62+X62+Z62+AA62 -> 0 | AE62: 22500 | AF62: 0 | AG62: 0.25 | AH62: 0 | AI62: 0 | AK62: =AE62+AF62+AH62+AI62 -> 22500 | AM62: 0 | AN62: 0 | AO62: 0 | AP62: 0 | AQ62: 0 | AS62: =AM62+AN62+AP62+AQ62 -> 0 | AU62: 0 | AV62: 0 | AW62: 0 | AX62: 0 | AY62: 0 | BA62: =AU62+AV62+AX62+AY62 -> 0
L63: =F63+G63+I63+J63 -> 0 | U63: =N63+O63+Q63+R63 -> 0
A64: MRB3 Algal indices | B64: FY TOTALS | F64: =SUM(F59:F63) -> 200030 | G64: =SUM(G59:G63) -> 2850 | H64: =SUM(H59:H63) -> 1.34 | I64: =SUM(I59:I63) -> 0 | J64: =SUM(J59:J63) -> 0 | L64: =SUM(L59:L63) -> 202880 | N64: =SUM(N59:N63) -> 134780 | O64: =SUM(O59:O63) -> 2850 | P64: =SUM(P59:P63) -> 0.81 | Q64: =SUM(Q59:Q63) -> 4000 | R64: =SUM(R59:R63) -> 0 | U64: =SUM(U59:U63) -> 141630 | W64: =SUM(W59:W63) -> 0 | X64: =SUM(X59:X63) -> 0 | Y64: =SUM(Y59:Y63) -> 0 | Z64: =SUM(Z59:Z63) -> 0 | AA64: =SUM(AA59:AA63) -> 0 | AC64: =SUM(AC59:AC63) -> 0 | AE64: =SUM(AE59:AE63) -> 22500 | AF64: =SUM(AF59:AF63) -> 0 | AG64: =SUM(AG59:AG63) -> 0.25 | AH64: =SUM(AH59:AH63) -> 0 | AI64: =SUM(AI59:AI63) -> 0 | AK64: =SUM(AK59:AK63) -> 22500 | AM64: =SUM(AM59:AM63) -> 0 | AN64: =SUM(AN59:AN63) -> 0 | AO64: =SUM(AO59:AO63) -> 0 | AP64: =SUM(AP59:AP63) -> 0 | AQ64: =SUM(AQ59:AQ63) -> 0 | AS64: =SUM(AS59:AS63) -> 0 | AU64: =SUM(AU59:AU63) -> 0 | AV64: =SUM(AV59:AV63) -> 0 | AW64: =SUM(AW59:AW63) -> 0 | AX64: =SUM(AX59:AX63) -> 0 | AY64: =SUM(AY59:AY63) -> 0 | BA64: =SUM(BA59:BA63) -> 0
A66: MRB3 SPARROW model (RF1 scale) | B66: Dale Robertson | C66: WMIC | E66: Lead author | F66: 62100 | G66: 2000 | H66: 0.45 | I66: 0 | J66: 0 | L66: =F66+G66+I66+J66 -> 64100 | N66: 74200 | O66: 4000 | P66: 0.4 | Q66: 4230 | R66: 0 | T66: 1 | U66: =N66+O66+Q66+R66 -> 82430 | W66: 86600 | X66: 4000 | Y66: 0.45 | Z66: 4950 | AA66: 0 | AC66: =W66+X66+Z66+AA66 -> 95550 | AE66: 15710 | AF66: 0 | AG66: 0.077 | AH66: 0 | AI66: 0 | AK66: =AE66+AF66+AH66+AI66 -> 15710 | AM66: 0 | AN66: 0 | AO66: 0 | AP66: 0 | AQ66: 0 | AS66: =AM66+AN66+AP66+AQ66 -> 0 | AU66: 0 | AV66: 0 | AW66: 0 | AX66: 0 | AY66: 0 | BA66: =AU66+AV66+AX66+AY66 -> 0
A67: MRB3 SPARROW model (RF1 scale) | B67: Dave Saad | C67: WMIC | E67: Lead author | F67: 51100 | G67: 1490 | H67: 0.45 | I67: 0 | J67: 0 | L67: =F67+G67+I67+J67 -> 52590 | N67: 61060 | O67: 1630 | P67: 0.4 | Q67: 0 | R67: 0 | T67: 1 | U67: =N67+O67+Q67+R67 -> 62690 | W67: 71250 | X67: 1700 | Y67: 0.45 | Z67: 0 | AA67: 0 | AC67: =W67+X67+Z67+AA67 -> 72950 | AE67: 15710 | AF67: 0 | AG67: 0.077 | AH67: 0 | AI67: 0 | AK67: =AE67+AF67+AH67+AI67 -> 15710 | AM67: 0 | AN67: 0 | AO67: 0 | AP67: 0 | AQ67: 0 | AS67: =AM67+AN67+AP67+AQ67 -> 0 | AU67: 0 | AV67: 0 | AW67: 0 | AX67: 0 | AY67: 0 | BA67: =AU67+AV67+AX67+AY67 -> 0
A68: MRB3 SPARROW model (RF1 scale) | B68: David Hall | C68: WMIC | E68: Author | F68: 10150 | G68: 0 | H68: 0.1 | I68: 0 | J68: 0 | L68: =F68+G68+I68+J68 -> 10150 | N68: 14230 | O68: 0 | P68: 0.1 | Q68: 0 | R68: 0 | T68: 1 | U68: =N68+O68+Q68+R68 -> 14230 | W68: 13700 | X68: 0 | Y68: 0.1 | Z68: 0 | AA68: 0 | AC68: =W68+X68+Z68+AA68 -> 13700 | AE68: 0 | AF68: 0 | AG68: 0 | AH68: 0 | AI68: 0 | AK68: =AE68+AF68+AH68+AI68 -> 0 | AM68: 0 | AN68: 0 | AO68: 0 | AP68: 0 | AQ68: 0 | AS68: =AM68+AN68+AP68+AQ68 -> 0 | AU68: 0 | AV68: 0 | AW68: 0 | AX68: 0 | AY68: 0 | BA68: =AU68+AV68+AX68+AY68 -> 0
A69: MRB3 SPARROW model (RF1 scale) | B69: Krista Stensvold | C69: WMIC | E69: Author | F69: 13160 | G69: 0 | H69: 0.1 | I69: 0 | J69: 0 | L69: =F69+G69+I69+J69 -> 13160 | N69: 10650 | O69: 0.1 | P69: 0.1 | Q69: 0 | R69: 0 | T69: 1 | U69: =N69+O69+Q69+R69 -> 10650.1 | W69: 17800 | X69: 0.1 | Y69: 0.2 | Z69: 0 | AA69: 0 | AC69: =W69+X69+Z69+AA69 -> 17800.1 | AE69: 0 | AF69: 0 | AG69: 0 | AH69: 0 | AI69: 0 | AK69: =AE69+AF69+AH69+AI69 -> 0 | AM69: 0 | AN69: 0 | AO69: 0 | AP69: 0 | AQ69: 0 | AS69: =AM69+AN69+AP69+AQ69 -> 0 | AU69: 0 | AV69: 0 | AW69: 0 | AX69: 0 | AY69: 0 | BA69: =AU69+AV69+AX69+AY69 -> 0
A70: MRB3 SPARROW model (RF1 scale) | B70: Michelle Greenwood | C70: WMIC | E70: Author | AE70: 4080 | AF70: 0 | AG70: 0.02 | AH70: 0 | AI70: 0 | AK70: =AE70+AF70+AH70+AI70 -> 4080 | AM70: 0 | AN70: 0 | AO70: 0 | AP70: 0 | AQ70: 0 | AS70: =AM70+AN70+AP70+AQ70 -> 0 | AU70: 0 | AV70: 0 | AW70: 0 | AX70: 0 | AY70: 0 | BA70: =AU70+AV70+AX70+AY70 -> 0
L71: =F71+G71+I71+J71 -> 0 | U71: =N71+O71+Q71+R71 -> 0
A72: MRB3 SPARROW model (RF1 scale) | B72: FY TOTALS | F72: =SUM(F66:F71) -> 136510 | G72: =SUM(G66:G71) -> 3490 | H72: =SUM(H66:H71) -> 1.1 | I72: =SUM(I66:I71) -> 0 | J72: =SUM(J66:J71) -> 0 | L72: =SUM(L66:L71) -> 140000 | N72: =SUM(N66:N71) -> 160140 | O72: =SUM(O66:O71) -> 5630.1 | P72: =SUM(P66:P71) -> 1 | Q72: =SUM(Q66:Q71) -> 4230 | R72: =SUM(R66:R71) -> 0 | U72: =SUM(U66:U71) -> 170000.1 | W72: =SUM(W66:W71) -> 189350 | X72: =SUM(X66:X71) -> 5700.1 | Y72: =SUM(Y66:Y71) -> 1.2 | Z72: =SUM(Z66:Z71) -> 4950 | AA72: =SUM(AA66:AA71) -> 0 | AC72: =SUM(AC66:AC71) -> 200000.1 | AE72: =SUM(AE66:AE71) -> 35500 | AF72: =SUM(AF66:AF71) -> 0 | AG72: =SUM(AG66:AG71) -> 0.174 | AH72: =SUM(AH66:AH71) -> 0 | AI72: =SUM(AI66:AI71) -> 0 | AK72: =SUM(AK66:AK71) -> 35500 | AM72: =SUM(AM66:AM71) -> 0 | AN72: =SUM(AN66:AN71) -> 0 | AO72: =SUM(AO66:AO71) -> 0 | AP72: =SUM(AP66:AP71) -> 0 | AQ72: =SUM(AQ66:AQ71) -> 0 | AS72: =SUM(AS66:AS71) -> 0 | AU72: =SUM(AU66:AU71) -> 0 | AV72: =SUM(AV66:AV71) -> 0 | AW72: =SUM(AW66:AW71) -> 0 | AX72: =SUM(AX66:AX71) -> 0 | AY72: =SUM(AY66:AY71) -> 0 | BA72: =SUM(BA66:BA71) -> 0
AK73: =AE73+AF73+AH73+AI73 -> 0 | AS73: =AM73+AN73+AP73+AQ73 -> 0 | BA73: =AU73+AV73+AX73+AY73 -> 0
A74: MRB3 SPARROW model (NHD scale) | B74: Dale Robertson | C74: WMIC | E74: Lead author | F74: 0 | G74: 0 | H74: 0 | I74: 0 | J74: 0 | AE74: 90000 | AF74: 1500 | AG74: 0.52 | AK74: =AE74+AF74+AH74+AI74 -> 91500 | AM74: 90000 | AN74: 2000 | AO74: 0.52 | AS74: =AM74+AN74+AP74+AQ74 -> 92000 | AU74: 80000 | AV74: 2000 | AW74: 0.3 | AX74: 3000 | BA74: =AU74+AV74+AX74+AY74 -> 85000
A75: MRB3 SPARROW model (NHD scale) | B75: Dave Saad | C75: WMIC | E75: Lead author | F75: 0 | G75: 0 | H75: 0 | I75: 0 | J75: 0 | AE75: 90000 | AF75: 0 | AG75: 0.52 | AK75: =AE75+AF75+AH75+AI75 -> 90000 | AM75: 90000 | AN75: 0 | AO75: 0.52 | AS75: =AM75+AN75+AP75+AQ75 -> 90000 | AU75: 34000 | AV75: 2000 | AW75: 0.3 | BA75: =AU75+AV75+AX75+AY75 -> 36000
A76: MRB3 SPARROW model (NHD scale) | B76: James Kennedy | C76: WMIC | E76: Author | F76: 0 | G76: 0 | H76: 0 | I76: 0 | J76: 0 | AE76: 16000 | AF76: 0 | AG76: 0.14 | AK76: =AE76+AF76+AH76+AI76 -> 16000 | AM76: 18000 | AN76: 0 | AO76: 0.14 | AS76: =AM76+AN76+AP76+AQ76 -> 18000 | AU76: 3000 | AW76: 0.06 | BA76: =AU76+AV76+AX76+AY76 -> 3000
A77: MRB3 SPARROW model (NHD scale) | B77: Michelle Greenwood | C77: WMIC | E77: Author | F77: 0 | G77: 0 | H77: 0 | I77: 0 | J77: 0 | AE77: 2500 | AF77: 0 | AG77: 0.02 | AK77: =AE77+AF77+AH77+AI77 -> 2500 | AS77: =AM77+AN77+AP77+AQ77 -> 0 | AU77: 1000 | AW77: 0.02 | BA77: =AU77+AV77+AX77+AY77 -> 1000
AK78: =AE78+AF78+AH78+AI78 -> 0 | AS78: =AM78+AN78+AP78+AQ78 -> 0 | BA78: =AU78+AV78+AX78+AY78 -> 0
A79: MRB3 SPARROW model (NHD scale) | B79: FY TOTALS | F79: =SUM(F73:F78) -> 0 | G79: =SUM(G73:G78) -> 0 | H79: =SUM(H73:H78) -> 0 | I79: =SUM(I73:I78) -> 0 | J79: =SUM(J73:J78) -> 0 | L79: =SUM(L73:L78) -> 0 | N79: =SUM(N73:N78) -> 0 | O79: =SUM(O73:O78) -> 0 | P79: =SUM(P73:P78) -> 0 | Q79: =SUM(Q73:Q78) -> 0 | R79: =SUM(R73:R78) -> 0 | U79: =SUM(U73:U78) -> 0 | W79: =SUM(W73:W78) -> 0 | X79: =SUM(X73:X78) -> 0 | Y79: =SUM(Y73:Y78) -> 0 | Z79: =SUM(Z73:Z78) -> 0 | AA79: =SUM(AA73:AA78) -> 0 | AC79: =SUM(AC73:AC78) -> 0 | AE79: =SUM(AE73:AE78) -> 198500 | AF79: =SUM(AF73:AF78) -> 1500 | AG79: =SUM(AG73:AG78) -> 1.2 | AH79: =SUM(AH73:AH78) -> 0 | AI79: =SUM(AI73:AI78) -> 0 | AK79: =SUM(AK73:AK78) -> 200000 | AM79: =SUM(AM73:AM78) -> 198000 | AN79: =SUM(AN73:AN78) -> 2000 | AO79: =SUM(AO73:AO78) -> 1.18 | AP79: =SUM(AP73:AP78) -> 0 | AQ79: =SUM(AQ73:AQ78) -> 0 | AS79: =SUM(AS73:AS78) -> 200000 | AU79: =SUM(AU73:AU78) -> 118000 | AV79: =SUM(AV73:AV78) -> 4000 | AW79: =SUM(AW73:AW78) -> 0.68 | AX79: =SUM(AX73:AX78) -> 3000 | AY79: =SUM(AY73:AY78) -> 0 | BA79: =SUM(BA73:BA78) -> 125000
A81: MRB4 Eco | B81: Suzanne Femmer | C81: OZRK | E81: Lead author | F81: 0 | G81: 0 | H81: 0 | I81: 0 | J81: 0 | L81: =F81+G81+I81+J81 -> 0 | N81: 64920 | O81: 0 | P81: 0.5 | Q81: 0 | R81: 0 | T81: 1 | U81: =N81+O81+Q81+R81 -> 64920 | W81: 31200 | X81: 0 | Y81: 0.2 | Z81: 2500 | AA81: 0 | AC81: =W81+X81+Z81+AA81 -> 33700 | AE81: 0 | AF81: 0 | AG81: 0 | AH81: 0 | AI81: 0 | AK81: =AE81+AF81+AH81+AI81 -> 0 | AM81: 0 | AN81: 0 | AO81: 0 | AP81: 0 | AQ81: 0 | AS81: =AM81+AN81+AP81+AQ81 -> 0 | AU81: 0 | AV81: 0 | AW81: 0 | AX81: 0 | AY81: 0 | BA81: =AU81+AV81+AX81+AY81 -> 0
A82: MRB4 Eco | B82: Daniel Ginting | C82: CNBR | E82: Author | F82: 0 | G82: 0 | H82: 0 | I82: 0 | J82: 0 | L82: =F82+G82+I82+J82 -> 0 | N82: 60000 | O82: 0 | P82: 0.5 | Q82: 0 | R82: 0 | T82: 1 | U82: =N82+O82+Q82+R82 -> 60000 | W82: 27500 | X82: 0 | Y82: 0.18 | Z82: 0 | AA82: 0 | AC82: =W82+X82+Z82+AA82 -> 27500 | AE82: 0 | AF82: 0 | AG82: 0 | AH82: 0 | AI82: 0 | AK82: =AE82+AF82+AH82+AI82 -> 0 | AM82: 0 | AN82: 0 | AO82: 0 | AP82: 0 | AQ82: 0 | AS82: =AM82+AN82+AP82+AQ82 -> 0 | AU82: 0 | AV82: 0 | AW82: 0 | AX82: 0 | AY82: 0 | BA82: =AU82+AV82+AX82+AY82 -> 0
L83: =F83+G83+I83+J83 -> 0 | U83: =N83+O83+Q83+R83 -> 0 | AK83: =AE83+AF83+AH83+AI83 -> 0 | AS83: =AM83+AN83+AP83+AQ83 -> 0 | BA83: =AU83+AV83+AX83+AY83 -> 0
A84: MRB4 Eco | B84: FY TOTALS | F84: =SUM(F81:F83) -> 0 | G84: =SUM(G81:G83) -> 0 | H84: =SUM(H81:H83) -> 0 | I84: =SUM(I81:I83) -> 0 | J84: =SUM(J81:J83) -> 0 | L84: =SUM(L81:L83) -> 0 | N84: =SUM(N81:N83) -> 124920 | O84: =SUM(O81:O83) -> 0 | P84: =SUM(P81:P83) -> 1 | Q84: =SUM(Q81:Q83) -> 0 | R84: =SUM(R81:R83) -> 0 | U84: =SUM(U81:U83) -> 124920 | W84: =SUM(W81:W83) -> 58700 | X84: =SUM(X81:X83) -> 0 | Y84: =SUM(Y81:Y83) -> 0.38 | Z84: =SUM(Z81:Z83) -> 2500 | AA84: =SUM(AA81:AA83) -> 0 | AC84: =SUM(AC81:AC83) -> 61200 | AE84: =SUM(AE81:AE83) -> 0 | AF84: =SUM(AF81:AF83) -> 0 | AG84: =SUM(AG81:AG83) -> 0 | AH84: =SUM(AH81:AH83) -> 0 | AI84: =SUM(AI81:AI83) -> 0 | AK84: =SUM(AK81:AK83) -> 0 | AM84: =SUM(AM81:AM83) -> 0 | AN84: =SUM(AN81:AN83) -> 0 | AO84: =SUM(AO81:AO83) -> 0 | AP84: =SUM(AP81:AP83) -> 0 | AQ84: =SUM(AQ81:AQ83) -> 0 | AS84: =SUM(AS81:AS83) -> 0 | AU84: =SUM(AU81:AU83) -> 0 | AV84: =SUM(AV81:AV83) -> 0 | AW84: =SUM(AW81:AW83) -> 0 | AX84: =SUM(AX81:AX83) -> 0 | AY84: =SUM(AY81:AY83) -> 0 | BA84: =SUM(BA81:BA83) -> 0
A86: MRB4 Functional Traits | B86: Bob Zuellig | C86: SPLT | E86: Author | F86: 0 | G86: 0 | H86: 0 | I86: 0 | J86: 0 | N86: 14000 | P86: 0.1 | T86: 1 | U86: =N86+O86+Q86+R86 -> 14000 | W86: 79200 | Y86: 0.55 | Z86: 2000 | AC86: =W86+X86+Z86+AA86 -> 81200 | AE86: 0 | AF86: 0 | AG86: 0 | AH86: 0 | AI86: 0 | AK86: =AE86+AF86+AH86+AI86 -> 0 | AM86: 0 | AN86: 0 | AO86: 0 | AP86: 0 | AQ86: 0 | AS86: =AM86+AN86+AP86+AQ86 -> 0 | AU86: 0 | AV86: 0 | AW86: 0 | AX86: 0 | AY86: 0 | BA86: =AU86+AV86+AX86+AY86 -> 0
A87: MRB4 Functional Traits | B87: Jim Bruce | C87: SPLT | E87: Author | F87: 0 | G87: 0 | H87: 0 | I87: 0 | J87: 0 | N87: 16000 | P87: 0.12 | T87: 1 | U87: =N87+O87+Q87+R87 -> 16000 | W87: 18800 | Y87: 0.13 | AC87: =W87+X87+Z87+AA87 -> 18800 | AE87: 0 | AF87: 0 | AG87: 0 | AH87: 0 | AI87: 0 | AK87: =AE87+AF87+AH87+AI87 -> 0 | AM87: 0 | AN87: 0 | AO87: 0 | AP87: 0 | AQ87: 0 | AS87: =AM87+AN87+AP87+AQ87 -> 0 | AU87: 0 | AV87: 0 | AW87: 0 | AX87: 0 | AY87: 0 | BA87: =AU87+AV87+AX87+AY87 -> 0
A89: MRB4 Functional Traits | B89: FY TOTALS | F89: =SUM(F86:F88) -> 0 | G89: =SUM(G86:G88) -> 0 | H89: =SUM(H86:H88) -> 0 | I89: =SUM(I86:I88) -> 0 | J89: =SUM(J86:J88) -> 0 | L89: =SUM(L86:L88) -> 0 | N89: =SUM(N86:N88) -> 30000 | O89: =SUM(O86:O88) -> 0 | P89: =SUM(P86:P88) -> 0.22 | Q89: =SUM(Q86:Q88) -> 0 | R89: =SUM(R86:R88) -> 0 | U89: =SUM(U86:U88) -> 30000 | W89: =SUM(W86:W88) -> 98000 | X89: =SUM(X86:X88) -> 0 | Y89: =SUM(Y86:Y88) -> 0.68 | Z89: =SUM(Z86:Z88) -> 2000 | AA89: =SUM(AA86:AA88) -> 0 | AC89: =SUM(AC86:AC88) -> 100000 | AE89: =SUM(AE86:AE88) -> 0 | AF89: =SUM(AF86:AF88) -> 0 | AG89: =SUM(AG86:AG88) -> 0 | AH89: =SUM(AH86:AH88) -> 0 | AI89: =SUM(AI86:AI88) -> 0 | AK89: =SUM(AK86:AK88) -> 0 | AM89: =SUM(AM86:AM88) -> 0 | AN89: =SUM(AN86:AN88) -> 0 | AO89: =SUM(AO86:AO88) -> 0 | AP89: =SUM(AP86:AP88) -> 0 | AQ89: =SUM(AQ86:AQ88) -> 0 | AS89: =SUM(AS86:AS88) -> 0 | AU89: =SUM(AU86:AU88) -> 0 | AV89: =SUM(AV86:AV88) -> 0 | AW89: =SUM(AW86:AW88) -> 0 | AX89: =SUM(AX86:AX88) -> 0 | AY89: =SUM(AY86:AY88) -> 0 | BA89: =SUM(BA86:BA88) -> 0
A91: MRB4 SPARROW model (RF1 scale) | B91: Jean Dupree | C91: SPLT | E91: Author | F91: 67344 | G91: 0 | H91: 0.4 | I91: 0 | J91: 2394 | K91: software | L91: =F91+G91+I91+J91 -> 69738 | N91: 55935 | O91: 1779 | P91: 0.4 | Q91: 0 | R91: 0 | T91: 1 | U91: =N91+O91+Q91+R91 -> 57714 | W91: 20880 | X91: 0 | Y91: 0.15 | Z91: 9333 | AA91: 0 | AC91: =W91+X91+Z91+AA91 -> 30213 | AE91: 0 | AF91: 0 | AG91: 0 | AH91: 0 | AI91: 26000 | AJ91: completion of journal article | AK91: =AE91+AF91+AH91+AI91 -> 26000 | AM91: 0 | AN91: 0 | AO91: 0 | AP91: 0 | AQ91: 0 | AS91: =AM91+AN91+AP91+AQ91 -> 0 | AU91: 0 | AV91: 0 | AW91: 0 | AX91: 0 | AY91: 0 | BA91: =AU91+AV91+AX91+AY91 -> 0
A92: MRB4 SPARROW model (RF1 scale) | B92: Lori Sprague | C92: SPLT | E92: Lead author | F92: 73283 | G92: 0 | H92: 0.5 | I92: 0 | J92: 800 | K92: training | L92: =F92+G92+I92+J92 -> 74083 | N92: 93096 | O92: 2000 | P92: 0.5 | Q92: 0 | R92: 0 | T92: 1 | U92: =N92+O92+Q92+R92 -> 95096 | W92: 66252 | X92: 0 | Y92: 0.35 | Z92: 0 | AA92: 0 | AC92: =W92+X92+Z92+AA92 -> 66252 | AE92: 0 | AF92: 0 | AG92: 0 | AH92: 0 | AI92: 0 | AK92: =AE92+AF92+AH92+AI92 -> 0 | AM92: 0 | AN92: 0 | AO92: 0 | AP92: 0 | AQ92: 0 | AS92: =AM92+AN92+AP92+AQ92 -> 0 | AU92: 0 | AV92: 0 | AW92: 0 | AX92: 0 | AY92: 0 | BA92: =AU92+AV92+AX92+AY92 -> 0
A93: MRB4 SPARROW model (RF1 scale) | B93: Laura Hallberg | C93: YELL | E93: Author | F93: 30607 | G93: 0 | H93: 0.2 | I93: 0 | J93: 0 | L93: =F93+G93+I93+J93 -> 30607 | N93: 0 | O93: 0 | P93: 0 | Q93: 0 | R93: 0 | T93: 1 | U93: =N93+O93+Q93+R93 -> 0 | W93: 0 | X93: 0 | Y93: 0 | Z93: 0 | AA93: 0 | AC93: =W93+X93+Z93+AA93 -> 0 | AE93: 0 | AF93: 0 | AG93: 0 | AH93: 0 | AI93: 0 | AK93: =AE93+AF93+AH93+AI93 -> 0 | AM93: 0 | AN93: 0 | AO93: 0 | AP93: 0 | AQ93: 0 | AS93: =AM93+AN93+AP93+AQ93 -> 0 | AU93: 0 | AV93: 0 | AW93: 0 | AX93: 0 | AY93: 0 | BA93: =AU93+AV93+AX93+AY93 -> 0
A94: MRB4 SPARROW model (RF1 scale) | B94: Julie Brown | C94: SPLT | E94: Author | AE94: 0 | AF94: 0 | AG94: 0 | AH94: 0 | AI94: 0 | AK94: =AE94+AF94+AH94+AI94 -> 0 | AM94: 0 | AN94: 0 | AO94: 0 | AP94: 0 | AQ94: 0 | AS94: =AM94+AN94+AP94+AQ94 -> 0 | AU94: 0 | AV94: 0 | AW94: 0 | AX94: 0 | AY94: 0 | BA94: =AU94+AV94+AX94+AY94 -> 0
L95: =F95+G95+I95+J95 -> 0 | U95: =N95+O95+Q95+R95 -> 0
A96: MRB4 SPARROW model (RF1 scale) | B96: FY TOTALS | F96: =SUM(F91:F95) -> 171234 | G96: =SUM(G91:G95) -> 0 | H96: =SUM(H91:H95) -> 1.1 | I96: =SUM(I91:I95) -> 0 | J96: =SUM(J91:J95) -> 3194 | L96: =SUM(L91:L95) -> 174428 | N96: =SUM(N91:N95) -> 149031 | O96: =SUM(O91:O95) -> 3779 | P96: =SUM(P91:P95) -> 0.9 | Q96: =SUM(Q91:Q95) -> 0 | R96: =SUM(R91:R95) -> 0 | U96: =SUM(U91:U95) -> 152810 | W96: =SUM(W91:W95) -> 87132 | X96: =SUM(X91:X95) -> 0 | Y96: =SUM(Y91:Y95) -> 0.5 | Z96: =SUM(Z91:Z95) -> 9333 | AA96: =SUM(AA91:AA95) -> 0 | AC96: =SUM(AC91:AC95) -> 96465 | AE96: =SUM(AE91:AE95) -> 0 | AF96: =SUM(AF91:AF95) -> 0 | AG96: =SUM(AG91:AG95) -> 0 | AH96: =SUM(AH91:AH95) -> 0 | AI96: =SUM(AI91:AI95) -> 26000 | AK96: =SUM(AK91:AK95) -> 26000 | AM96: =SUM(AM91:AM95) -> 0 | AN96: =SUM(AN91:AN95) -> 0 | AO96: =SUM(AO91:AO95) -> 0 | AP96: =SUM(AP91:AP95) -> 0 | AQ96: =SUM(AQ91:AQ95) -> 0 | AS96: =SUM(AS91:AS95) -> 0 | AU96: =SUM(AU91:AU95) -> 0 | AV96: =SUM(AV91:AV95) -> 0 | AW96: =SUM(AW91:AW95) -> 0 | AX96: =SUM(AX91:AX95) -> 0 | AY96: =SUM(AY91:AY95) -> 0 | BA96: =SUM(BA91:BA95) -> 0
F97: 0 | G97: 0 | H97: 0 | L97: =F97+G97+I97+J97 -> 0 | N97: 0 | O97: 0 | P97: 0 | U97: =N97+O97+Q97+R97 -> 0 | W97: 0 | X97: 0 | Y97: 0 | AC97: =W97+X97+Z97+AA97 -> 0 | AK97: =AE97+AF97+AH97+AI97 -> 0 | AS97: =AM97+AN97+AP97+AQ97 -> 0 | BA97: =AU97+AV97+AX97+AY97 -> 0
A98: MRB4 SPARROW model (NHD scale) | B98: Jean Dupree | C98: SPLT | E98: Author | F98: 0 | G98: 0 | H98: 0 | L98: =F98+G98+I98+J98 -> 0 | N98: 0 | O98: 0 | P98: 0 | U98: =N98+O98+Q98+R98 -> 0 | W98: 0 | X98: 0 | Y98: 0 | AC98: =W98+X98+Z98+AA98 -> 0 | AE98: 62950 | AG98: 0.42 | AI98: 850 | AJ98: supplies | AK98: =AE98+AF98+AH98+AI98 -> 63800 | AM98: 63700 | AO98: 0.4 | AQ98: 1800 | AR98: supplies | AS98: =AM98+AN98+AP98+AQ98 -> 65500 | BA98: =AU98+AV98+AX98+AY98 -> 0
A99: MRB4 SPARROW model (NHD scale) | B99: Julie Brown | C99: SPLT | E99: Author | F99: 0 | G99: 0 | H99: 0 | L99: =F99+G99+I99+J99 -> 0 | N99: 0 | O99: 0 | P99: 0 | U99: =N99+O99+Q99+R99 -> 0 | W99: 0 | X99: 0 | Y99: 0 | AC99: =W99+X99+Z99+AA99 -> 0 | AE99: 78000 | AG99: 0.54 | AI99: 900 | AJ99: software | AK99: =AE99+AF99+AH99+AI99 -> 78900 | AM99: 92600 | AO99: 0.6 | AQ99: 900 | AR99: software | AS99: =AM99+AN99+AP99+AQ99 -> 93500 | BA99: =AU99+AV99+AX99+AY99 -> 0
F100: 0 | G100: 0 | H100: 0 | L100: =F100+G100+I100+J100 -> 0 | N100: 0 | O100: 0 | P100: 0 | U100: =N100+O100+Q100+R100 -> 0 | W100: 0 | X100: 0 | Y100: 0 | AC100: =W100+X100+Z100+AA100 -> 0 | AK100: =AE100+AF100+AH100+AI100 -> 0 | AS100: =AM100+AN100+AP100+AQ100 -> 0 | BA100: =AU100+AV100+AX100+AY100 -> 0
A101: MRB4 SPARROW model (NHD scale) | B101: FY TOTALS | F101: =SUM(F98:F100) -> 0 | G101: =SUM(G98:G100) -> 0 | H101: =SUM(H98:H100) -> 0 | I101: =SUM(I98:I100) -> 0 | J101: =SUM(J98:J100) -> 0 | L101: =SUM(L98:L100) -> 0 | N101: =SUM(N98:N100) -> 0 | O101: =SUM(O98:O100) -> 0 | P101: =SUM(P98:P100) -> 0 | Q101: =SUM(Q98:Q100) -> 0 | R101: =SUM(R98:R100) -> 0 | U101: =SUM(U98:U100) -> 0 | W101: =SUM(W98:W100) -> 0 | X101: =SUM(X98:X100) -> 0 | Y101: =SUM(Y98:Y100) -> 0 | Z101: =SUM(Z98:Z100) -> 0 | AA101: =SUM(AA98:AA100) -> 0 | AC101: =SUM(AC98:AC100) -> 0 | AE101: =SUM(AE98:AE100) -> 140950 | AF101: =SUM(AF98:AF100) -> 0 | AG101: =SUM(AG98:AG100) -> 0.96 | AH101: =SUM(AH98:AH100) -> 0 | AI101: =SUM(AI98:AI100) -> 1750 | AK101: =SUM(AK98:AK100) -> 142700 | AM101: =SUM(AM98:AM100) -> 156300 | AN101: =SUM(AN98:AN100) -> 0 | AO101: =SUM(AO98:AO100) -> 1 | AP101: =SUM(AP98:AP100) -> 0 | AQ101: =SUM(AQ98:AQ100) -> 2700 | AS101: =SUM(AS98:AS100) -> 159000 | AU101: =SUM(AU98:AU100) -> 0 | AV101: =SUM(AV98:AV100) -> 0 | AW101: =SUM(AW98:AW100) -> 0 | AX101: =SUM(AX98:AX100) -> 0 | AY101: =SUM(AY98:AY100) -> 0 | BA101: =SUM(BA98:BA100) -> 0
A103: MRB4 Suspended Sediment Trends | B103: Dale Blevins | C103: ORZK | E103: Author | F103: 0 | G103: 0 | H103: 0 | I103: 0 | J103: 0 | L103: =F103+G103+I103+J103 -> 0 | N103: 0 | O103: 0 | P103: 0 | Q103: 0 | R103: 0 | T103: 1 | U103: =N103+O103+Q103+R103 -> 0 | W103: 98500 | X103: 0 | Y103: 0 | Z103: 0 | AA103: 0 | AC103: =W103+X103+Z103+AA103 -> 98500 | AE103: 38000 | AF103: 1500 | AG103: 0.3 | AH103: 5000 | AI103: 0 | AK103: =AE103+AF103+AH103+AI103 -> 44500 | AM103: 0 | AN103: 0 | AO103: 0 | AP103: 0 | AQ103: 0 | AS103: =AM103+AN103+AP103+AQ103 -> 0 | AU103: 0 | AV103: 0 | AW103: 0 | AX103: 0 | AY103: 0 | BA103: =AU103+AV103+AX103+AY103 -> 0
A104: MRB4 Suspended Sediment Trends | B104: Jerri Davis | C104: ORZK | E104: Author | F104: 0 | G104: 0 | H104: 0 | I104: 0 | J104: 0 | AE104: 41000 | AF104: 0 | AG104: 0.4 | AH104: 0 | AI104: 0 | AK104: =AE104+AF104+AH104+AI104 -> 41000 | AM104: 0 | AN104: 0 | AO104: 0 | AP104: 0 | AQ104: 0 | AS104: =AM104+AN104+AP104+AQ104 -> 0 | AU104: 0 | AV104: 0 | AW104: 0 | AX104: 0 | AY104: 0 | BA104: =AU104+AV104+AX104+AY104 -> 0
L105: =F105+G105+I105+J105 -> 0 | U105: =N105+O105+Q105+R105 -> 0
A106: MRB4 Suspended Sediment Trends | B106: FY TOTALS | F106: =SUM(F103:F105) -> 0 | G106: =SUM(G103:G105) -> 0 | H106: =SUM(H103:H105) -> 0 | I106: =SUM(I103:I105) -> 0 | J106: =SUM(J103:J105) -> 0 | K106: =SUM(K103:K105) -> 0 | L106: =SUM(L103:L105) -> 0 | N106: =SUM(N103:N105) -> 0 | O106: =SUM(O103:O105) -> 0 | P106: =SUM(P103:P105) -> 0 | Q106: =SUM(Q103:Q105) -> 0 | R106: =SUM(R103:R105) -> 0 | S106: =SUM(S103:S105) -> 0 | U106: =SUM(U103:U105) -> 0 | W106: =SUM(W103:W105) -> 98500 | X106: =SUM(X103:X105) -> 0 | Y106: =SUM(Y103:Y105) -> 0 | Z106: =SUM(Z103:Z105) -> 0 | AA106: =SUM(AA103:AA105) -> 0 | AB106: =SUM(AB103:AB105) -> 0 | AC106: =SUM(AC103:AC105) -> 98500 | AE106: =SUM(AE103:AE105) -> 79000 | AF106: =SUM(AF103:AF105) -> 1500 | AG106: =SUM(AG103:AG105) -> 0.7 | AH106: =SUM(AH103:AH105) -> 5000 | AI106: =SUM(AI103:AI105) -> 0 | AK106: =SUM(AK103:AK105) -> 85500 | AM106: =SUM(AM103:AM105) -> 0 | AN106: =SUM(AN103:AN105) -> 0 | AO106: =SUM(AO103:AO105) -> 0 | AP106: =SUM(AP103:AP105) -> 0 | AQ106: =SUM(AQ103:AQ105) -> 0 | AS106: =SUM(AS103:AS105) -> 0 | AU106: =SUM(AU103:AU105) -> 0 | AV106: =SUM(AV103:AV105) -> 0 | AW106: =SUM(AW103:AW105) -> 0 | AX106: =SUM(AX103:AX105) -> 0 | AY106: =SUM(AY103:AY105) -> 0 | BA106: =SUM(BA103:BA105) -> 0
A108: MRB46 Invertebrate trace metals | B108: Angela Paul | C108: NVBR | E108: Lead author | F108: 33700 | G108: 2000 | H108: 0.3 | I108: 0 | J108: 0 | L108: =F108+G108+I108+J108 -> 35700 | N108: 44620 | O108: 2000 | P108: 0.45 | Q108: 5000 | R108: 0 | T108: 1 | U108: =N108+O108+Q108+R108 -> 51620 | W108: 45850 | X108: 3000 | Y108: 0.35 | Z108: 7000 | AA108: 0 | AC108: =W108+X108+Z108+AA108 -> 55850 | AE108: 15538 | AF108: 0 | AG108: 0.077 | AH108: 0 | AI108: 0 | AK108: =AE108+AF108+AH108+AI108 -> 15538 | AM108: 0 | AN108: 0 | AO108: 0 | AP108: 0 | AQ108: 0 | AS108: =AM108+AN108+AP108+AQ108 -> 0 | AU108: 0 | AV108: 0 | AW108: 0 | AX108: 0 | AY108: 0 | BA108: =AU108+AV108+AX108+AY108 -> 0
A109: MRB46 Invertebrate trace metals | B109: Karen Thomas | C109: NVBR | E109: Author | F109: 21000 | G109: 2000 | H109: 0.15 | I109: 0 | J109: 0 | L109: =F109+G109+I109+J109 -> 23000 | N109: 0 | O109: 0 | P109: 0 | Q109: 0 | R109: 0 | T109: 1 | U109: =N109+O109+Q109+R109 -> 0 | W109: 0 | X109: 0 | Y109: 0 | Z109: 0 | AA109: 0 | AC109: =W109+X109+Z109+AA109 -> 0 | AE109: 0 | AF109: 0 | AG109: 0 | AH109: 0 | AI109: 0 | AK109: =AE109+AF109+AH109+AI109 -> 0 | AM109: 0 | AN109: 0 | AO109: 0 | AP109: 0 | AQ109: 0 | AS109: =AM109+AN109+AP109+AQ109 -> 0 | AU109: 0 | AV109: 0 | AW109: 0 | AX109: 0 | AY109: 0 | BA109: =AU109+AV109+AX109+AY109 -> 0
A110: MRB46 Invertebrate trace metals | B110: Toby Welborn | C110: NVBR | E110: Author | F110: 28000 | G110: 1000 | H110: 0.25 | I110: 0 | J110: 0 | L110: =F110+G110+I110+J110 -> 29000 | N110: 26640 | O110: 1000 | P110: 0.25 | Q110: 0 | R110: 0 | T110: 1 | U110: =N110+O110+Q110+R110 -> 27640 | W110: 0 | X110: 0 | Y110: 0 | Z110: 0 | AA110: 0 | AC110: =W110+X110+Z110+AA110 -> 0 | AE110: 0 | AF110: 0 | AG110: 0 | AH110: 0 | AI110: 0 | AK110: =AE110+AF110+AH110+AI110 -> 0 | AM110: 0 | AN110: 0 | AO110: 0 | AP110: 0 | AQ110: 0 | AS110: =AM110+AN110+AP110+AQ110 -> 0 | AU110: 0 | AV110: 0 | AW110: 0 | AX110: 0 | AY110: 0 | BA110: =AU110+AV110+AX110+AY110 -> 0
A111: MRB46 Invertebrate trace metals | B111: Suzanne Femmer | C111: OZRK | E111: Author | F111: 19600 | G111: 0 | H111: 0.15 | I111: 0 | J111: 0 | L111: =F111+G111+I111+J111 -> 19600 | N111: 0 | O111: 0 | P111: 0 | Q111: 0 | R111: 0 | T111: 1 | U111: =N111+O111+Q111+R111 -> 0 | W111: 0 | X111: 0 | Y111: 0 | Z111: 0 | AA111: 0 | AC111: =W111+X111+Z111+AA111 -> 0 | AE111: 0 | AF111: 0 | AG111: 0 | AH111: 0 | AI111: 0 | AK111: =AE111+AF111+AH111+AI111 -> 0 | AM111: 0 | AN111: 0 | AO111: 0 | AP111: 0 | AQ111: 0 | AS111: =AM111+AN111+AP111+AQ111 -> 0 | AU111: 0 | AV111: 0 | AW111: 0 | AX111: 0 | AY111: 0 | BA111: =AU111+AV111+AX111+AY111 -> 0
A112: MRB46 Invertebrate trace metals | B112: Anne Brasher | C112: GRSL | E112: Author | F112: 0 | G112: 0 | H112: 0 | I112: 0 | J112: 0 | L112: =F112+G112+I112+J112 -> 0 | N112: 47000 | O112: 4000 | P112: 0.25 | Q112: 0 | R112: 0 | T112: 1 | U112: =N112+O112+Q112+R112 -> 51000 | W112: 78400 | X112: 3000 | Y112: 0.4 | Z112: 0 | AA112: 0 | AC112: =W112+X112+Z112+AA112 -> 81400 | AE112: 0 | AF112: 0 | AG112: 0 | AH112: 15000 | AI112: 0 | AK112: =AE112+AF112+AH112+AI112 -> 15000 | AM112: 0 | AN112: 0 | AO112: 0 | AP112: 0 | AQ112: 0 | AS112: =AM112+AN112+AP112+AQ112 -> 0 | AU112: 0 | AV112: 0 | AW112: 0 | AX112: 0 | AY112: 0 | BA112: =AU112+AV112+AX112+AY112 -> 0
A113: MRB46 Invertebrate trace metals | B113: Christine Albano | C113: GRSL | E113: Author | F113: 28100 | G113: 0 | H113: 0.3 | I113: 0 | J113: 0 | L113: =F113+G113+I113+J113 -> 28100 | N113: 0 | O113: 0 | P113: 0 | Q113: 0 | R113: 0 | T113: 1 | U113: =N113+O113+Q113+R113 -> 0 | W113: 0 | X113: 0 | Y113: 0 | Z113: 0 | AA113: 0 | AC113: =W113+X113+Z113+AA113 -> 0 | AE113: 0 | AF113: 0 | AG113: 0 | AH113: 0 | AI113: 0 | AK113: =AE113+AF113+AH113+AI113 -> 0 | AM113: 0 | AN113: 0 | AO113: 0 | AP113: 0 | AQ113: 0 | AS113: =AM113+AN113+AP113+AQ113 -> 0 | AU113: 0 | AV113: 0 | AW113: 0 | AX113: 0 | AY113: 0 | BA113: =AU113+AV113+AX113+AY113 -> 0
A114: MRB46 Invertebrate trace metals | B114: Dorene MacCoy | C114: USNK | E114: Author | F114: 0 | G114: 0 | H114: 0 | I114: 0 | J114: 0 | N114: 44272 | O114: 0 | P114: 0.25 | Q114: 0 | R114: 0 | T114: 1 | U114: =N114+O114+Q114+R114 -> 44272 | W114: 44272 | Y114: 0.25 | Z114: 0 | AA114: 0 | AC114: =W114+X114+Z114+AA114 -> 44272 | AE114: 0 | AF114: 0 | AG114: 0 | AH114: 0 | AI114: 0 | AK114: =AE114+AF114+AH114+AI114 -> 0 | AM114: 0 | AN114: 0 | AO114: 0 | AP114: 0 | AQ114: 0 | AS114: =AM114+AN114+AP114+AQ114 -> 0 | AU114: 0 | AV114: 0 | AW114: 0 | AX114: 0 | AY114: 0 | BA114: =AU114+AV114+AX114+AY114 -> 0
A115: MRB46 Invertebrate trace metals | B115: Terry Maret | C115: USNK | E115: Author | F115: 0 | G115: 0 | H115: 0 | I115: 0 | J115: 0 | N115: 22920 | O115: 0 | P115: 0.1 | Q115: 0 | R115: 0 | T115: 1 | U115: =N115+O115+Q115+R115 -> 22920 | W115: 22920 | Y115: 0.1 | Z115: 0 | AA115: 0 | AC115: =W115+X115+Z115+AA115 -> 22920 | AE115: 0 | AF115: 0 | AG115: 0 | AH115: 0 | AI115: 0 | AK115: =AE115+AF115+AH115+AI115 -> 0 | AM115: 0 | AN115: 0 | AO115: 0 | AP115: 0 | AQ115: 0 | AS115: =AM115+AN115+AP115+AQ115 -> 0 | AU115: 0 | AV115: 0 | AW115: 0 | AX115: 0 | AY115: 0 | BA115: =AU115+AV115+AX115+AY115 -> 0
A116: MRB46 Invertebrate trace metals | B116: Quinn Cannon | C116: GRSL | E116: Author | F116: 0 | G116: 0 | H116: 0 | I116: 0 | J116: 0 | N116: 31720 | O116: 4000 | P116: 0.4 | Q116: 0 | R116: 0 | T116: 1 | U116: =N116+O116+Q116+R116 -> 35720 | W116: 31720 | X116: 3000 | Y116: 0.4 | Z116: 0 | AA116: 0 | AC116: =W116+X116+Z116+AA116 -> 34720 | AE116: 0 | AF116: 0 | AG116: 0 | AH116: 0 | AI116: 0 | AK116: =AE116+AF116+AH116+AI116 -> 0 | AM116: 0 | AN116: 0 | AO116: 0 | AP116: 0 | AQ116: 0 | AS116: =AM116+AN116+AP116+AQ116 -> 0 | AU116: 0 | AV116: 0 | AW116: 0 | AX116: 0 | AY116: 0 | BA116: =AU116+AV116+AX116+AY116 -> 0
A118: MRB46 Invertebrate trace metals | B118: FY TOTALS | F118: =SUM(F108:F117) -> 130400 | G118: =SUM(G108:G117) -> 5000 | H118: =SUM(H108:H117) -> 1.15 | I118: =SUM(I108:I117) -> 0 | J118: =SUM(J108:J117) -> 0 | L118: =SUM(L108:L117) -> 135400 | N118: =SUM(N108:N117) -> 217172 | O118: =SUM(O108:O117) -> 11000 | P118: =SUM(P108:P117) -> 1.7 | Q118: =SUM(Q108:Q117) -> 5000 | R118: =SUM(R108:R117) -> 0 | U118: =SUM(U108:U117) -> 233172 | W118: =SUM(W108:W117) -> 223162 | X118: =SUM(X108:X117) -> 9000 | Y118: =SUM(Y108:Y117) -> 1.5 | Z118: =SUM(Z108:Z117) -> 7000 | AA118: =SUM(AA108:AA117) -> 0 | AC118: =SUM(AC108:AC117) -> 239162 | AE118: =SUM(AE108:AE117) -> 15538 | AF118: =SUM(AF108:AF117) -> 0 | AG118: =SUM(AG108:AG117) -> 0.077 | AH118: =SUM(AH108:AH117) -> 15000 | AI118: =SUM(AI108:AI117) -> 0 | AK118: =SUM(AK108:AK117) -> 30538 | AM118: =SUM(AM108:AM117) -> 0 | AN118: =SUM(AN108:AN117) -> 0 | AO118: =SUM(AO108:AO117) -> 0 | AP118: =SUM(AP108:AP117) -> 0 | AQ118: =SUM(AQ108:AQ117) -> 0 | AS118: =SUM(AS108:AS117) -> 0 | AU118: =SUM(AU108:AU117) -> 0 | AV118: =SUM(AV108:AV117) -> 0 | AW118: =SUM(AW108:AW117) -> 0 | AX118: =SUM(AX108:AX117) -> 0 | AY118: =SUM(AY108:AY117) -> 0 | BA118: =SUM(BA108:BA117) -> 0
...

Sheet Total by report
A1: 40654 | J1: Total Cost
A2: Report Number | B2: Short Title | C2: Gross Costs for FY07 | D2: Gross Costs for FY08 | E2: Gross Costs for FY09 | F2: Gross Costs for FY10 | G2: Gross Costs for FY11 | H2: Gross Costs for FY12 | K2: Target Adjustment Factor | L2: FY07 Target | M2: FY08 Target | N2: FY09 Target | O2: FY10 Target | P2: FY11 Target | Q2: FY12 Target | R2: Target - Total | S2: Percent Over Target
A3: FY07 startup MRB reports
A4: MRB1 SPARROW model | B4: MRB1 SPARROW model | C4: ='MRB reports'!L8 -> 178000 | D4: ='MRB reports'!U8 -> 180000 | E4: ='MRB reports'!AC8 -> 170000 | F4: ='MRB reports'!AK8 -> 18400 | G4: ='MRB reports'!AS8 -> 0 | H4: ='MRB reports'!BA8 -> 0 | J4: =C4+D4+E4+F4+G4+H4 -> 546400 | K4: 1 | L4: =C4*K4 -> 178000 | M4: =D4*K4 -> 180000 | N4: =E4*K4 -> 170000 | O4: =F4*K4 -> 18400 | P4: =G4*K4 -> 0 | R4: =L4+M4+N4+O4+P4+Q4 -> 546400 | S4: =J4/R4-1 -> 0
A5: MRB1 Eastern Eco model | B5: MRB1 Eastern Eco model | C5: ='MRB reports'!L18 -> 0 | D5: ='MRB reports'!U18 -> 0 | E5: ='MRB reports'!AC18 -> 0 | F5: ='MRB reports'!AK18 -> 298870 | G5: ='MRB reports'!AS18 -> 333880 | H5: ='MRB reports'!BA18 -> 126500 | J5: =C5+D5+E5+F5+G5+H5 -> 759250 | K5: 1 | L5: =C5*K5 -> 0 | M5: =D5*K5 -> 0 | N5: =E5*K5 -> 0 | O5: =F5*K5 -> 298870 | P5: =G5*K5 -> 333880 | R5: =L5+M5+N5+O5+P5+Q5 -> 632750 | S5: =J5/R5-1 -> 0.19992098
A6: MRB13 Eco Trends | B6: MRB13 Eco Trends | C6: 0 | D6: ='MRB reports'!U31 -> 188887 | E6: ='MRB reports'!AC31 -> 211355 | F6: ='MRB reports'!AK31 -> 96635 | G6: ='MRB reports'!AS31 -> 0 | H6: ='MRB reports'!BA31 -> 0 | J6: =C6+D6+E6+F6+G6+H6 -> 496877 | K6: 1 | L6: =C6*K6 -> 0 | M6: =D6*K6 -> 188887 | N6: =E6*K6 -> 211355 | O6: =F6*K6 -> 96635 | P6: =G6*K6 -> 0 | R6: =L6+M6+N6+O6+P6+Q6 -> 496877 | S6: =J6/R6-1 -> 0
A7: MRB13 Mercury Trends | B7: MRB13 Mercury Trends | C7: ='MRB reports'!L23 -> 77810 | D7: ='MRB reports'!U23 -> 82305 | E7: ='MRB reports'!AC23 -> 50740 | F7: ='MRB reports'!AK23 -> 35036 | G7: ='MRB reports'!AS23 -> 0 | H7: ='MRB reports'!BA23 -> 0 | J7: =C7+D7+E7+F7+G7+H7 -> 245891 | K7: 1 | L7: =C7*K7 -> 77810 | M7: =D7*K7 -> 82305 | N7: =E7*K7 -> 50740 | O7: =F7*K7 -> 35036 | P7: =G7*K7 -> 0 | R7: =L7+M7+N7+O7+P7+Q7 -> 245891 | S7: =J7/R7-1 -> 0
A8: MRB2 Fish Community Change | B8: MRB2 Fish Community Change | C8: ='MRB reports'!L57 -> 0 | D8: ='MRB reports'!U57 -> 185172 | E8: ='MRB reports'!AC57 -> 155210 | F8: ='MRB reports'!AK57 -> 55889 | G8: ='MRB reports'!AS57 -> 0 | H8: ='MRB reports'!BA57 -> 0 | J8: =C8+D8+E8+F8+G8+H8 -> 396271 | K8: 1 | L8: =C8*K8 -> 0 | M8: =D8*K8 -> 185172 | N8: =E8*K8 -> 155210 | O8: =F8*K8 -> 55889 | P8: =G8*K8 -> 0 | R8: =L8+M8+N8+O8+P8+Q8 -> 396271 | S8: =J8/R8-1 -> 0
A9: MRB2 SPARROW model | B9: MRB2 SPARROW model | C9: ='MRB reports'!L40 -> 211906 | D9: ='MRB reports'!U40 -> 217864 | E9: ='MRB reports'!AC40 -> 246230 | F9: ='MRB reports'!AK40 -> 110038 | G9: ='MRB reports'!AS40 -> 0 | H9: ='MRB reports'!BA40 -> 0 | J9: =C9+D9+E9+F9+G9+H9 -> 786038 | K9: 1 | L9: =C9*K9 -> 211906 | M9: =D9*K9 -> 217864 | N9: =E9*K9 -> 246230 | O9: =F9*K9 -> 110038 | P9: =G9*K9 -> 0 | R9: =L9+M9+N9+O9+P9+Q9 -> 786038 | S9: =J9/R9-1 -> 0
A10: MRB1-2 SPARROW Circular | B10: MRB1-2 SPARROW Circular | C10: ='MRB reports'!L50 -> 0 | D10: ='MRB reports'!U50 -> 0 | E10: ='MRB reports'!AC50 -> 0 | F10: ='MRB reports'!AK50 -> 332800.77 | G10: ='MRB reports'!AS50 -> 464968.54 | H10: ='MRB reports'!BA50 -> 0 | J10: =C10+D10+E10+F10+G10+H10 -> 797769.31 | K10: 1 | L10: =C10*K10 -> 0 | M10: =D10*K10 -> 0 | N10: =E10*K10 -> 0 | O10: =F10*K10 -> 332800.77 | P10: =G10*K10 -> 464968.54 | R10: =L10+M10+N10+O10+P10+Q10 -> 797769.31 | S10: =J10/R10-1 -> 0
A11: MRB3 Algal indices | B11: MRB3 Algal indices | C11: ='MRB reports'!L64 -> 202880 | D11: ='MRB reports'!U64 -> 141630 | E11: ='MRB reports'!AC64 -> 0 | F11: ='MRB reports'!AK64 -> 22500 | G11: ='MRB reports'!AS64 -> 0 | H11: ='MRB reports'!BA64 -> 0 | J11: =C11+D11+E11+F11+G11+H11 -> 367010 | K11: 1 | L11: =C11*K11 -> 202880 | M11: =D11*K11 -> 141630 | N11: =E11*K11 -> 0 | O11: =F11*K11 -> 22500 | P11: =G11*K11 -> 0 | R11: =L11+M11+N11+O11+P11+Q11 -> 367010 | S11: =J11/R11-1 -> 0
A12: MRB3 SPARROW model (RF1 scale) | B12: MRB3 SPARROW model (RF1 scale) | C12: ='MRB reports'!L72 -> 140000 | D12: ='MRB reports'!U72 -> 170000.1 | E12: ='MRB reports'!AC72 -> 200000.1 | F12: ='MRB reports'!AK72 -> 35500 | G12: ='MRB reports'!AS72 -> 0 | H12: ='MRB reports'!BA72 -> 0 | J12: =C12+D12+E12+F12+G12+H12 -> 545500.2 | K12: 1 | L12: =C12*K12 -> 140000 | M12: =D12*K12 -> 170000.1 | N12: =E12*K12 -> 200000.1 | O12: =F12*K12 -> 35500 | P12: =G12*K12 -> 0 | R12: =L12+M12+N12+O12+P12+Q12 -> 545500.2 | S12: =J12/R12-1 -> 0
A13: MRB3 SPARROW model (NHD scale) | B13: MRB3 SPARROW model (NHD scale) | C13: ='MRB reports'!L79 -> 0 | D13: ='MRB reports'!U79 -> 0 | E13: ='MRB reports'!AC79 -> 0 | F13: ='MRB reports'!AK79 -> 200000 | G13: ='MRB reports'!AS79 -> 200000 | H13: ='MRB reports'!BA79 -> 125000 | J13: =C13+D13+E13+F13+G13+H13 -> 525000 | K13: 1 | L13: =C13*K13 -> 0 | M13: =D13*K13 -> 0 | N13: =E13*K13 -> 0 | O13: =F13*K13 -> 200000 | P13: =G13*K13 -> 200000 | R13: =L13+M13+N13+O13+P13+Q13 -> 400000 | S13: =J13/R13-1 -> 0.3125
A14: MRB4 SPARROW model (RF1 scale) | B14: MRB4 SPARROW model (RF1 scale) | C14: ='MRB reports'!L96 -> 174428 | D14: ='MRB reports'!U96 -> 152810 | E14: ='MRB reports'!AC96 -> 96465 | F14: ='MRB reports'!AK96 -> 26000 | G14: ='MRB reports'!AS96 -> 0 | H14: ='MRB reports'!BA96 -> 0 | J14: =C14+D14+E14+F14+G14+H14 -> 449703 | K14: 1 | L14: =C14*K14 -> 174428 | M14: =D14*K14 -> 152810 | N14: =E14*K14 -> 96465 | O14: =F14*K14 -> 26000 | P14: =G14*K14 -> 0 | R14: =L14+M14+N14+O14+P14+Q14 -> 449703 | S14: =J14/R14-1 -> 0
A15: MRB4 SPARROW model (NHD scale) | B15: MRB4 SPARROW model (NHD scale) | C15: ='MRB reports'!L101 -> 0 | D15: ='MRB reports'!U101 -> 0 | E15: ='MRB reports'!AC101 -> 0 | F15: ='MRB reports'!AK101 -> 142700 | G15: ='MRB reports'!AS101 -> 159000 | H15: ='MRB reports'!BA101 -> 0 | J15: =C15+D15+E15+F15+G15+H15 -> 301700 | K15: 1 | L15: =C15*K15 -> 0 | M15: =D15*K15 -> 0 | N15: =E15*K15 -> 0 | O15: =F15*K15 -> 142700 | P15: =G15*K15 -> 159000 | R15: =L15+M15+N15+O15+P15+Q15 -> 301700 | S15: =J15/R15-1 -> 0
A16: MRB4 Eco | B16: MRB4 Eco | C16: ='MRB reports'!L84 -> 0 | D16: ='MRB reports'!U84 -> 124920 | E16: ='MRB reports'!AC84 -> 61200 | F16: ='MRB reports'!AK84 -> 0 | G16: ='MRB reports'!AS84 -> 0 | H16: ='MRB reports'!BA84 -> 0 | J16: =C16+D16+E16+F16+G16+H16 -> 186120 | K16: 1 | L16: =C16*K16 -> 0 | M16: =D16*K16 -> 124920 | N16: =E16*K16 -> 61200 | O16: =F16*K16 -> 0 | P16: =G16*K16 -> 0 | R16: =L16+M16+N16+O16+P16+Q16 -> 186120 | S16: =J16/R16-1 -> 0
A17: MRB4 Sediment trends | B17: MRB4 Sediment trends | C17: ='MRB reports'!L106 -> 0 | D17: ='MRB reports'!U106 -> 0 | E17: ='MRB reports'!AC106 -> 98500 | F17: ='MRB reports'!AK106 -> 85500 | G17: ='MRB reports'!AS106 -> 0 | H17: ='MRB reports'!BA106 -> 0 | J17: =C17+D17+E17+F17+G17+H17 -> 184000 | K17: 1 | L17: =C17*K17 -> 0 | M17: =D17*K17 -> 0 | N17: =E17*K17 -> 98500 | O17: =F17*K17 -> 85500 | P17: =G17*K17 -> 0 | R17: =L17+M17+N17+O17+P17+Q17 -> 184000 | S17: =J17/R17-1 -> 0
A18: MRB4 Functional Traits | B18: MRB4 Functional Traits | C18: ='MRB reports'!L89 -> 0 | D18: ='MRB reports'!U89 -> 30000 | E18: ='MRB reports'!AC89 -> 100000 | F18: ='MRB reports'!AK89 -> 0 | G18: ='MRB reports'!AS89 -> 0 | H18: ='MRB reports'!BA89 -> 0 | J18: =C18+D18+E18+F18+G18+H18 -> 130000 | K18: 1 | L18: =C18*K18 -> 0 | M18: =D18*K18 -> 30000 | N18: =E18*K18 -> 100000 | O18: =F18*K18 -> 0 | P18: =G18*K18 -> 0 | R18: =L18+M18+N18+O18+P18+Q18 -> 130000 | S18: =J18/R18-1 -> 0
A19: MRB46 Invertebrate trace metals | B19: MRB46 Invertebrate trace metals | C19: ='MRB reports'!L118 -> 135400 | D19: ='MRB reports'!U118 -> 233172 | E19: ='MRB reports'!AC118 -> 239162 | F19: ='MRB reports'!AK118 -> 30538 | G19: ='MRB reports'!AS118 -> 0 | H19: ='MRB reports'!BA118 -> 0 | J19: =C19+D19+E19+F19+G19+H19 -> 638272 | K19: 1 | L19: =C19*K19 -> 135400 | M19: =D19*K19 -> 233172 | N19: =E19*K19 -> 239162 | O19: =F19*K19 -> 30538 | P19: =G19*K19 -> 0 | R19: =L19+M19+N19+O19+P19+Q19 -> 638272 | S19: =J19/R19-1 -> 0
A20: MRB4678 EcoTrends | B20: MRB4678 EcoTrends | C20: ='MRB reports'!L127 -> 0 | D20: ='MRB reports'!U127 -> 0 | E20: ='MRB reports'!AC127 -> 0 | F20: ='MRB reports'!AK127 -> 330150 | G20: ='MRB reports'!AS127 -> 358023 | H20: ='MRB reports'!BA127 -> 90387 | J20: =C20+D20+E20+F20+G20+H20 -> 778560 | K20: 1 | L20: =C20*K20 -> 0 | M20: =D20*K20 -> 0 | N20: =E20*K20 -> 0 | O20: =F20*K20 -> 330150 | P20: =G20*K20 -> 358023 | R20: =L20+M20+N20+O20+P20+Q20 -> 688173 | S20: =J20/R20-1 -> 0.13134343
A21: MRB5 SPARROW model (RF1 scale) | B21: MRB5 SPARROW model (RF1 scale) | C21: ='MRB reports'!L134 -> 178565 | D21: ='MRB reports'!U134 -> 181463 | E21: ='MRB reports'!AC134 -> 157174 | F21: ='MRB reports'!AK134 -> 6545 | G21: ='MRB reports'!AS134 -> 0 | H21: ='MRB reports'!BA134 -> 0 | J21: =C21+D21+E21+F21+G21+H21 -> 523747 | K21: 1 | L21: =C21*K21 -> 178565 | M21: =D21*K21 -> 181463 | N21: =E21*K21 -> 157174 | O21: =F21*K21 -> 6545 | P21: =G21*K21 -> 0 | R21: =L21+M21+N21+O21+P21+Q21 -> 523747 | S21: =J21/R21-1 -> 0
A22: MRB5 SPARROW model (NHD scale) | B22: MRB5 SPARROW model (NHD scale) | C22: ='MRB reports'!L140 -> 0 | D22: ='MRB reports'!U140 -> 0 | E22: ='MRB reports'!AC140 -> 0 | F22: ='MRB reports'!AK140 -> 181030 | G22: ='MRB reports'!AS140 -> 189824 | H22: ='MRB reports'!BA140 -> 199052 | J22: =C22+D22+E22+F22+G22+H22 -> 569906 | K22: 1 | L22: =C22*K22 -> 0 | M22: =D22*K22 -> 0 | N22: =E22*K22 -> 0 | O22: =F22*K22 -> 181030 | P22: =G22*K22 -> 189824 | R22: =L22+M22+N22+O22+P22+Q22 -> 370854 | S22: =J22/R22-1 -> 0.53673953
A23: MRB5 Eco Trends | B23: MRB5 Eco Trends | C23: ='MRB reports'!L149 -> 0 | D23: ='MRB reports'!U149 -> 187873 | E23: ='MRB reports'!AC149 -> 165725 | F23: ='MRB reports'!AK149 -> 50951 | G23: ='MRB reports'!AS149 -> 0 | H23: ='MRB reports'!BA149 -> 0 | J23: =C23+D23+E23+F23+G23+H23 -> 404549 | K23: 1 | L23: =C23*K23 -> 0 | M23: =D23*K23 -> 187873 | N23: =E23*K23 -> 165725 | O23: =F23*K23 -> 50951 | P23: =G23*K23 -> 0 | R23: =L23+M23+N23+O23+P23+Q23 -> 404549 | S23: =J23/R23-1 -> 0
A24: MRB6 Nutrient/sediment trends | B24: MRB6 Nutrient/sediment trends | C24: ='MRB reports'!L155 -> 116528 | D24: ='MRB reports'!U155 -> 0 | E24: ='MRB reports'!AC155 -> 0 | F24: ='MRB reports'!AK155 -> 0 | G24: ='MRB reports'!AS155 -> 0 | H24: ='MRB reports'!BA155 -> 0 | J24: =C24+D24+E24+F24+G24+H24 -> 116528 | K24: 1 | L24: =C24*K24 -> 116528 | M24: =D24*K24 -> 0 | N24: =E24*K24 -> 0 | O24: =F24*K24 -> 0 | P24: =G24*K24 -> 0 | R24: =L24+M24+N24+O24+P24+Q24 -> 116528 | S24: =J24/R24-1 -> 0
A25: MRB678 Eco model | B25: MRB678 Eco model | C25: ='MRB reports'!L168 -> 444876 | D25: ='MRB reports'!U168 -> 423075.46 | E25: ='MRB reports'!AC168 -> 241119 | F25: ='MRB reports'!AK168 -> 25000 | G25: ='MRB reports'!AS168 -> 0 | H25: ='MRB reports'!BA168 -> 0 | J25: =C25+D25+E25+F25+G25+H25 -> 1134070.5 | K25: 1 | L25: =C25*K25 -> 444876 | M25: =D25*K25 -> 423075.46 | N25: =E25*K25 -> 241119 | O25: =F25*K25 -> 25000 | P25: =G25*K25 -> 0 | R25: =L25+M25+N25+O25+P25+Q25 -> 1134070.5 | S25: =J25/R25-1 -> 0
A26: MRB7 SPARROW model | B26: MRB7 SPARROW model | C26: ='MRB reports'!L176 -> 115083 | D26: ='MRB reports'!U176 -> 152045.57 | E26: ='MRB reports'!AC176 -> 132615 | F26: ='MRB reports'!AK176 -> 164771 | G26: ='MRB reports'!AS176 -> 185078 | H26: ='MRB reports'!BA176 -> 0 | J26: =C26+D26+E26+F26+G26+H26 -> 749592.57 | K26: 1 | L26: =C26*K26 -> 115083 | M26: =D26*K26 -> 152045.57 | N26: =E26*K26 -> 132615 | O26: =F26*K26 -> 164771 | P26: =G26*K26 -> 185078 | R26: =L26+M26+N26+O26+P26+Q26 -> 749592.57 | S26: =J26/R26-1 -> 0
A27: MRB78 Pesticide trends | B27: MRB78 Pesticide trends | C27: ='MRB reports'!L184 -> 145030 | D27: ='MRB reports'!U184 -> 221180.52 | E27: ='MRB reports'!AC184 -> 123405 | F27: ='MRB reports'!AK184 -> 12500 | G27: ='MRB reports'!AS184 -> 0 | H27: ='MRB reports'!BA184 -> 0 | J27: =C27+D27+E27+F27+G27+H27 -> 502115.52 | K27: 1 | L27: =C27*K27 -> 145030 | M27: =D27*K27 -> 221180.52 | N27: =E27*K27 -> 123405 | O27: =F27*K27 -> 12500 | P27: =G27*K27 -> 0 | R27: =L27+M27+N27+O27+P27+Q27 -> 502115.52 | S27: =J27/R27-1 -> 0
A28: MRB8 SPARROW model | B28: MRB8 SPARROW model | C28: ='MRB reports'!L190 -> 0 | D28: ='MRB reports'!U190 -> 0 | E28: ='MRB reports'!AC190 -> 0 | F28: ='MRB reports'!AK190 -> 77400 | G28: ='MRB reports'!AS190 -> 281000 | H28: ='MRB reports'!BA190 -> 168900 | J28: =C28+D28+E28+F28+G28+H28 -> 527300 | K28: 1 | L28: =C28*K28 -> 0 | M28: =D28*K28 -> 0 | N28: =E28*K28 -> 0 | O28: =F28*K28 -> 77400 | P28: =G28*K28 -> 281000 | R28: =L28+M28+N28+O28+P28+Q28 -> 358400 | S28: =J28/R28-1 -> 0.47126116
C29: =SUM(C3:C28) -> 2120506 | D29: =SUM(D3:D28) -> 2872397.7 | E29: =SUM(E3:E28) -> 2448900.1 | F29: =SUM(F3:F28) -> 2338753.8 | G29: =SUM(G3:G28) -> 2171773.5 | H29: =SUM(H3:H28) -> 709839 | I29: =SUM(I3:I28) -> 0 | J29: =SUM(J3:J28) -> 12662170 | L29: =SUM(L3:L28) -> 2120506 | M29: =SUM(M3:M28) -> 2872397.7 | N29: =SUM(N3:N28) -> 2448900.1 | O29: =SUM(O3:O28) -> 2338753.8 | P29: =SUM(P3:P28) -> 2171773.5 | R29: =SUM(R3:R28) -> 11952331 | S29: =J29/R29-1 -> 0.059389168
K32: The target adjustment
K33: factor is the percentage
K34: adjustment needed for report
K35: budgets to meet the SW S&T
K36: allocation.

Sheet FY12 reports by SU
A1: Study Unit | B1: Person's Name | C1: Report Number | D1: Comments | E1: WSC Account Number | F1: Gross Salary + Benefits | G1: Travel (air fare, lodging, per diem) | H1: Publication costs | I1: Other costs | J1: Brief description of other costs | K1: Total hours | L1: FTE | M1: Total Gross Costs | N1: Adjustment Factor | O1: Target | P1: Total Study Unit Target | Q1: Requested for FY11 in SU budgets
A3: ACAD
A4: ACAD Total | P4: =SUM(O3:O3) -> 0
A6: ACFB
A7: ACFB Total | P7: =SUM(O6:O6) -> 0
A9: ALBE | B9: Tom Cuffney | C9: MRB1 Eastern Eco model | D9: Author | E9: 2510-CRM45 | F9: ='MRB reports'!AM16 -> 25000 | G9: ='MRB reports'!AN16 -> 1500 | H9: ='MRB reports'!AP157 -> 0 | I9: ='MRB reports'!AQ157 -> 0 | K9: =L9*2080 -> 208 | L9: ='MRB reports'!AO16 -> 0.1 | M9: =SUM(F9:I9) -> 26500 | N9: 1 | O9: =M9*N9 -> 26500 | Q9: 25000
A10: ALBE | B10: Ana Garcia | C10: MRB1-2 SPARROW Circular | E10: 2510-CRM45 | F10: ='MRB reports'!AM44 -> 72883.221 | G10: ='MRB reports'!AN44 -> 2444.1439 | H10: ='MRB reports'!AP44 -> 0 | I10: ='MRB reports'!AQ44 -> 0 | K10: =L10*2080 -> 1040 | L10: ='MRB reports'!AO44 -> 0.5 | M10: =SUM(F10:I10) -> 75327.365 | N10: 1 | O10: =M10*N10 -> 75327.365 | Q10: 75305
A11: ALBE Total | P11: =SUM(O9:O10) -> 101827.36 | Q11: =SUM(Q9:Q10) -> 100305
A13: CAZB | B13: Steve Wiele | C13: MRB4678 EcoTrends | D13: Author | F13: ='MRB reports'!AM125 -> 43019 | G13: ='MRB reports'!AN125 -> 2200 | H13: ='MRB reports'!AP125 -> 0 | I13: ='MRB reports'!AQ125 -> 0 | K13: =L13*2080 -> 416 | L13: ='MRB reports'!AO125 -> 0.2 | M13: =SUM(F13:I13) -> 45219 | N13: 1 | O13: =M13*N13 -> 45219
A14: CAZB Total | P14: =SUM(O13:O13) -> 45219 | Q14: 45243
A16: CCYK
A17: CCYK Total | P17: =SUM(O16:O16) -> 0
A19: CNBR
A20: CNBR Total | P20: =SUM(O19:O19) -> 0
A22: CONN
A23: CONN Total | P23: =SUM(O22:O22) -> 0
A25: DELR
A26: DELR Total | P26: =SUM(O25:O25) -> 0
A28: EIWA
A29: EIWA Total | P29: =SUM(O28:O28) -> 0
A31: GRSL | B31: Kim Jones | C31: MRB1 Eastern Eco model | D31: Author | E31: 9716-CRM21 | F31: ='MRB reports'!AM10 -> 23000 | G31: ='MRB reports'!AN10 -> 0 | H31: ='MRB reports'!AP10 -> 0 | I31: ='MRB reports'!AQ10 -> 0 | K31: =L31*2080 -> 520 | L31: ='MRB reports'!AO10 -> 0.25 | M31: =SUM(F31:I31) -> 23000 | N31: 1 | O31: =M31*N31 -> 23000 | Q31: 23026
A32: GRSL | B32: Anne Brasher | C32: MRB4678 EcoTrends | D32: Author | E32: 9716-CRM21 | F32: ='MRB reports'!AM120 -> 89314 | G32: ='MRB reports'!AN120 -> 4400 | H32: ='MRB reports'!AP120 -> 0 | I32: ='MRB reports'!AQ120 -> 0 | K32: =L32*2080 -> 936 | L32: ='MRB reports'!AO120 -> 0.45 | M32: =SUM(F32:I32) -> 93714 | N32: 1 | O32: =M32*N32 -> 93714 | Q32: 137376 | R32: Brasher taking Carpenter's (WILL) hours
A33: GRSL Total | P33: =SUM(O31:O32) -> 116714 | Q33: =SUM(Q31:Q32) -> 160402
A35: HDSN
A36: HDSN Total | P36: =SUM(O35:O35) -> 0
A38: LERI
A39: LERI Total | P39: =SUM(O38:O38) -> 0
A41: LINJ | B41: Jonathan Kennen | C41: MRB4678 EcoTrends | D41: Co-author | E41: 2454-CRM21 | F41: ='MRB reports'!AM122 -> 81407 | G41: ='MRB reports'!AN122 -> 2200 | H41: ='MRB reports'!AP25 -> 0 | I41: ='MRB reports'!AQ25 -> 0 | K41: =L41*2080 -> 728 | L41: ='MRB reports'!AO122 -> 0.35 | M41: =SUM(F41:I41) -> 83607 | N41: 1 | O41: =M41*N41 -> 83607 | Q41: 90731
A42: LINJ | B42: Jonathan Kennen | C42: MRB1 Eastern Eco model | D42: Co-author | E42: 2454-CRM24 | F42: ='MRB reports'!AM15 -> 65000 | G42: ='MRB reports'!AN15 -> 3000 | H42: ='MRB reports'!AP160 -> 0 | I42: ='MRB reports'!AQ160 -> 0 | K42: =L42*2080 -> 624 | L42: ='MRB reports'!AO15 -> 0.3 | M42: =SUM(F42:I42) -> 68000 | N42: 1 | O42: =M42*N42 -> 68000 | Q42: 79608
A43: LINJ Total | P43: =SUM(O41:O42) -> 151607 | Q43: =SUM(Q41:Q42) -> 170339
A45: LIRB | O45: =M45*N45 -> 0
A46: LIRB Total | P46: =SUM(O45:O45) -> 0
A48: MISE | B48: Richard Rebich | C48: MRB5 SPARROW model (NHD scale) | E48: 2507-CRM03 | F48: ='MRB reports'!AM136 -> 85428 | G48: ='MRB reports'!AN136 -> 2825 | H48: ='MRB reports'!AP136 -> 0 | I48: ='MRB reports'!AQ136 -> 1130 | K48: =L48*2096 -> 0 | L48: ='MRB reports'!AO130 -> 0 | M48: =SUM(F48:I48) -> 89383 | N48: 1 | O48: =M48*N48 -> 89383
A49: MISE Total | P49: =SUM(O48:O48) -> 89383 | Q49: 89375
A51: NECB | B51: Rich Moore | C51: MRB1-2 SPARROW Circular | E51: 2450-CRM23 | F51: ='MRB reports'!AM43 -> 87743.775 | G51: ='MRB reports'!AN43 -> 2715.904 | H51: ='MRB reports'!AP43 -> 0 | I51: ='MRB reports'!AQ43 -> 849 | J51: confererence registration | K51: =L51*2096 -> 838.4 | L51: ='MRB reports'!AO43 -> 0.4 | M51: =SUM(F51:I51) -> 91308.679 | N51: 1 | O51: =M51*N51 -> 91308.679
A52: NECB | B52: Craig Johnston | C52: MRB1-2 SPARROW Circular | E52: 2450-CRM23 | F52: ='MRB reports'!AM45 -> 51718.875 | G52: ='MRB reports'!AN45 -> 0 | H52: ='MRB reports'!AP45 -> 0 | I52: ='MRB reports'!AQ45 -> 0 | K52: =L52*2096 -> 628.8 | L52: ='MRB reports'!AO45 -> 0.3 | M52: =SUM(F52:I52) -> 51718.875 | N52: 1 | O52: =M52*N52 -> 51718.875
A53: NECB Total | P53: =SUM(O51:O52) -> 143027.55 | Q53: 143062
A55: NVBR
A56: NVBR Total | P56: =SUM(O55:O56) -> 0
A58: OZRK
A59: OZRK Total | P59: =SUM(O58:O58) -> 0
A61: PODL | B61: Scott Ator | C61: MRB1-2 SPARROW Circular | F61: ='MRB reports'!AM46 -> 91714.805 | G61: ='MRB reports'!AN46 -> 0 | H61: ='MRB reports'!AP46 -> 0 | I61: ='MRB reports'!AQ46 -> 0 | K61: =L61*2096 -> 838.4 | L61: ='MRB reports'!AO46 -> 0.4 | M61: =SUM(F61:I61) -> 91714.805 | N61: 1 | O61: =M61*N61 -> 91714.805
A62: PODL Total | P62: =SUM(O61:O61) -> 91714.805 | Q62: 91671
A64: PUGT
A65: PUGT Total | P65: =SUM(O64:O64) -> 0
A67: RIOG
A68: RIOG Total | P68: =SUM(O67:O67) -> 0
A70: SACR | B70: Joseph Domagalski | C70: MRB8 SPARROW model | D70: Author | E70: 9677-CRMSP | F70: ='MRB reports'!AM186 -> 74700 | G70: ='MRB reports'!AN186 -> 0 | H70: ='MRB reports'!AP186 -> 0 | I70: ='MRB reports'!AQ186 -> 2000 | J70: ='MRB reports'!AR186 -> computer costs | K70: 500 | L70: ='MRB reports'!AO186 -> 0.24 | M70: =SUM(F70:I70) -> 76700 | N70: 1 | O70: =M70*N70 -> 76700
A71: SACR | B71: Joseph Hevesi | C71: MRB8 SPARROW model | D71: Author | E71: 9677-CRMSP | F71: ='MRB reports'!AM187 -> 96800 | G71: ='MRB reports'!AN187 -> 0 | H71: ='MRB reports'!AP187 -> 0 | I71: ='MRB reports'!AQ187 -> 0 | K71: 800 | L71: ='MRB reports'!AO187 -> 0.39 | M71: =SUM(F71:I71) -> 96800 | N71: 1 | O71: =M71*N71 -> 96800
A72: SACR | B72: Dinah Saleh | C72: MRB8 SPARROW model | D72: Author | E72: 9677-CRMSP | F72: ='MRB reports'!AM188 -> 107500 | G72: ='MRB reports'!AN188 -> 0 | H72: ='MRB reports'!AP188 -> 0 | I72: ='MRB reports'!AQ188 -> 0 | K72: 1200 | L72: ='MRB reports'!AO188 -> 0.58 | M72: =SUM(F72:I72) -> 107500 | N72: 1 | O72: =M72*N72 -> 107500
A73: SACR Total | P73: =SUM(O70:O72) -> 281000 | Q73: 281540
A75: SANJ | B75: Jason May | C75: MRB4678 EcoTrends | D75: Author | E75: 9677-CRM86 | F75: ='MRB reports'!AM121 -> 56494 | G75: ='MRB reports'!AN121 -> 4400 | H75: ='MRB reports'!AP163 -> 0 | I75: ='MRB reports'!AQ163 -> 0 | K75: =L75*2096 -> 838.4 | L75: ='MRB reports'!AO121 -> 0.4 | M75: =SUM(F75:I75) -> 60894 | N75: 1 | O75: =M75*N75 -> 60894
A76: SANJ | B76: Donna Knifong | C76: MRB4678 EcoTrends | D76: Author | E76: 9677-CRM86 | F76: ='MRB reports'!AM123 -> 34876 | G76: ='MRB reports'!AN123 -> 2200 | H76: ='MRB reports'!AP164 -> 0 | I76: ='MRB reports'!AQ164 -> 0 | K76: =L76*2096 -> 419.2 | L76: ='MRB reports'!AO123 -> 0.2 | M76: =SUM(F76:I76) -> 37076 | N76: 1 | O76: =M76*N76 -> 37076 | Q76: 97479
A77: SANJ | B77: Larry Brown | C77: MRB1 Eastern Eco model | D77: Lead Author | E77: 9677-CRM86 | F77: ='MRB reports'!AM12 -> 29500 | G77: ='MRB reports'!AN12 -> 4500 | H77: ='MRB reports'!AP165 -> 0 | I77: ='MRB reports'!AQ165 -> 0 | K77: =L77*2096 -> 209.6 | L77: ='MRB reports'!AO12 -> 0.1 | M77: =SUM(F77:I77) -> 34000 | N77: 1 | O77: =M77*N77 -> 34000
A78: SANJ | B78: Jason May | C78: MRB1 Eastern Eco model | D78: Author | F78: ='MRB reports'!AM13 -> 45000 | G78: ='MRB reports'!AN13 -> 0 | H78: ='MRB reports'!AP13 -> 0 | I78: ='MRB reports'!AQ13 -> 0 | K78: =L78*2096 -> 628.8 | L78: ='MRB reports'!AO13 -> 0.3 | M78: =SUM(F78:I78) -> 45000 | N78: 1 | O78: =M78*N78 -> 45000
A79: SANJ | B79: Jim Orlando | C79: MRB1 Eastern Eco model | D79: Author | F79: ='MRB reports'!AM14 -> 36000 | G79: ='MRB reports'!AN14 -> 0 | H79: ='MRB reports'!AP14 -> 0 | I79: ='MRB reports'!AQ14 -> 0 | K79: =L79*2096 -> 733.6 | L79: ='MRB reports'!AO14 -> 0.35 | M79: =SUM(F79:I79) -> 36000 | N79: 1 | O79: =M79*N79 -> 36000 | Q79: 114616
A80: SANJ Total | P80: =SUM(O74:O80) -> 212970 | Q80: =SUM(Q75:Q79) -> 212095
A82: SOCA
A83: SOCA Total | P83: =SUM(O82:O82) -> 0
A85: SPLT | B85: Jean Dupree | C85: MRB4 SPARROW model (NHD scale) | D85: Author | F85: ='MRB reports'!AM98 -> 63700 | G85: ='MRB reports'!AN98 -> 0 | H85: ='MRB reports'!AP98 -> 0 | I85: ='MRB reports'!AQ98 -> 1800 | K85: =L85*2096 -> 838.4 | L85: ='MRB reports'!AO98 -> 0.4 | M85: =SUM(F85:I85) -> 65500 | N85: 1 | O85: =M85*N85 -> 65500
A86: SPLT | B86: Julie Brown | C86: MRB4 SPARROW model (NHD scale) | D86: Author | F86: ='MRB reports'!AM99 -> 92600 | G86: ='MRB reports'!AN99 -> 0 | H86: ='MRB reports'!AP99 -> 0 | I86: ='MRB reports'!AQ99 -> 900 | K86: =L86*2096 -> 1257.6 | L86: ='MRB reports'!AO99 -> 0.6 | M86: =SUM(F86:I86) -> 93500 | N86: 1 | O86: =M86*N86 -> 93500
A87: SPLT Total | P87: =SUM(O85:O86) -> 159000 | Q87: 159000
A89: TENN | B89: Editor | C89: MRB1-2 SPARROW Circular | F89: ='MRB reports'!AM47 -> 9213.1557 | G89: ='MRB reports'!AN47 -> 0 | H89: ='MRB reports'!AP47 -> 0 | I89: ='MRB reports'!AQ47 -> 0 | K89: =L89*2080 -> 124.8 | L89: ='MRB reports'!AO47 -> 0.06 | M89: =SUM(F89:I89) -> 9213.1557 | N89: 1 | O89: =M89*N89 -> 9213.1557
A90: TENN | B90: Graphic Designer | C90: MRB1-2 SPARROW Circular | F90: ='MRB reports'!AM48 -> 25209.021 | G90: ='MRB reports'!AN48 -> 0 | H90: ='MRB reports'!AP48 -> 0 | I90: ='MRB reports'!AQ48 -> 0 | K90: =L90*2080 -> 416 | L90: ='MRB reports'!AO48 -> 0.2 | M90: =SUM(F90:I90) -> 25209.021 | N90: 1 | O90: =M90*N90 -> 25209.021
A91: TENN | B91: Anne Hoos | C91: MRB1-2 SPARROW Circular | D91: Lead author | F91: ='MRB reports'!AM42 -> 117201.89 | G91: ='MRB reports'!AN42 -> 2494.7507 | H91: ='MRB reports'!AP42 -> 0 | I91: ='MRB reports'!AQ42 -> 780 | J91: confererence registration | K91: =L91*2080 -> 1248 | L91: ='MRB reports'!AO42 -> 0.6 | M91: =SUM(F91:I91) -> 120476.64 | N91: 1 | O91: =M91*N91 -> 120476.64
A92: TENN Total | P92: =SUM(O88:O91) -> 154898.82 | Q92: 155189
A94: TRIN | B94: Natalie Houston | C94: MRB5 SPARROW model (NHD) | D94: Author | F94: ='MRB reports'!AM138 -> 82813 | G94: ='MRB reports'!AN138 -> 0 | H94: ='MRB reports'!AP136 -> 0 | I94: ='MRB reports'!AQ138 -> 1210 | J94: SAS software | K94: =L94*2080 -> 1040 | L94: ='MRB reports'!AO136 -> 0.5 | M94: =SUM(F94:I94) -> 84023 | N94: 1 | O94: =M94*N94 -> 84023
A95: TRIN | B95: Sophia Hurtado | C95: MRB5 SPARROW model (NHD) | D95: Author | F95: ='MRB reports'!AM137 -> 16418 | G95: ='MRB reports'!AN137 -> 0 | H95: ='MRB reports'!AP137 -> 0 | I95: ='MRB reports'!AQ137 -> 0 | K95: =L95*2080 -> 520 | L95: ='MRB reports'!AO137 -> 0.25 | M95: =SUM(F95:I95) -> 16418 | N95: 1 | O95: =M95*N95 -> 16418
A96: TRIN Total | P96: =SUM(O94:O95) -> 100441 | Q96: 109427
A98: UCOL
A99: UCOL Total | P99: =SUM(O98:O98) -> 0
A101: UIRB
A102: UIRB Total | P102: =SUM(O101:O101) -> 0
A104: UMIS
A105: UMIS Total | P105: =SUM(O104:O104) -> 0
A107: USNK
A108: USNK Total | P108: =SUM(P107) -> 0
A110: WHMI
A111: WHMI Total | P111: =SUM(P110) -> 0
A113: WILL | B113: Hank Johnson | C113: MRB7 SPARROW model | Q113: 115078
A114: WILL | B114: Waite, Ian | C114: MRB1 Eastern Eco model | D114: Lead author | E114: 9711-CRM3D | F114: ='MRB reports'!AM11 -> 98380 | G114: ='MRB reports'!AN11 -> 3000 | H114: ='MRB reports'!AP11 -> 0 | I114: ='MRB reports'!AQ11 -> 0 | K114: =L114*2096 -> 314.4 | L114: ='MRB reports'!AO11 -> 0.15 | M114: =SUM(F114:I114) -> 101380 | N114: 1 | O114: =M114*N114 -> 101380 | Q114: 101380
A115: WILL | B115: Kurt Carpenter | C115: MRB4678 EcoTrends | D115: Lead author | E115: 9711-CRM3D | F115: ='MRB reports'!AM124 -> 35313 | G115: ='MRB reports'!AN124 -> 2200 | H115: ='MRB reports'!AP124 -> 0 | I115: ='MRB reports'!AQ124 -> 0 | K115: =L115*2096 -> 419.2 | L115: ='MRB reports'!AO124 -> 0.2 | M115: =SUM(F115:I115) -> 37513 | N115: 1 | O115: =M115*N115 -> 37513 | Q115: 0
A116: WILL Total | P116: =SUM(O114:O115) -> 138893 | Q116: =SUM(Q113:Q115) -> 216458
A118: WMIC | B118: Dale Robertson | C118: MRB3 SPARROW model (NHD) | D118: Author | F118: ='MRB reports'!AM74 -> 90000 | G118: ='MRB reports'!AN74 -> 2000 | H118: ='MRB reports'!AP74 -> 0 | I118: ='MRB reports'!AQ74 -> 0 | K118: =L118*2080 -> 1081.6 | L118: ='MRB reports'!AO74 -> 0.52 | M118: =SUM(F118:I118) -> 92000 | N118: 1 | O118: =M118*N118 -> 92000
A119: WMIC | B119: Dave Saad | C119: MRB3 SPARROW model (NHD) | D119: Author | F119: ='MRB reports'!AM75 -> 90000 | G119: ='MRB reports'!AN75 -> 0 | H119: ='MRB reports'!AP75 -> 0 | I119: ='MRB reports'!AQ75 -> 0 | K119: =L119*2080 -> 1081.6 | L119: ='MRB reports'!AO75 -> 0.52 | M119: =SUM(F119:I119) -> 90000 | N119: 1 | O119: =M119*N119 -> 90000
A120: WMIC | B120: James Kennedy | C120: MRB3 SPARROW model (NHD) | D120: Author | F120: ='MRB reports'!AM76 -> 18000 | G120: ='MRB reports'!AN76 -> 0 | H120: ='MRB reports'!AP76 -> 0 | I120: ='MRB reports'!AQ76 -> 0 | K120: =L120*2080 -> 291.2 | L120: ='MRB reports'!AO76 -> 0.14 | M120: =SUM(F120:I120) -> 18000 | N120: 1 | O120: =M120*N120 -> 18000
A121: WMIC Total | P121: =SUM(O117:O120) -> 200000 | Q121: 181883
A123: YELL
A124: YELL Total | P124: =SUM(O123:O123) -> 0
O126: =SUM(O1:O124) -> 1986695.5 | P126: =SUM(P1:P124) -> 1986695.5

Sheet MRB lead scientists
B1: Lead Scientist | C1: SUID / WSC | D1: Distributed Direct Charges (percent) | E1: District Overhead (percent) | F1: estimated FY12 Net Salary + Benefits ($/hr) | G1: FY12 Gross Salarly - 0.25 FTE
A2: MRB 1 | B2: Jonathan Kennen | C2: LINJ / NJ | D2: 0 | E2: 65.05 | F2: =G13 -> 72.49 | G2: =ROUND((0.25*2080)*F2*(1+D2/100)*(1+E2/100),0) -> 62215
A3: MRB 2 | B3: Anne Hoos | C3: TENN / TN | D3: 0 | E3: 45.78 | F3: =G14 -> 67.7 | G3: =ROUND((0.25*2080)*F3*(1+D3/100)*(1+E3/100),0) -> 51320
A4: MRB 3 | B4: Dan Sullivan | C4: WMIC / WI | D4: 0 | E4: 31.95 | F4: =G15 -> 59.13 | G4: =ROUND((0.25*2080)*F4*(1+D4/100)*(1+E4/100),0) -> 40571
A5: MRB 4 | B5: Jill Frankforter | C5: MT | D5: 0 | E5: 29.059 | F5: 59.43 | G5: =ROUND((0.25*2080)*F5*(1+D5/100)*(1+E5/100),0) -> 39884
A6: MRB 5 | B6: Patty Ging | C6: TRIN / TX | D6: 0 | E6: 53.65 | F6: =G17 -> 49.41 | G6: =ROUND((0.25*2080)*F6*(1+D6/100)*(1+E6/100),0) -> 39478
A7: MRB 6 | B7: Anne Brasher | C7: GRSL / UT | D7: 25 | E7: 23 | F7: =G18 -> 60 | G7: =ROUND((0.25*2080)*F7*(1+D7/100)*(1+E7/100),0) -> 47970
A8: MRB 7 | B8: vacant | C8: vacant | D8: 0 | E8: 0 | G8: =ROUND((0.25*2080)*F8*(1+D8/100)*(1+E8/100),0) -> 0
A9: MRB 8 | B9: Joe Domagalski | C9: SANJ / CA | D9: 4.53 | E9: 45.86 | F9: =G20 -> 98 | G9: =ROUND((0.25*2080)*F9*(1+D9/100)*(1+E9/100),0) -> 77697
G10: =SUM(G2:G9) -> 359135
F12: from FY11 Submitted budgets ($/hr) | G12: FY11 * 1.00
B13: Jonathan Kennen | F13: 72.49 | G13: =F13*1 -> 72.49
B14: Anne Hoos | F14: 67.7 | G14: =F14*1 -> 67.7
B15: Dan Sullivan | F15: 59.13 | G15: =F15*1 -> 59.13
B16: Jill Frankforter | F16: 59.43 | G16: =F16*1 -> 59.43
B17: Patty Ging | F17: 49.41 | G17: =F17*1 -> 49.41
B18: Anne Brasher | F18: 60 | G18: =F18*1 -> 60
B19: vacant | F19: 0 | G19: =F19*1 -> 0
B20: Joe Domagalski | F20: 98 | G20: =F20*1 -> 98

Sheet Total by SU
A1: SU | B1: REGION /GROUP | C1: MRB | D1: Project-wide management | E1: SW S&T QW Data Collection only | F1: SW QW Sample Analyses | G1: Stream Gaging | H1: SW S&T ECO Data Collection only | I1: SW ECO Sample Analyses | J1: SW S&T Reports and MRB lead scientist | L1: SU Total | M1: Funds to SU | N1: Total by region
A2: CONN | B2: N/01 | C2: 1 | D2: =(E2+G2+H2+J2)*0.075 -> 7551.9126 | E2: ='FY12 sampling by SU'!O8 -> 75515 | F2: ='FY12 sampling by SU'!N8 -> 12091.5 | G2: 0 | H2: ='FY12 sampling by SU'!R8 -> 25177.169 | I2: ='FY12 sampling by SU'!Q8 -> 8584.86 | J2: ='FY12 reports by SU'!P23 -> 0 | L2: =SUM(D2:J2) -> 128920.44 | M2: =D2+E2+G2+H2+J2 -> 108244.08
A3: PODL | B3: N/01 | C3: 1 | D3: =(E3+G3+H3+J3)*0.075 -> 25696.995 | E3: ='FY12 sampling by SU'!O11 -> 193443 | F3: ='FY12 sampling by SU'!N11 -> 49774.74 | G3: ='FY12 sampling by SU'!P11 -> 29692 | H3: ='FY12 sampling by SU'!R11 -> 27776.8 | I3: ='FY12 sampling by SU'!Q11 -> 8584.86 | J3: ='FY12 reports by SU'!P62 -> 91714.805 | L3: =SUM(D3:J3) -> 426683.2 | M3: =D3+E3+G3+H3+J3 -> 368323.6
A4: WHMI | B4: N/01 | C4: 3 | D4: =(E4+G4+H4+J4)*0.075 -> 17500.889 | E4: ='FY12 sampling by SU'!O15 -> 199154 | F4: ='FY12 sampling by SU'!N15 -> 49774.74 | G4: ='FY12 sampling by SU'!P15 -> 12552 | H4: ='FY12 sampling by SU'!R15 -> 21639.192 | I4: ='FY12 sampling by SU'!Q15 -> 8584.86 | J4: ='FY12 reports by SU'!P111 -> 0 | L4: =SUM(D4:J4) -> 309205.68 | M4: =D4+E4+G4+H4+J4 -> 250846.08
A5: WMIC | B5: N/01 | C5: 3 | D5: =(E5+G5+H5+J5)*0.075 -> 28220.491 | E5: ='FY12 sampling by SU'!O17 -> 81933 | F5: ='FY12 sampling by SU'!N17 -> 15965.57 | G5: ='FY12 sampling by SU'!P17 -> 14144 | H5: ='FY12 sampling by SU'!R17 -> 39625.208 | I5: ='FY12 sampling by SU'!Q17 -> 8584.86 | J5: ='FY12 reports by SU'!P121+'MRB lead scientists'!G4 -> 240571 | L5: =SUM(D5:J5) -> 429044.13 | M5: =D5+E5+G5+H5+J5 -> 404493.7
A6: HDSN | B6: N/04 | C6: 1 | D6: =(E6+G6+H6+J6)*0.075 -> 9101.2961 | E6: ='FY12 sampling by SU'!O19 -> 77820 | F6: ='FY12 sampling by SU'!N19 -> 15965.57 | G6: ='FY12 sampling by SU'!P19 -> 29600 | H6: ='FY12 sampling by SU'!R19 -> 13930.615 | I6: ='FY12 sampling by SU'!Q19 -> 4292.43 | J6: ='FY12 reports by SU'!P36 -> 0 | L6: =SUM(D6:J6) -> 150709.91 | M6: =D6+E6+G6+H6+J6 -> 130451.91
A7: LERI | B7: N/04 | C7: 3 | D7: =(E7+G7+H7+J7)*0.075 -> 11581.969 | E7: ='FY12 sampling by SU'!O20 -> 117473 | F7: ='FY12 sampling by SU'!N20 -> 19703.72 | G7: ='FY12 sampling by SU'!P20 -> 16328 | H7: ='FY12 sampling by SU'!R20 -> 20625.253 | I7: ='FY12 sampling by SU'!Q20 -> 4292.43 | J7: ='FY12 reports by SU'!P39 -> 0 | L7: =SUM(D7:J7) -> 190004.37 | M7: =D7+E7+G7+H7+J7 -> 166008.22
A8: LINJ | B8: N/04 | C8: 1 | D8: =(E8+G8+H8+J8)*0.075 -> 24281.325 | E8: ='FY12 sampling by SU'!O21 -> 109929 | F8: ='FY12 sampling by SU'!N21 -> 15965.57 | G8: ='FY12 sampling by SU'!P21 -> 0 | H8: ='FY12 sampling by SU'!R21 -> 0 | I8: ='FY12 sampling by SU'!Q21 -> 0 | J8: ='FY12 reports by SU'!P43+'MRB lead scientists'!G2 -> 213822 | L8: =SUM(D8:J8) -> 363997.9 | M8: =D8+E8+G8+H8+J8 -> 348032.33
A9: LIRB | B9: N/04 | C9: 3 | D9: =(E9+G9+H9+J9)*0.075 -> 6200.775 | E9: ='FY12 sampling by SU'!O22 -> 82677 | F9: ='FY12 sampling by SU'!N22 -> 19806.32 | G9: ='FY12 sampling by SU'!P22 -> 0 | H9: ='FY12 sampling by SU'!R22 -> 0 | I9: ='FY12 sampling by SU'!Q22 -> 0 | J9: ='FY12 reports by SU'!P46 -> 0 | L9: =SUM(D9:J9) -> 108684.09 | M9: =D9+E9+G9+H9+J9 -> 88877.775
A10: DELR | B10: N/07 | C10: 1 | D10: =(E10+G10+H10+J10)*0.075 -> 7367.8494 | E10: ='FY12 sampling by SU'!O34 -> 73004 | F10: ='FY12 sampling by SU'!N34 -> 12091.5 | G10: ='FY12 sampling by SU'!P34 -> 0 | H10: ='FY12 sampling by SU'!R34 -> 25233.993 | I10: ='FY12 sampling by SU'!Q34 -> 8584.86 | J10: ='FY12 reports by SU'!P26 -> 0 | L10: =SUM(D10:J10) -> 126282.2 | M10: =D10+E10+G10+H10+J10 -> 105605.84
A11: NECB | B11: N/07 | C11: 1 | D11: =(E11+G11+H11+J11)*0.075 -> 10727.067 | E11: ='FY12 sampling by SU'!O37 -> 0 | F11: ='FY12 sampling by SU'!N37 -> 0 | G11: 0 | H11: ='FY12 sampling by SU'!R37 -> 0 | I11: ='FY12 sampling by SU'!Q37 -> 0 | J11: ='FY12 reports by SU'!P53 -> 143027.55 | L11: =SUM(D11:J11) -> 153754.62 | M11: =D11+E11+G11+H11+J11 -> 153754.62
A12: UIRB | B12: N/07 | C12: 3 | D12: =(E12+G12+H12+J12)*0.075 -> 0 | E12: ='FY12 sampling by SU'!O42 -> 0 | F12: ='FY12 sampling by SU'!N42 -> 0 | G12: ='FY12 sampling by SU'!P42 -> 0 | H12: ='FY12 sampling by SU'!R42 -> 0 | I12: ='FY12 sampling by SU'!Q42 -> 0 | J12: ='FY12 reports by SU'!P102 -> 0 | L12: =SUM(D12:J12) -> 0 | M12: =D12+E12+G12+H12+J12 -> 0 | N12: =SUM(L2:L12) +M44 -> 2399783.5
A13: ACFB | B13: S/01 | C13: 2 | D13: =(E13+G13+H13+J13)*0.075 -> 15663.664 | E13: ='FY12 sampling by SU'!O4 -> 144625 | F13: ='FY12 sampling by SU'!N4 -> 43731.74 | G13: ='FY12 sampling by SU'!P4 -> 43920 | H13: ='FY12 sampling by SU'!R4 -> 20303.858 | I13: ='FY12 sampling by SU'!Q4 -> 8584.86 | J13: ='FY12 reports by SU'!P7 -> 0 | L13: =SUM(D13:J13) -> 276829.12 | M13: =D13+E13+G13+H13+J13 -> 224512.52
A14: ALBE | B14: S/01 | C14: 2 | D14: =(E14+G14+H14+J14)*0.075 -> 21632.455 | E14: ='FY12 sampling by SU'!O5 -> 156237 | F14: ='FY12 sampling by SU'!N5 -> 42334.24 | G14: ='FY12 sampling by SU'!P5 -> 14627 | H14: ='FY12 sampling by SU'!R5 -> 15741.365 | I14: ='FY12 sampling by SU'!Q5 -> 4292.43 | J14: ='FY12 reports by SU'!P11 -> 101827.36 | L14: =SUM(D14:J14) -> 356691.85 | M14: =D14+E14+G14+H14+J14 -> 310065.18
A15: GAFL | B15: S/01 | C15: 2 | D15: =(E15+G15+H15+J15)*0.075 -> 4884.15 | E15: ='FY12 sampling by SU'!O9 -> 65122 | F15: ='FY12 sampling by SU'!N9 -> 15447.02 | G15: 0 | H15: ='FY12 sampling by SU'!R9 -> 0 | I15: ='FY12 sampling by SU'!Q9 -> 0 | J15: 0 | L15: =SUM(D15:J15) -> 85453.17 | M15: =D15+E15+G15+H15+J15 -> 70006.15
A16: MISE | B16: S/04 | C16: 5 | D16: =(E16+G16+H16+J16)*0.075 -> 12642 | E16: ='FY12 sampling by SU'!O23 -> 79177 | F16: ='FY12 sampling by SU'!N23 -> 23841.74 | G16: ='FY12 sampling by SU'!P23 -> 0 | H16: ='FY12 sampling by SU'!R23 -> 0 | I16: ='FY12 sampling by SU'!Q23 -> 0 | J16: ='FY12 reports by SU'!P49 -> 89383 | L16: =SUM(D16:J16) -> 205043.74 | M16: =D16+E16+G16+H16+J16 -> 181202
A17: SANT | B17: S/04 | C17: 2 | D17: =(E17+G17+H17+J17)*0.075 -> 11159.583 | E17: ='FY12 sampling by SU'!O28 -> 61515 | F17: ='FY12 sampling by SU'!N28 -> 15447.02 | G17: ='FY12 sampling by SU'!P28 -> 51993 | H17: ='FY12 sampling by SU'!R28 -> 35286.436 | I17: ='FY12 sampling by SU'!Q28 -> 12877.29 | J17: 0 | L17: =SUM(D17:J17) -> 188278.33 | M17: =D17+E17+G17+H17+J17 -> 159954.02
A18: MOBL | B18: S/07 | C18: 2 | D18: =(E18+G18+H18+J18)*0.075 -> 7694.175 | E18: ='FY12 sampling by SU'!O36 -> 86053 | F18: ='FY12 sampling by SU'!N36 -> 15447.02 | G18: ='FY12 sampling by SU'!P36 -> 16536 | H18: ='FY12 sampling by SU'!R36 -> 0 | I18: ='FY12 sampling by SU'!Q36 -> 0 | J18: 0 | L18: =SUM(D18:J18) -> 125730.2 | M18: =D18+E18+G18+H18+J18 -> 110283.18
A19: SOFL | B19: S/07 | C19: 2 | D19: =(E19+G19+H19+J19)*0.075 -> 0 | E19: ='FY12 sampling by SU'!O39 -> 0 | F19: ='FY12 sampling by SU'!N39 -> 0 | G19: ='FY12 sampling by SU'!P39 -> 0 | H19: ='FY12 sampling by SU'!R39 -> 0 | I19: ='FY12 sampling by SU'!Q39 -> 0 | J19: 0 | L19: =SUM(D19:J19) -> 0 | M19: =D19+E19+G19+H19+J19 -> 0
A20: TENN | B20: S/07 | C20: 2 | D20: =(E20+G20+H20+J20)*0.075 -> 27930.661 | E20: ='FY12 sampling by SU'!O40 -> 149558 | F20: ='FY12 sampling by SU'!N40 -> 19703.72 | G20: ='FY12 sampling by SU'!P40 -> 16632 | H20: ='FY12 sampling by SU'!R40 -> 0 | I20: ='FY12 sampling by SU'!Q40 -> 0 | J20: ='FY12 reports by SU'!P92+'MRB lead scientists'!G3 -> 206218.82 | L20: =SUM(D20:J20) -> 420043.2 | M20: =D20+E20+G20+H20+J20 -> 400339.48 | N20: =SUM(L13:L20) -> 1658069.6
A21: HPGW | B21: C/01 | D21: =(E21+G21+H21+J21)*0.075 -> 0 | E21: 0 | F21: 0 | G21: 0 | H21: 0 | I21: 0 | J21: 0 | L21: =SUM(D21:J21) -> 0 | M21: =D21+E21+G21+H21+J21 -> 0
A22: CNBR | B22: C/01 | C22: 4 | D22: =(E22+G22+H22+J22)*0.075 -> 15424.165 | E22: ='FY12 sampling by SU'!O7 -> 163923 | F22: ='FY12 sampling by SU'!N7 -> 40490.63 | G22: ='FY12 sampling by SU'!P7 -> 12151 | H22: ='FY12 sampling by SU'!R7 -> 29581.533 | I22: ='FY12 sampling by SU'!Q7 -> 8584.86 | J22: ='FY12 reports by SU'!P20 -> 0 | L22: =SUM(D22:J22) -> 270155.19 | M22: =D22+E22+G22+H22+J22 -> 221079.7
A23: SPLT | B23: C/01 | C23: 4 | D23: =(E23+G23+H23+J23)*0.075 -> 11925 | E23: ='FY12 sampling by SU'!O13 -> 0 | F23: ='FY12 sampling by SU'!N13 -> 0 | G23: ='FY12 sampling by SU'!P13 -> 0 | H23: ='FY12 sampling by SU'!R13 -> 0 | I23: ='FY12 sampling by SU'!Q13 -> 0 | J23: ='FY12 reports by SU'!P87 -> 159000 | L23: =SUM(D23:J23) -> 170925 | M23: =D23+E23+G23+H23+J23 -> 170925
A24: TRIN | B24: C/01 | C24: 5 | D24: =(E24+G24+H24+J24)*0.075 -> 19679.04 | E24: ='FY12 sampling by SU'!O14 -> 99018 | F24: ='FY12 sampling by SU'!N14 -> 15447.02 | G24: ='FY12 sampling by SU'!P14 -> 0 | H24: ='FY12 sampling by SU'!R14 -> 23450.197 | I24: ='FY12 sampling by SU'!Q14 -> 4292.43 | J24: ='FY12 reports by SU'!P96+'MRB lead scientists'!G6 -> 139919 | L24: =SUM(D24:J24) -> 301805.69 | M24: =D24+E24+G24+H24+J24 -> 282066.24
A25: EIWA | B25: C/04 | C25: 3 | D25: =(E25+G25+H25+J25)*0.075 -> 15915.6 | E25: ='FY12 sampling by SU'!O18 -> 171536.5 | F25: ='FY12 sampling by SU'!N18 -> 53247.08 | G25: ='FY12 sampling by SU'!P18 -> 23587 | H25: ='FY12 sampling by SU'!R18 -> 17084.496 | I25: ='FY12 sampling by SU'!Q18 -> 4292.43 | J25: ='FY12 reports by SU'!P29 -> 0 | L25: =SUM(D25:J25) -> 285663.11 | M25: =D25+E25+G25+H25+J25 -> 228123.6
A26: OZRK | B26: C/04 | C26: 5 | D26: =(E26+G26+H26+J26)*0.075 -> 4547.0223 | E26: ='FY12 sampling by SU'!O24 -> 25942 | F26: ='FY12 sampling by SU'!N24 -> 3314.65 | G26: ='FY12 sampling by SU'!P24 -> 14872 | H26: ='FY12 sampling by SU'!R24 -> 19812.964 | I26: ='FY12 sampling by SU'!Q24 -> 4292.43 | J26: ='FY12 reports by SU'!P59 -> 0 | L26: =SUM(D26:J26) -> 72781.067 | M26: =D26+E26+G26+H26+J26 -> 65173.987
A27: RIOG | B27: C/04 | C27: 6 | D27: =(E27+G27+H27+J27)*0.075 -> 7132.9839 | E27: ='FY12 sampling by SU'!O26 -> 70195 | F27: ='FY12 sampling by SU'!N26 -> 12304.19 | G27: ='FY12 sampling by SU'!P26 -> 0 | H27: ='FY12 sampling by SU'!R26 -> 24911.452 | I27: ='FY12 sampling by SU'!Q26 -> 4292.43 | J27: ='FY12 reports by SU'!P68 -> 0 | L27: =SUM(D27:J27) -> 118836.06 | M27: =D27+E27+G27+H27+J27 -> 102239.44
A28: SCTX | B28: C/04 | C28: 5 | D28: =(E28+G28+H28+J28)*0.075 -> 7910.3702 | E28: ='FY12 sampling by SU'!O29 -> 78215 | F28: ='FY12 sampling by SU'!N29 -> 16929.28 | G28: ='FY12 sampling by SU'!P29 -> 0 | H28: ='FY12 sampling by SU'!R29 -> 27256.603 | I28: ='FY12 sampling by SU'!Q29 -> 8584.86 | J28: 0 | L28: =SUM(D28:J28) -> 138896.11 | M28: =D28+E28+G28+H28+J28 -> 113381.97
A29: UMIS | B29: C/04 | C29: 3 | D29: =(E29+G29+H29+J29)*0.075 -> 9307.1448 | E29: ='FY12 sampling by SU'!O30 -> 73830 | F29: ='FY12 sampling by SU'!N30 -> 15965.57 | G29: ='FY12 sampling by SU'!P30 -> 36264 | H29: ='FY12 sampling by SU'!R30 -> 14001.264 | I29: ='FY12 sampling by SU'!Q30 -> 4292.43 | J29: ='FY12 reports by SU'!P105 -> 0 | L29: =SUM(D29:J29) -> 153660.41 | M29: =D29+E29+G29+H29+J29 -> 133402.41
A30: ACAD | B30: C/07 | C30: 5 | D30: =(E30+G30+H30+J30)*0.075 -> 3866.5107 | E30: ='FY12 sampling by SU'!O32 -> 30475 | F30: ='FY12 sampling by SU'!N32 -> 3314.65 | G30: ='FY12 sampling by SU'!P32 -> 0 | H30: ='FY12 sampling by SU'!R32 -> 21078.477 | I30: ='FY12 sampling by SU'!Q32 -> 4292.43 | J30: ='FY12 reports by SU'!P4 -> 0 | L30: =SUM(D30:J30) -> 63027.067 | M30: =D30+E30+G30+H30+J30 -> 55419.987
A31: UCOL | B31: C/07 | C31: 6 | D31: =(E31+G31+H31+J31)*0.075 -> 4277.55 | E31: ='FY12 sampling by SU'!O41 -> 57034 | F31: ='FY12 sampling by SU'!N41 -> 8502.56 | G31: ='FY12 sampling by SU'!P41 -> 0 | H31: ='FY12 sampling by SU'!R41 -> 0 | I31: ='FY12 sampling by SU'!Q41 -> 0 | J31: ='FY12 reports by SU'!P99 -> 0 | L31: =SUM(D31:J31) -> 69814.11 | M31: =D31+E31+G31+H31+J31 -> 61311.55
A32: YELL | B32: C/07 | C32: 4 | D32: =(E32+G32+H32+J32)*0.075 -> 6090.662 | E32: ='FY12 sampling by SU'!O43 -> 54868 | F32: ='FY12 sampling by SU'!N43 -> 8502.56 | G32: ='FY12 sampling by SU'!P43 -> 0 | H32: ='FY12 sampling by SU'!R43 -> 26340.827 | I32: ='FY12 sampling by SU'!Q43 -> 4292.43 | J32: ='FY12 reports by SU'!P124 -> 0 | L32: =SUM(D32:J32) -> 100094.48 | M32: =D32+E32+G32+H32+J32 -> 87299.489 | N32: =SUM(L21:L32) + J47 -> 1785542.3
A33: CCYK | B33: W/01 | C33: 7 | D33: =(E33+G33+H33+J33)*0.075 -> 9846.1278 | E33: ='FY12 sampling by SU'!O6 -> 72044 | F33: ='FY12 sampling by SU'!N6 -> 12091.5 | G33: ='FY12 sampling by SU'!P6 -> 31036 | H33: ='FY12 sampling by SU'!R6 -> 28201.704 | I33: ='FY12 sampling by SU'!Q6 -> 8584.86 | J33: ='FY12 reports by SU'!P17 -> 0 | L33: =SUM(D33:J33) -> 161804.19 | M33: =D33+E33+G33+H33+J33 -> 141127.83
A34: NVBR | B34: W/01 | C34: 6 | D34: =(E34+G34+H34+J34)*0.075 -> 4984.2 | E34: ='FY12 sampling by SU'!O10 -> 66456 | F34: ='FY12 sampling by SU'!N10 -> 15447.02 | G34: ='FY12 sampling by SU'!P10 -> 0 | H34: ='FY12 sampling by SU'!R10 -> 0 | I34: ='FY12 sampling by SU'!Q10 -> 0 | J34: ='FY12 reports by SU'!P56 -> 0 | L34: =SUM(D34:J34) -> 86887.22 | M34: =D34+E34+G34+H34+J34 -> 71440.2
A35: SANJ | B35: W/01 | C35: 8 | D35: =(E35+G35+H35+J35)*0.075 -> 32894.727 | E35: ='FY12 sampling by SU'!O12 -> 98065 | F35: ='FY12 sampling by SU'!N12 -> 26769.96 | G35: ='FY12 sampling by SU'!P12 -> 18306 | H35: ='FY12 sampling by SU'!R12 -> 31558.364 | I35: ='FY12 sampling by SU'!Q12 -> 8584.86 | J35: ='FY12 reports by SU'!P80+'MRB lead scientists'!G9 -> 290667 | L35: =SUM(D35:J35) -> 506845.91 | M35: =D35+E35+G35+H35+J35 -> 471491.09
A36: WILL | B36: W/01 | C36: 7 | D36: =(E36+G36+H36+J36)*0.075 -> 27525.007 | E36: ='FY12 sampling by SU'!O16 -> 175670 | F36: ='FY12 sampling by SU'!N16 -> 41934.36 | G36: ='FY12 sampling by SU'!P16 -> 37930 | H36: ='FY12 sampling by SU'!R16 -> 14507.091 | I36: ='FY12 sampling by SU'!Q16 -> 4292.43 | J36: ='FY12 reports by SU'!P116+'MRB lead scientists'!G8 -> 138893 | L36: =SUM(D36:J36) -> 440751.89 | M36: =D36+E36+G36+H36+J36 -> 394525.1
A37: PUGT | B37: W/04 | C37: 7 | D37: =(E37+G37+H37+J37)*0.075 -> 1722.377 | E37: ='FY12 sampling by SU'!O25 -> 0 | F37: ='FY12 sampling by SU'!N25 -> 0 | G37: ='FY12 sampling by SU'!P25 -> 14860 | H37: ='FY12 sampling by SU'!R25 -> 8105.0268 | I37: ='FY12 sampling by SU'!Q25 -> 4292.43 | J37: ='FY12 reports by SU'!P65 -> 0 | L37: =SUM(D37:J37) -> 28979.834 | M37: =D37+E37+G37+H37+J37 -> 24687.404
A38: SACR | B38: W/04 | C38: 8 | D38: =(E38+G38+H38+J38)*0.075 -> 30722.28 | E38: ='FY12 sampling by SU'!O27 -> 90774 | F38: ='FY12 sampling by SU'!N27 -> 17206.04 | G38: ='FY12 sampling by SU'!P27 -> 24693 | H38: ='FY12 sampling by SU'!R27 -> 13163.395 | I38: ='FY12 sampling by SU'!Q27 -> 4292.43 | J38: ='FY12 reports by SU'!P73 -> 281000 | L38: =SUM(D38:J38) -> 461851.15 | M38: =D38+E38+G38+H38+J38 -> 440352.68
A39: USNK | B39: W/04 | C39: 7 | D39: =(E39+G39+H39+J39)*0.075 -> 9008.8305 | E39: ='FY12 sampling by SU'!O31 -> 68093 | F39: ='FY12 sampling by SU'!N31 -> 12091.5 | G39: ='FY12 sampling by SU'!P31 -> 33910 | H39: ='FY12 sampling by SU'!R31 -> 18114.74 | I39: ='FY12 sampling by SU'!Q31 -> 4292.43 | J39: ='FY12 reports by SU'!P108 -> 0 | L39: =SUM(D39:J39) -> 145510.5 | M39: =D39+E39+G39+H39+J39 -> 129126.57
A40: CAZB | B40: W/07 | C40: 6 | D40: =(E40+G40+H40+J40)*0.075 -> 6465.9358 | E40: ='FY12 sampling by SU'!O33 -> 21880 | F40: ='FY12 sampling by SU'!N33 -> 3314.65 | G40: ='FY12 sampling by SU'!P33 -> 0 | H40: ='FY12 sampling by SU'!R33 -> 19113.478 | I40: ='FY12 sampling by SU'!Q33 -> 4292.43 | J40: ='FY12 reports by SU'!P14 -> 45219 | L40: =SUM(D40:J40) -> 100285.49 | M40: =D40+E40+G40+H40+J40 -> 92678.414
A41: GRSL | B41: W/07 | C41: 6 | D41: =(E41+G41+H41+J41)*0.075 -> 15583.697 | E41: ='FY12 sampling by SU'!O35 -> 19784 | F41: ='FY12 sampling by SU'!N35 -> 3314.65 | G41: ='FY12 sampling by SU'!P35 -> 15931 | H41: ='FY12 sampling by SU'!R35 -> 7383.6232 | I41: ='FY12 sampling by SU'!Q35 -> 4292.43 | J41: ='FY12 reports by SU'!P33+'MRB lead scientists'!G7 -> 164684 | L41: =SUM(D41:J41) -> 230973.4 | M41: =D41+E41+G41+H41+J41 -> 223366.32
A42: SOCA | B42: W/07 | C42: 8 | D42: =(E42+G42+H42+J42)*0.075 -> 6344.644 | E42: ='FY12 sampling by SU'!O38 -> 74252 | F42: ='FY12 sampling by SU'!N38 -> 15515.42 | G42: ='FY12 sampling by SU'!P38 -> 0 | H42: ='FY12 sampling by SU'!R38 -> 10343.254 | I42: ='FY12 sampling by SU'!Q38 -> 4292.43 | J42: ='FY12 reports by SU'!P83 -> 0 | L42: =SUM(D42:J42) -> 110747.75 | M42: =D42+E42+G42+H42+J42 -> 90939.898 | N42: =SUM(L33:L42) -> 2274637.3
A43: PIED | L43: =SUM(D43:J43) -> 0 | M43: =D43+E43+G43+H43+J43 -> 0
A44: MARI | G44: 12497 | L44: =SUM(D44:J44) -> 12497 | M44: =D44+E44+G44+H44+J44 -> 12497
A45: WEVO | L45: =SUM(D45:J45) -> 0 | M45: =D45+E45+G45+H45+J45 -> 0
A46: COOK | L46: =SUM(D46:J46) -> 0 | M46: =D46+E46+G46+H46+J46 -> 0
A47: MT WSC | J47: ='MRB lead scientists'!G5 -> 39884 | L47: =J47 -> 39884
A48: RTNS | C48: 0 | L48: =SUM(E48:J48) -> 0
A49: ARHN/CR | L49: =SUM(E49:J49) -> 0
A50: ARHN/NR | L50: =SUM(E50:J50) -> 0
A51: ARHN/SR | L51: =SUM(E51:J51) -> 0
A52: ARHN/WR | L52: =SUM(E52:J52) -> 0
A53: Coordinator | C53: 285500 | L53: =SUM(E53:J53) -> 0
A54: Asst. Coordinator | C54: 176123 | L54: =SUM(E54:J54) -> 0
A55: SPARROW GIS support | C55: 0
A56: SPARROW DSS Support | C56: 0
A57: SPARROW NHD Support | C57: 0
A58: SPARROW rollout | C58: 0
A59: MRB Communication Plan | C59: 0
A60: Analysis of Eco Variability Data | C60: 0
A61: Placeholder for MRB report printing | C61: 0
A62: Eco Contracts reserve | C62: 10000
A63: Eco Equipment Reserve | C63: 6000 | L63: =SUM(E63:J63) -> 0
A64: Electrofishing Training | C64: 0
A65: Special Eco Sampling (Reference sites) | C65: 0
A66: Pyrethriod Study (complete publications) | C66: 0
A68: Placeholder for SU Funds | L68: =SUM(E68:J68) -> 0
A69: FY11 tasks w/ FY10 funds | L69: =SUM(E69:J69) -> 0
A70: HQ Account (reserves) | L70: =SUM(E70:J70) -> 0
